Workbook
Name \0: #REF!
Name \0: #REF!
Name \a: #REF!
Name \a: #REF!
Name \c: [1]PLMUSEU!#REF!
Name \c: [1]PLMUSEU!#REF!
Name \d: '[2]Bm 8'!#REF!
Name \d: '[2]Bm 8'!#REF!
Name \f: #N/A
Name \I: #REF!
Name \I: #REF!
Name \p: #N/A
Name \q: '[2]Bm 8'!#REF!
Name \q: '[2]Bm 8'!#REF!
Name \S: [3]COMPOS1!#REF!
Name \S: [3]COMPOS1!#REF!
Name \x: [1]PLMUSEU!#REF!
Name \x: [1]PLMUSEU!#REF!
Name \z: [1]PLMUSEU!#REF!
Name \z: [1]PLMUSEU!#REF!
Name ______BOR1: '[2]Bm 8'!#REF!
Name ______BOR1: '[2]Bm 8'!#REF!
Name ____Ele200502: #REF!
Name ____Ele200502: #REF!
Name ____Ele200609: #REF!
Name ____Ele200609: #REF!
Name ____pv2: #REF!
Name ____pv2: #REF!
Name ____pv3: #REF!
Name ____pv3: #REF!
Name ____REV5: #REF!
Name ____REV5: #REF!
Name ____Ser200506: #REF!
Name ____Ser200506: #REF!
Name ____Ser200705: #REF!
Name ____Ser200705: #REF!
Name ____Ser200712: #REF!
Name ____Ser200712: #REF!
Name ____Ser201104: #REF!
Name ____Ser201104: #REF!
Name ____TR2: #REF!
Name ____TR2: #REF!
Name ____TR5: #REF!
Name ____TR5: #REF!
Name ___BOR1: '[2]Bm 8'!#REF!
Name ___BOR1: '[2]Bm 8'!#REF!
Name ___Ele200502: #REF!
Name ___Ele200502: #REF!
Name ___Ele200609: #REF!
Name ___Ele200609: #REF!
Name ___pv2: #REF!
Name ___pv2: #REF!
Name ___pv3: #REF!
Name ___pv3: #REF!
Name ___REV5: #REF!
Name ___REV5: #REF!
Name ___Ser200506: #REF!
Name ___Ser200506: #REF!
Name ___Ser200705: #REF!
Name ___Ser200705: #REF!

Sheet previsao
C2: Empresa: Anderson Soares Paulino e Cia Ltda | H2: Local da Obra | K2: PROCESSO LICITATÓRIO Nº 606 | M2: Período de medição | Q2: Boletim de medição nº
C3: Objeto Contratual: Pavimentação e Drenagem | H3: Rua São José | K3: CONCORRÊNCIA PÚBLICA Nº 22/2015
A5: BDI: | B5: 0.3 | C5: DADOS CONTRATUAIS | M5: DADOS DE MEDIÇÃO
A6: ITEM | B6: CÓDIGO | C6: DESCRIÇÃO DOS SERVIÇOS | D6: UNID. | E6: Quantidades | H6: Valor unit. S/ BDI | I6: Valor unit. C/ BDI | J6: Valores | M6: ACUMULADO ANTERIOR | O6: SALDO ANTERIOR | Q6: BM Atual | S6: SALDO ATUAL
E7: CONTR. | F7: T.A | G7: ACUM. | J7: CONTR. | K7: T.A | L7: ACUM. | M7: Quant. | N7: Valor | O7: Quant. | P7: Valor | Q7: Quant. | R7: Valor | S7: Quant. | T7: Valor
A8: 1 | C8: INSTALAÇÕES INICIAIS DA OBRA | J8: =SUM(J9:J15) -> 11729.12 | K8: =SUM(K9:K10) -> 0 | L8: =SUM(L9:L15) -> 11729.12 | N8: =SUM(N9:N15) -> #REF! | P8: =SUM(P9:P15) -> #REF! | R8: =SUM(R9:R15) -> 1572.1615 | T8: =SUM(T9:T15) -> #REF!
A9: 1.1 | B9: COMP | C9: FORNECIMENTO E COLOCAÇÃO DE PLACA DE OBRA EM CHAPA GALVANIZADA (3,00 X 1,50 M) | D9: UND | E9: 1 | G9: =E9+F9 -> 1 | H9: 626.29 | I9: =H9*(1+$B$5) -> 814.177 | J9: =E9*I9 -> 814.177 | K9: =F9*I9 -> 0 | L9: =J9+K9 -> 814.177 | M9: =#REF!+#REF!+#REF! -> #REF! | N9: =M9*I9 -> #REF! | O9: =G9-M9 -> #REF! | P9: =O9*I9 -> #REF! | R9: =Q9*I9 -> 0 | S9: =G9-(M9+Q9) -> #REF! | T9: =S9*I9 -> #REF!
A10: 1.2 | B10: MOB-DES-020 | C10: MOBILIZAÇÃO E DESMOBILIZAÇÃO DE OBRA - PARA OBRAS EXECUTADAS EM CENTROS URBANOS OU PRÓXIMOS DE CENTROS URBANOS ATÉ O VALOR DE 1.000.000,00 | D10: UND | E10: 1 | G10: =E10+F10 -> 1 | H10: 2317.91 | I10: =H10*(1+$B$5) -> 3013.283 | J10: =E10*I10 -> 3013.283 | K10: =F10*I10 -> 0 | L10: =J10+K10 -> 3013.283 | M10: =#REF!+#REF!+#REF! -> #REF! | N10: =M10*I10 -> #REF! | O10: =G10-M10 -> #REF! | P10: =O10*I10 -> #REF! | Q10: 0.5 | R10: =Q10*I10 -> 1506.6415 | S10: =G10-(M10+Q10) -> #REF! | T10: =S10*I10 -> #REF!
A11: 1.3 | B11: IIO-BAR-046 | C11: BARRACÃO DE OBRA, INCLUSIVE SANITÁRIOS | D11: M2 | E11: 18 | G11: =E11+F11 -> 18 | H11: 252.02 | I11: =H11*(1+$B$5) -> 327.626 | J11: =E11*I11 -> 5897.268 | K11: =F11*I11 -> 0 | L11: =J11+K11 -> 5897.268 | M11: =#REF!+#REF!+#REF! -> #REF! | N11: =M11*I11 -> #REF! | O11: =G11-M11 -> #REF! | P11: =O11*I11 -> #REF! | R11: =Q11*I11 -> 0 | S11: =G11-(M11+Q11) -> #REF! | T11: =S11*I11 -> #REF!
A12: 1.4 | B12: IIO-LIG-015 | C12: LIGAÇÃO PROVISÓRIA DE ÁGUA E ESGOTO | D12: UND | E12: 1 | G12: =E12+F12 -> 1 | H12: 341.79 | I12: =H12*(1+$B$5) -> 444.327 | J12: =E12*I12 -> 444.327 | K12: =F12*I12 -> 0 | L12: =J12+K12 -> 444.327 | M12: =#REF!+#REF!+#REF! -> #REF! | N12: =M12*I12 -> #REF! | O12: =G12-M12 -> #REF! | P12: =O12*I12 -> #REF! | R12: =Q12*I12 -> 0 | S12: =G12-(M12+Q12) -> #REF! | T12: =S12*I12 -> #REF!
A13: 1.5 | B13: IIO-TAP-025 | C13: TAPUME COM TELA DE POLIETILENO | D13: M2 | E13: 100 | G13: =E13+F13 -> 100 | H13: 7.13 | I13: =H13*(1+$B$5) -> 9.269 | J13: =E13*I13 -> 926.9 | K13: =F13*I13 -> 0 | L13: =J13+K13 -> 926.9 | M13: =#REF!+#REF!+#REF! -> #REF! | N13: =M13*I13 -> #REF! | O13: =G13-M13 -> #REF! | P13: =O13*I13 -> #REF! | R13: =Q13*I13 -> 0 | S13: =G13-(M13+Q13) -> #REF! | T13: =S13*I13 -> #REF!
A14: 1.6 | B14: COMP | C14: CONFECÇÃO DE FAIXA EM TNT COM LOGO, PARA SINALIZAÇÃO DE VIA (5,00X0,60) PADRÃO PREFEITURA | D14: UND | E14: 4 | G14: =E14+F14 -> 4 | H14: 25.2 | I14: =H14*(1+$B$5) -> 32.76 | J14: =E14*I14 -> 131.04 | K14: =F14*I14 -> 0 | L14: =J14+K14 -> 131.04 | M14: =#REF!+#REF!+#REF! -> #REF! | N14: =M14*I14 -> #REF! | O14: =G14-M14 -> #REF! | P14: =O14*I14 -> #REF! | Q14: 2 | R14: =Q14*I14 -> 65.52 | S14: =G14-(M14+Q14) -> #REF! | T14: =S14*I14 -> #REF!
A15: 1.7 | B15: COMP | C15: PASSARELA PROVISÓRIA EM TABUAS E PONTALETES (1,50X1,50)m INCLUSIVE MONTAGEM, DESMONTAGEM E TRANSPORTE. | D15: UND | E15: 5 | G15: =E15+F15 -> 5 | H15: 77.25 | I15: =H15*(1+$B$5) -> 100.425 | J15: =E15*I15 -> 502.125 | K15: =F15*I15 -> 0 | L15: =J15+K15 -> 502.125 | M15: =#REF!+#REF!+#REF! -> #REF! | N15: =M15*I15 -> #REF! | O15: =G15-M15 -> #REF! | P15: =O15*I15 -> #REF! | R15: =Q15*I15 -> 0 | S15: =G15-(M15+Q15) -> #REF! | T15: =S15*I15 -> #REF!
A16: 2 | C16: OBRAS VIÁRIAS - PAVIMENTAÇÃO | J16: =SUM(J17:J24) -> 318150.67 | K16: =SUM(K17:K24) -> 0 | L16: =SUM(L17:L24) -> 318150.67 | M16: =#REF!+#REF!+#REF! -> #REF! | N16: =SUM(N17:N24) -> #REF! | P16: =SUM(P17:P24) -> #REF! | R16: =SUM(R17:R24) -> 74577.841 | T16: =SUM(T17:T24) -> #REF!
A17: 2.1 | B17: COMP | C17: REMOÇÃO DE PAVIMENTO EXISTENTE INCLUSIVE REMOÇÃO PARA BOTA FORA | D17: M2 | E17: 3423.5 | G17: =E17+F17 -> 3423.5 | H17: 3.76 | I17: =H17*(1+$B$5) -> 4.888 | J17: =E17*I17 -> 16734.068 | K17: =F17*I17 -> 0 | L17: =J17+K17 -> 16734.068 | M17: =#REF!+#REF!+#REF! -> #REF! | N17: =M17*I17 -> #REF! | O17: =G17-M17 -> #REF! | P17: =O17*I17 -> #REF! | Q17: =123*5 -> 615 | R17: =Q17*I17 -> 3006.12 | S17: =G17-(M17+Q17) -> #REF! | T17: =S17*I17 -> #REF!
A18: 2.2 | B18: TER-COR-005 | C18: CORTE E DESATERRO PARA REGULARIZAÇÃO E ARRASTAMENTO NIVELADO A CURTA DISTÃNCIA COM LÂMINA | D18: M3 | E18: 684.6 | G18: =E18+F18 -> 684.6 | H18: 2.06 | I18: =H18*(1+$B$5) -> 2.678 | J18: =E18*I18 -> 1833.3588 | K18: =F18*I18 -> 0 | L18: =J18+K18 -> 1833.3588 | M18: =#REF!+#REF!+#REF! -> #REF! | N18: =M18*I18 -> #REF! | O18: =G18-M18 -> #REF! | P18: =O18*I18 -> #REF! | R18: =Q18*I18 -> 0 | S18: =G18-(M18+Q18) -> #REF! | T18: =S18*I18 -> #REF!
A19: 2.3 | B19: OBR-VIA-130 | C19: REGULARIZAÇÃO DO SUBLEITO COM PROCTOR INTERMEDIÁRIO | D19: M2 | E19: 3423.5 | G19: =E19+F19 -> 3423.5 | H19: 0.89 | I19: =H19*(1+$B$5) -> 1.157 | J19: =E19*I19 -> 3960.9895 | K19: =F19*I19 -> 0 | L19: =J19+K19 -> 3960.9895 | M19: =#REF!+#REF!+#REF! -> #REF! | N19: =M19*I19 -> #REF! | O19: =G19-M19 -> #REF! | P19: =O19*I19 -> #REF! | Q19: =Q17 -> 615 | R19: =Q19*I19 -> 711.555 | S19: =G19-(M19+Q19) -> #REF! | T19: =S19*I19 -> #REF!
A20: 2.4 | B20: OBR-VIA-315 | C20: TRANSPORTE DE MATERIAL DE JAZIDA PARA CONSERVAÇÃO DMT DE 0 A 10 KM | D20: M³xKm | E20: 3423.5 | G20: =E20+F20 -> 3423.5 | H20: 0.8 | I20: =H20*(1+$B$5) -> 1.04 | J20: =E20*I20 -> 3560.44 | K20: =F20*I20 -> 0 | L20: =J20+K20 -> 3560.44 | M20: =#REF!+#REF!+#REF! -> #REF! | N20: =M20*I20 -> #REF! | O20: =G20-M20 -> #REF! | P20: =O20*I20 -> #REF! | Q20: =Q17 -> 615 | R20: =Q20*I20 -> 639.6 | S20: =G20-(M20+Q20) -> #REF! | T20: =S20*I20 -> #REF!
A21: 2.5 | B21: OBR-VIA-135 | C21: EXECUÇÃO DE REFORÇO DO SUBLEITO, INCLUINDO ESCAVAÇÃO, CARGA, DESCARGA, HOMOGENIZAÇÃO, UMIDECIMENTO, ESPALHAMENTO E COMPACTAÇÃO DE MATERIAL (PROCTOR INTERMEDIÁRIO) | D21: M3 | E21: 342.3 | G21: =E21+F21 -> 342.3 | H21: 7.08 | I21: =H21*(1+$B$5) -> 9.204 | J21: =E21*I21 -> 3150.5292 | K21: =F21*I21 -> 0 | L21: =J21+K21 -> 3150.5292 | M21: =#REF!+#REF!+#REF! -> #REF! | N21: =M21*I21 -> #REF! | O21: =G21-M21 -> #REF! | P21: =O21*I21 -> #REF! | Q21: =Q17*0.1 -> 61.5 | R21: =Q21*I21 -> 566.046 | S21: =G21-(M21+Q21) -> #REF! | T21: =S21*I21 -> #REF!
A22: 2.6 | B22: OBR-VIA-205 | C22: EXECUÇÃO DE PAVIMENTO EM CALÇAMENTO DE PARALELEPÍPEDO, INCLUINDO FORNECIMENTO DE TODOS OS MATERIAIS, COLCHÃO DE ASSENTAMENTO; INCLUSIVE O TRANSPORTE DO PARALELEPÍPEDO | D22: m² | E22: 2770 | G22: =E22+F22 -> 2770 | H22: 59.6 | I22: =H22*(1+$B$5) -> 77.48 | J22: =E22*I22 -> 214619.6 | K22: =F22*I22 -> 0 | L22: =J22+K22 -> 214619.6 | M22: =#REF!+#REF!+#REF! -> #REF! | N22: =M22*I22 -> #REF! | O22: =G22-M22 -> #REF! | P22: =O22*I22 -> #REF! | Q22: =16.5*6+800 -> 899 | R22: =Q22*I22 -> 69654.52 | S22: =G22-(M22+Q22) -> #REF! | T22: =S22*I22 -> #REF!
A23: 2.7 | B23: COMP | C23: EXECUÇÃO DE PAVIMENTO DE LAJE DE PEDRA, INCLUINDO FORNECIMENTO DE DA LAJE, COLCHÃO DE AREIA E REJUNTAMENTO EM CONCRETO | D23: m² | E23: 653.5 | G23: =E23+F23 -> 653.5 | H23: 82 | I23: =H23*(1+$B$5) -> 106.6 | J23: =E23*I23 -> 69663.1 | K23: =F23*I23 -> 0 | L23: =J23+K23 -> 69663.1 | M23: =#REF!+#REF!+#REF! -> #REF! | N23: =M23*I23 -> #REF! | O23: =G23-M23 -> #REF! | P23: =O23*I23 -> #REF! | R23: =Q23*I23 -> 0 | S23: =G23-(M23+Q23) -> #REF! | T23: =S23*I23 -> #REF!
A24: 2.8 | B24: OBR-VIA-410 | C24: TRANSPORTE DE MATERIAL DE QUALQUER NATUREZA DMT 0 A 10 KM | D24: TXKM | E24: 7120.9 | G24: =E24+F24 -> 7120.9 | H24: 0.5 | I24: =H24*(1+$B$5) -> 0.65 | J24: =E24*I24 -> 4628.585 | K24: =F24*I24 -> 0 | L24: =J24+K24 -> 4628.585 | M24: =#REF!+#REF!+#REF! -> #REF! | N24: =M24*I24 -> #REF! | O24: =G24-M24 -> #REF! | P24: =O24*I24 -> #REF! | R24: =Q24*I24 -> 0 | S24: =G24-(M24+Q24) -> #REF! | T24: =S24*I24 -> #REF!
A25: 3 | C25: DRENAGEM | J25: =SUM(J26:J33) -> 94355.495 | K25: =SUM(K26:K33) -> 0 | L25: =SUM(L26:L33) -> 94355.495 | M25: =#REF!+#REF!+#REF! -> #REF! | N25: =SUM(N26:N33) -> #REF! | P25: =SUM(P26:P33) -> #REF! | R25: =SUM(R26:R33) -> 31495.179 | T25: =SUM(T26:T33) -> #REF!
A26: 3.1 | B26: OBR-VIA-085 | C26: ESCAVAÇÃO MECÂNICA DE VALAS DE MATERIAL DE 1ª CATEGORIA, INCLUINDO REMOÇÃO PARA BOTA FORA DO LEITO ESTRADAL | D26: M3 | E26: 532 | G26: =E26+F26 -> 532 | H26: 3.07 | I26: =H26*(1+$B$5) -> 3.991 | J26: =E26*I26 -> 2123.212 | K26: =F26*I26 -> 0 | L26: =J26+K26 -> 2123.212 | M26: =#REF!+#REF!+#REF! -> #REF! | N26: =M26*I26 -> #REF! | O26: =G26-M26 -> #REF! | P26: =O26*I26 -> #REF! | Q26: =((50+8+13+29+18+11+11)*0.5*0.9)+(8*0.7*1.1)+319.74 -> 388.9 | R26: =Q26*I26 -> 1552.0999 | S26: =G26-(M26+Q26) -> #REF! | T26: =S26*I26 -> #REF!
A27: 3.2 | B27: DRE-CON-005 | C27: CONCRETO PARA BERÇO DE REDE TUBULAR TRAÇO 1:3:6, INCLUSIVE LANÇAMENTO | D27: M3 | E27: 47 | G27: =E27+F27 -> 47 | H27: 191.86 | I27: =H27*(1+$B$5) -> 249.418 | J27: =E27*I27 -> 11722.646 | K27: =F27*I27 -> 0 | L27: =J27+K27 -> 11722.646 | M27: =#REF!+#REF!+#REF! -> #REF! | N27: =M27*I27 -> #REF! | O27: =G27-M27 -> #REF! | P27: =O27*I27 -> #REF! | Q27: =((50+8+13+29+18+11+11)*0.1*0.5)+(8*0.1*0.7) -> 7.56 | R27: =Q27*I27 -> 1885.6001 | S27: =G27-(M27+Q27) -> #REF! | T27: =S27*I27 -> #REF!
A28: 3.3 | B28: DRE-SAR-005 | C28: SARJETA TIPO 1 - 50 X 5 CM, I = 3 %, PADRÃO DEOP-MG | D28: M | E28: 1080 | G28: =E28+F28 -> 1080 | H28: 8.91 | I28: =H28*(1+$B$5) -> 11.583 | J28: =E28*I28 -> 12509.64 | K28: =F28*I28 -> 0 | L28: =J28+K28 -> 12509.64 | M28: =#REF!+#REF!+#REF! -> #REF! | N28: =M28*I28 -> #REF! | O28: =G28-M28 -> #REF! | P28: =O28*I28 -> #REF! | Q28: =148*2+110+21.4 -> 427.4 | R28: =Q28*I28 -> 4950.5742 | S28: =G28-(M28+Q28) -> #REF! | T28: =S28*I28 -> #REF!
A29: 3.4 | B29: DRE-BOC-010 | C29: BOCA DE LOBO SIMPLES, QUADRO, GRELHA E CANTONEIRA, INCLUSIVE ESCAVAÇÃO, REATERRO E BOTA-FORA | D29: UND | E29: 25 | G29: =E29+F29 -> 25 | H29: 448.3 | I29: =H29*(1+$B$5) -> 582.79 | J29: =E29*I29 -> 14569.75 | K29: =F29*I29 -> 0 | L29: =J29+K29 -> 14569.75 | M29: =#REF!+#REF!+#REF! -> #REF! | N29: =M29*I29 -> #REF! | O29: =G29-M29 -> #REF! | P29: =O29*I29 -> #REF! | Q29: 18 | R29: =Q29*I29 -> 10490.22 | S29: =G29-(M29+Q29) -> #REF! | T29: =S29*I29 -> #REF!
A30: 3.5 | B30: DRE-POÇ-020 | C30: POÇO DE VISITA PARA REDE TUBULAR TIPO A DN 800, INCLUSIVE ESCAVAÇÃO, REATERRO E BOTA FORA | D30: UND | E30: 3 | G30: =E30+F30 -> 3 | H30: 980.35 | I30: =H30*(1+$B$5) -> 1274.455 | J30: =E30*I30 -> 3823.365 | K30: =F30*I30 -> 0 | L30: =J30+K30 -> 3823.365 | M30: =#REF!+#REF!+#REF! -> #REF! | N30: =M30*I30 -> #REF! | O30: =G30-M30 -> #REF! | P30: =O30*I30 -> #REF! | Q30: 1 | R30: =Q30*I30 -> 1274.455 | S30: =G30-(M30+Q30) -> #REF! | T30: =S30*I30 -> #REF!
A31: 3.6 | B31: DRE-TUB-045 | C31: FORNECIMENTO, ASSENTAMENTO E REJUNTAMENTO DE TUBO DE CONCRETO SIMPLES PS1 D = 400 MM | D31: M | E31: 721 | G31: =E31+F31 -> 721 | H31: 48.65 | I31: =H31*(1+$B$5) -> 63.245 | J31: =E31*I31 -> 45599.645 | K31: =F31*I31 -> 0 | L31: =J31+K31 -> 45599.645 | M31: =#REF!+#REF!+#REF! -> #REF! | N31: =M31*I31 -> #REF! | O31: =G31-M31 -> #REF! | P31: =O31*I31 -> #REF! | Q31: =(50+8+13+29+18+11+11) -> 140 | R31: =Q31*I31 -> 8854.3 | S31: =G31-(M31+Q31) -> #REF! | T31: =S31*I31 -> #REF!
A32: 3.7 | B32: DRE-TUB-055 | C32: FORNECIMENTO, ASSENTAMENTO E REJUNTAMENTO DE TUBO DE CONCRETO SIMPLES PS1 D = 600 MM | D32: M | E32: 8 | G32: =E32+F32 -> 8 | H32: 83.65 | I32: =H32*(1+$B$5) -> 108.745 | J32: =E32*I32 -> 869.96 | K32: =F32*I32 -> 0 | L32: =J32+K32 -> 869.96 | M32: =#REF!+#REF!+#REF! -> #REF! | N32: =M32*I32 -> #REF! | O32: =G32-M32 -> #REF! | P32: =O32*I32 -> #REF! | Q32: 8 | R32: =Q32*I32 -> 869.96 | S32: =G32-(M32+Q32) -> #REF! | T32: =S32*I32 -> #REF!
A33: 3.8 | B33: TER-REA-010 | C33: REATERRO COMPACTADO DE VALA COM EQUIPAMENTO PLACA VIBRATÓRIA | D33: M3 | E33: 213 | G33: =E33+F33 -> 213 | H33: 11.33 | I33: =H33*(1+$B$5) -> 14.729 | J33: =E33*I33 -> 3137.277 | K33: =F33*I33 -> 0 | L33: =J33+K33 -> 3137.277 | M33: =#REF!+#REF!+#REF! -> #REF! | N33: =M33*I33 -> #REF! | O33: =G33-M33 -> #REF! | P33: =O33*I33 -> #REF! | Q33: =((50+8+13+29+18+11+11))*0.5*0.9-(50+8+13+29+18+11+11)*((3.1415*(0.4^2))/4)+((8)*0.7*1.1)*((3.1415*(0.6^2))/4)+62.7 -> 109.84925 | R33: =Q33*I33 -> 1617.9696 | S33: =G33-(M33+Q33) -> #REF! | T33: =S33*I33 -> #REF!
A34: 4 | C34: URBANIZAÇÃO E ACESSIBILIDADE | J34: =SUM(J35:J38) -> 28207.374 | K34: =SUM(K35:K38) -> 0 | L34: =SUM(L35:L38) -> 28207.374 | M34: =#REF!+#REF!+#REF! -> #REF! | N34: =SUM(N35:N38) -> #REF! | P34: =SUM(P35:P38) -> #REF! | R34: =SUM(R35:R38) -> 4469.348 | T34: =SUM(T35:T38) -> #REF!
A35: 4.1 | B35: URB-MFC-005 | C35: MEIO-FIO DE CONCRETO PRÉ-MOLDADO TIPO A - (12 X 16,7 X 35) CM, INCLUSIVE ESCAVAÇÃO E REATERRO | D35: M | E35: 400 | G35: =E35+F35 -> 400 | H35: 22.93 | I35: =H35*(1+$B$5) -> 29.809 | J35: =E35*I35 -> 11923.6 | K35: =F35*I35 -> 0 | L35: =J35+K35 -> 11923.6 | M35: =#REF!+#REF!+#REF! -> #REF! | N35: =M35*I35 -> #REF! | O35: =G35-M35 -> #REF! | P35: =O35*I35 -> #REF! | Q35: 70 | R35: =Q35*I35 -> 2086.63 | S35: =G35-(M35+Q35) -> #REF! | T35: =S35*I35 -> #REF!
A36: 4.2 | B36: URB-PAS-005 | C36: PASSEIOS DE CONCRETO E = 8 CM, FCK = 15 MPA PADRÃO PREFEITURA | D36: M2 | E36: 280 | G36: =E36+F36 -> 280 | H36: 25.57 | I36: =H36*(1+$B$5) -> 33.241 | J36: =E36*I36 -> 9307.48 | K36: =F36*I36 -> 0 | L36: =J36+K36 -> 9307.48 | M36: =#REF!+#REF!+#REF! -> #REF! | N36: =M36*I36 -> #REF! | O36: =G36-M36 -> #REF! | P36: =O36*I36 -> #REF! | Q36: 60 | R36: =Q36*I36 -> 1994.46 | S36: =G36-(M36+Q36) -> #REF! | T36: =S36*I36 -> #REF!
A37: 4.3 | B37: URB-RAM-005 | C37: RAMPA PARA ACESSO DE DEFICIENTE EM CONCRETO SIMPLES FCK=25MPA, DESEMPENADO, COM PINTURA INDICATIVA DUAS DEMÃOS | D37: UND | E37: 6 | G37: =E37+F37 -> 6 | H37: 149.33 | I37: =H37*(1+$B$5) -> 194.129 | J37: =E37*I37 -> 1164.774 | K37: =F37*I37 -> 0 | L37: =J37+K37 -> 1164.774 | M37: =#REF!+#REF!+#REF! -> #REF! | N37: =M37*I37 -> #REF! | O37: =G37-M37 -> #REF! | P37: =O37*I37 -> #REF! | Q37: 2 | R37: =Q37*I37 -> 388.258 | S37: =G37-(M37+Q37) -> #REF! | T37: =S37*I37 -> #REF!
A38: 4.4 | B38: OBR-VIA-205 | C38: EXECUÇÃO DE PAVIMENTO EM CALÇAMENTO DE PARALELEPÍPEDO, INCLUINDO FORNECIMENTO DE TODOS OS MATERIAIS, COLCHÃO DE ASSENTAMENTO; INCLUSIVE O TRANSPORTE DO PARALELEPÍPEDO - PASSAGEM ELEVADA DE PEDESTRE | D38: m² | E38: 80 | G38: =E38+F38 -> 80 | H38: 55.88 | I38: =H38*(1+$B$5) -> 72.644 | J38: =E38*I38 -> 5811.52 | K38: =F38*I38 -> 0 | L38: =J38+K38 -> 5811.52 | M38: =#REF!+#REF!+#REF! -> #REF! | N38: =M38*I38 -> #REF! | O38: =G38-M38 -> #REF! | P38: =O38*I38 -> #REF! | Q38: 0 | R38: =Q38*I38 -> 0 | S38: =G38-(M38+Q38) -> #REF! | T38: =S38*I38 -> #REF!
C39: LIMPEZA DA OBRA | J39: =SUM(J40) -> 9034.6165 | K39: =SUM(K40:K40) -> 0 | L39: =SUM(L40:L40) -> 9034.6165 | M39: =#REF!+#REF!+#REF! -> #REF! | N39: =SUM(N40:N40) -> #REF! | P39: =SUM(P40:P40) -> #REF! | R39: =SUM(R40:R40) -> 9034.6165 | T39: =SUM(T40:T40) -> #REF!
A40: 5.1 | B40: LIM-GER-005 | C40: LIMPEZA GERAL DE OBRA | D40: M2 | E40: 3423.5 | G40: =E40+F40 -> 3423.5 | H40: 2.03 | I40: =H40*(1+$B$5) -> 2.639 | J40: =E40*I40 -> 9034.6165 | K40: =F40*I40 -> 0 | L40: =J40+K40 -> 9034.6165 | M40: =#REF!+#REF!+#REF! -> #REF! | N40: =M40*I40 -> #REF! | O40: =G40-M40 -> #REF! | P40: =O40*I40 -> #REF! | Q40: 3423.5 | R40: =Q40*I40 -> 9034.6165 | S40: =G40-(M40+Q40) -> #REF! | T40: =S40*I40 -> #REF!
J42: =SUM(J8,J16,J25,J34,,J39) -> 461477.28 | K42: =SUM(K8,K16,K25,K34,,K39) -> 0 | L42: =SUM(L8,L16,L25,L34,,L39) -> 461477.28 | N42: =SUM(N8,N16,N25,N34,,N39) -> #REF! | P42: =SUM(P8,P16,P25,P34,,P39) -> #REF! | R42: =SUM(R8,R16,R25,R34,,R39) -> 121149.15 | T42: =SUM(T8,T16,T25,T34,,T39) -> #REF!
J43: =J42*1.25 -> 576846.6
A44: APROVAÇÕES
A45: Data Emissão | C45: _____________________________________________________ | L45: _____________________________________________________
A46: 42500 | C46: Dados empresa Executora | L46: Tamires Queiroz Simões - Engenheira Civil / CREA 160488D

Sheet saldo contrato
C2: Empresa: Anderson Soares Paulino e Cia Ltda | H2: Local da Obra | K2: PROCESSO LICITATÓRIO Nº 606
C3: Objeto Contratual: Pavimentação e Drenagem | H3: Rua São José | K3: CONCORRÊNCIA PÚBLICA Nº 22/2015
A5: BDI: | B5: 0.3 | C5: DADOS CONTRATUAIS | M5: DADOS DE MEDIÇÃO
A6: ITEM | B6: CÓDIGO | C6: DESCRIÇÃO DOS SERVIÇOS | D6: UNID. | E6: Quantidades | H6: Valor unit. S/ BDI | I6: Valor unit. C/ BDI | J6: Valores | M6: ACUMULADO ANTERIOR | O6: SALDO ANTERIOR | Q6: BM Atual | S6: SALDO ATUAL
E7: CONTR. | F7: T.A | G7: ACUM. | J7: CONTR. | K7: T.A | L7: ACUM. | M7: Quant. | N7: Valor | O7: Quant. | P7: Valor | Q7: Quant. | R7: Valor | S7: Quant. | T7: Valor
A8: 1 | C8: INSTALAÇÕES INICIAIS DA OBRA | J8: =SUM(J9:J15) -> 11729.12 | K8: =SUM(K9:K10) -> 0 | L8: =SUM(L9:L15) -> 11729.12 | N8: =SUM(N9:N15) -> #REF! | P8: =SUM(P9:P15) -> #REF! | R8: =SUM(R9:R15) -> 0 | T8: =SUM(T9:T15) -> #REF!
A9: 1.1 | B9: COMP | C9: FORNECIMENTO E COLOCAÇÃO DE PLACA DE OBRA EM CHAPA GALVANIZADA (3,00 X 1,50 M) | D9: UND | E9: 1 | G9: =E9+F9 -> 1 | H9: 626.29 | I9: =H9*(1+$B$5) -> 814.177 | J9: =E9*I9 -> 814.177 | K9: =F9*I9 -> 0 | L9: =J9+K9 -> 814.177 | M9: =#REF!+#REF!+#REF!+previsao!Q9 -> #REF! | N9: =M9*I9 -> #REF! | O9: =G9-M9 -> #REF! | P9: =O9*I9 -> #REF! | R9: =Q9*I9 -> 0 | S9: =G9-(M9+Q9) -> #REF! | T9: =S9*I9 -> #REF!
A10: 1.2 | B10: MOB-DES-020 | C10: MOBILIZAÇÃO E DESMOBILIZAÇÃO DE OBRA - PARA OBRAS EXECUTADAS EM CENTROS URBANOS OU PRÓXIMOS DE CENTROS URBANOS ATÉ O VALOR DE 1.000.000,00 | D10: UND | E10: 1 | G10: =E10+F10 -> 1 | H10: 2317.91 | I10: =H10*(1+$B$5) -> 3013.283 | J10: =E10*I10 -> 3013.283 | K10: =F10*I10 -> 0 | L10: =J10+K10 -> 3013.283 | M10: =#REF!+#REF!+#REF!+previsao!Q10 -> #REF! | N10: =M10*I10 -> #REF! | O10: =G10-M10 -> #REF! | P10: =O10*I10 -> #REF! | R10: =Q10*I10 -> 0 | S10: =G10-(M10+Q10) -> #REF! | T10: =S10*I10 -> #REF!
A11: 1.3 | B11: IIO-BAR-046 | C11: BARRACÃO DE OBRA, INCLUSIVE SANITÁRIOS | D11: M2 | E11: 18 | G11: =E11+F11 -> 18 | H11: 252.02 | I11: =H11*(1+$B$5) -> 327.626 | J11: =E11*I11 -> 5897.268 | K11: =F11*I11 -> 0 | L11: =J11+K11 -> 5897.268 | M11: =#REF!+#REF!+#REF!+previsao!Q11 -> #REF! | N11: =M11*I11 -> #REF! | O11: =G11-M11 -> #REF! | P11: =O11*I11 -> #REF! | R11: =Q11*I11 -> 0 | S11: =G11-(M11+Q11) -> #REF! | T11: =S11*I11 -> #REF!
A12: 1.4 | B12: IIO-LIG-015 | C12: LIGAÇÃO PROVISÓRIA DE ÁGUA E ESGOTO | D12: UND | E12: 1 | G12: =E12+F12 -> 1 | H12: 341.79 | I12: =H12*(1+$B$5) -> 444.327 | J12: =E12*I12 -> 444.327 | K12: =F12*I12 -> 0 | L12: =J12+K12 -> 444.327 | M12: =#REF!+#REF!+#REF!+previsao!Q12 -> #REF! | N12: =M12*I12 -> #REF! | O12: =G12-M12 -> #REF! | P12: =O12*I12 -> #REF! | R12: =Q12*I12 -> 0 | S12: =G12-(M12+Q12) -> #REF! | T12: =S12*I12 -> #REF!
A13: 1.5 | B13: IIO-TAP-025 | C13: TAPUME COM TELA DE POLIETILENO | D13: M2 | E13: 100 | G13: =E13+F13 -> 100 | H13: 7.13 | I13: =H13*(1+$B$5) -> 9.269 | J13: =E13*I13 -> 926.9 | K13: =F13*I13 -> 0 | L13: =J13+K13 -> 926.9 | M13: =#REF!+#REF!+#REF!+previsao!Q13 -> #REF! | N13: =M13*I13 -> #REF! | O13: =G13-M13 -> #REF! | P13: =O13*I13 -> #REF! | R13: =Q13*I13 -> 0 | S13: =G13-(M13+Q13) -> #REF! | T13: =S13*I13 -> #REF!
A14: 1.6 | B14: COMP | C14: CONFECÇÃO DE FAIXA EM TNT COM LOGO, PARA SINALIZAÇÃO DE VIA (5,00X0,60) PADRÃO PREFEITURA | D14: UND | E14: 4 | G14: =E14+F14 -> 4 | H14: 25.2 | I14: =H14*(1+$B$5) -> 32.76 | J14: =E14*I14 -> 131.04 | K14: =F14*I14 -> 0 | L14: =J14+K14 -> 131.04 | M14: =#REF!+#REF!+#REF!+previsao!Q14 -> #REF! | N14: =M14*I14 -> #REF! | O14: =G14-M14 -> #REF! | P14: =O14*I14 -> #REF! | R14: =Q14*I14 -> 0 | S14: =G14-(M14+Q14) -> #REF! | T14: =S14*I14 -> #REF!
A15: 1.7 | B15: COMP | C15: PASSARELA PROVISÓRIA EM TABUAS E PONTALETES (1,50X1,50)m INCLUSIVE MONTAGEM, DESMONTAGEM E TRANSPORTE. | D15: UND | E15: 5 | G15: =E15+F15 -> 5 | H15: 77.25 | I15: =H15*(1+$B$5) -> 100.425 | J15: =E15*I15 -> 502.125 | K15: =F15*I15 -> 0 | L15: =J15+K15 -> 502.125 | M15: =#REF!+#REF!+#REF!+previsao!Q15 -> #REF! | N15: =M15*I15 -> #REF! | O15: =G15-M15 -> #REF! | P15: =O15*I15 -> #REF! | R15: =Q15*I15 -> 0 | S15: =G15-(M15+Q15) -> #REF! | T15: =S15*I15 -> #REF!
A16: 2 | C16: OBRAS VIÁRIAS - PAVIMENTAÇÃO | J16: =SUM(J17:J24) -> 318150.67 | K16: =SUM(K17:K24) -> 0 | L16: =SUM(L17:L24) -> 318150.67 | N16: =SUM(N17:N24) -> #REF! | P16: =SUM(P17:P24) -> #REF! | R16: =SUM(R17:R24) -> 0 | T16: =SUM(T17:T24) -> #REF!
A17: 2.1 | B17: COMP | C17: REMOÇÃO DE PAVIMENTO EXISTENTE INCLUSIVE REMOÇÃO PARA BOTA FORA | D17: M2 | E17: 3423.5 | G17: =E17+F17 -> 3423.5 | H17: 3.76 | I17: =H17*(1+$B$5) -> 4.888 | J17: =E17*I17 -> 16734.068 | K17: =F17*I17 -> 0 | L17: =J17+K17 -> 16734.068 | M17: =#REF!+#REF!+#REF!+previsao!Q17 -> #REF! | N17: =M17*I17 -> #REF! | O17: =G17-M17 -> #REF! | P17: =O17*I17 -> #REF! | R17: =Q17*I17 -> 0 | S17: =G17-(M17+Q17) -> #REF! | T17: =S17*I17 -> #REF!
A18: 2.2 | B18: TER-COR-005 | C18: CORTE E DESATERRO PARA REGULARIZAÇÃO E ARRASTAMENTO NIVELADO A CURTA DISTÃNCIA COM LÂMINA | D18: M3 | E18: 684.6 | G18: =E18+F18 -> 684.6 | H18: 2.06 | I18: =H18*(1+$B$5) -> 2.678 | J18: =E18*I18 -> 1833.3588 | K18: =F18*I18 -> 0 | L18: =J18+K18 -> 1833.3588 | M18: =#REF!+#REF!+#REF!+previsao!Q18 -> #REF! | N18: =M18*I18 -> #REF! | O18: =G18-M18 -> #REF! | P18: =O18*I18 -> #REF! | R18: =Q18*I18 -> 0 | S18: =G18-(M18+Q18) -> #REF! | T18: =S18*I18 -> #REF!
A19: 2.3 | B19: OBR-VIA-130 | C19: REGULARIZAÇÃO DO SUBLEITO COM PROCTOR INTERMEDIÁRIO | D19: M2 | E19: 3423.5 | G19: =E19+F19 -> 3423.5 | H19: 0.89 | I19: =H19*(1+$B$5) -> 1.157 | J19: =E19*I19 -> 3960.9895 | K19: =F19*I19 -> 0 | L19: =J19+K19 -> 3960.9895 | M19: =#REF!+#REF!+#REF!+previsao!Q19 -> #REF! | N19: =M19*I19 -> #REF! | O19: =G19-M19 -> #REF! | P19: =O19*I19 -> #REF! | R19: =Q19*I19 -> 0 | S19: =G19-(M19+Q19) -> #REF! | T19: =S19*I19 -> #REF!
A20: 2.4 | B20: OBR-VIA-315 | C20: TRANSPORTE DE MATERIAL DE JAZIDA PARA CONSERVAÇÃO DMT DE 0 A 10 KM | D20: M³xKm | E20: 3423.5 | G20: =E20+F20 -> 3423.5 | H20: 0.8 | I20: =H20*(1+$B$5) -> 1.04 | J20: =E20*I20 -> 3560.44 | K20: =F20*I20 -> 0 | L20: =J20+K20 -> 3560.44 | M20: =#REF!+#REF!+#REF!+previsao!Q20 -> #REF! | N20: =M20*I20 -> #REF! | O20: =G20-M20 -> #REF! | P20: =O20*I20 -> #REF! | R20: =Q20*I20 -> 0 | S20: =G20-(M20+Q20) -> #REF! | T20: =S20*I20 -> #REF!
A21: 2.5 | B21: OBR-VIA-135 | C21: EXECUÇÃO DE REFORÇO DO SUBLEITO, INCLUINDO ESCAVAÇÃO, CARGA, DESCARGA, HOMOGENIZAÇÃO, UMIDECIMENTO, ESPALHAMENTO E COMPACTAÇÃO DE MATERIAL (PROCTOR INTERMEDIÁRIO) | D21: M3 | E21: 342.3 | G21: =E21+F21 -> 342.3 | H21: 7.08 | I21: =H21*(1+$B$5) -> 9.204 | J21: =E21*I21 -> 3150.5292 | K21: =F21*I21 -> 0 | L21: =J21+K21 -> 3150.5292 | M21: =#REF!+#REF!+#REF!+previsao!Q21 -> #REF! | N21: =M21*I21 -> #REF! | O21: =G21-M21 -> #REF! | P21: =O21*I21 -> #REF! | R21: =Q21*I21 -> 0 | S21: =G21-(M21+Q21) -> #REF! | T21: =S21*I21 -> #REF!
A22: 2.6 | B22: OBR-VIA-205 | C22: EXECUÇÃO DE PAVIMENTO EM CALÇAMENTO DE PARALELEPÍPEDO, INCLUINDO FORNECIMENTO DE TODOS OS MATERIAIS, COLCHÃO DE ASSENTAMENTO; INCLUSIVE O TRANSPORTE DO PARALELEPÍPEDO | D22: m² | E22: 2770 | G22: =E22+F22 -> 2770 | H22: 59.6 | I22: =H22*(1+$B$5) -> 77.48 | J22: =E22*I22 -> 214619.6 | K22: =F22*I22 -> 0 | L22: =J22+K22 -> 214619.6 | M22: =#REF!+#REF!+#REF!+previsao!Q22 -> #REF! | N22: =M22*I22 -> #REF! | O22: =G22-M22 -> #REF! | P22: =O22*I22 -> #REF! | R22: =Q22*I22 -> 0 | S22: =G22-(M22+Q22) -> #REF! | T22: =S22*I22 -> #REF!
A23: 2.7 | B23: COMP | C23: EXECUÇÃO DE PAVIMENTO DE LAJE DE PEDRA, INCLUINDO FORNECIMENTO DE DA LAJE, COLCHÃO DE AREIA E REJUNTAMENTO EM CONCRETO | D23: m² | E23: 653.5 | G23: =E23+F23 -> 653.5 | H23: 82 | I23: =H23*(1+$B$5) -> 106.6 | J23: =E23*I23 -> 69663.1 | K23: =F23*I23 -> 0 | L23: =J23+K23 -> 69663.1 | M23: =#REF!+#REF!+#REF!+previsao!Q23 -> #REF! | N23: =M23*I23 -> #REF! | O23: =G23-M23 -> #REF! | P23: =O23*I23 -> #REF! | R23: =Q23*I23 -> 0 | S23: =G23-(M23+Q23) -> #REF! | T23: =S23*I23 -> #REF!
A24: 2.8 | B24: OBR-VIA-410 | C24: TRANSPORTE DE MATERIAL DE QUALQUER NATUREZA DMT 0 A 10 KM | D24: TXKM | E24: 7120.9 | G24: =E24+F24 -> 7120.9 | H24: 0.5 | I24: =H24*(1+$B$5) -> 0.65 | J24: =E24*I24 -> 4628.585 | K24: =F24*I24 -> 0 | L24: =J24+K24 -> 4628.585 | M24: =#REF!+#REF!+#REF!+previsao!Q24 -> #REF! | N24: =M24*I24 -> #REF! | O24: =G24-M24 -> #REF! | P24: =O24*I24 -> #REF! | R24: =Q24*I24 -> 0 | S24: =G24-(M24+Q24) -> #REF! | T24: =S24*I24 -> #REF!
A25: 3 | C25: DRENAGEM | J25: =SUM(J26:J33) -> 94355.495 | K25: =SUM(K26:K33) -> 0 | L25: =SUM(L26:L33) -> 94355.495 | N25: =SUM(N26:N33) -> #REF! | P25: =SUM(P26:P33) -> #REF! | R25: =SUM(R26:R33) -> 0 | T25: =SUM(T26:T33) -> #REF!
A26: 3.1 | B26: OBR-VIA-085 | C26: ESCAVAÇÃO MECÂNICA DE VALAS DE MATERIAL DE 1ª CATEGORIA, INCLUINDO REMOÇÃO PARA BOTA FORA DO LEITO ESTRADAL | D26: M3 | E26: 532 | G26: =E26+F26 -> 532 | H26: 3.07 | I26: =H26*(1+$B$5) -> 3.991 | J26: =E26*I26 -> 2123.212 | K26: =F26*I26 -> 0 | L26: =J26+K26 -> 2123.212 | M26: =#REF!+#REF!+#REF!+previsao!Q26 -> #REF! | N26: =M26*I26 -> #REF! | O26: =G26-M26 -> #REF! | P26: =O26*I26 -> #REF! | R26: =Q26*I26 -> 0 | S26: =G26-(M26+Q26) -> #REF! | T26: =S26*I26 -> #REF!
A27: 3.2 | B27: DRE-CON-005 | C27: CONCRETO PARA BERÇO DE REDE TUBULAR TRAÇO 1:3:6, INCLUSIVE LANÇAMENTO | D27: M3 | E27: 47 | G27: =E27+F27 -> 47 | H27: 191.86 | I27: =H27*(1+$B$5) -> 249.418 | J27: =E27*I27 -> 11722.646 | K27: =F27*I27 -> 0 | L27: =J27+K27 -> 11722.646 | M27: =#REF!+#REF!+#REF!+previsao!Q27 -> #REF! | N27: =M27*I27 -> #REF! | O27: =G27-M27 -> #REF! | P27: =O27*I27 -> #REF! | R27: =Q27*I27 -> 0 | S27: =G27-(M27+Q27) -> #REF! | T27: =S27*I27 -> #REF!
A28: 3.3 | B28: DRE-SAR-005 | C28: SARJETA TIPO 1 - 50 X 5 CM, I = 3 %, PADRÃO DEOP-MG | D28: M | E28: 1080 | G28: =E28+F28 -> 1080 | H28: 8.91 | I28: =H28*(1+$B$5) -> 11.583 | J28: =E28*I28 -> 12509.64 | K28: =F28*I28 -> 0 | L28: =J28+K28 -> 12509.64 | M28: =#REF!+#REF!+#REF!+previsao!Q28 -> #REF! | N28: =M28*I28 -> #REF! | O28: =G28-M28 -> #REF! | P28: =O28*I28 -> #REF! | R28: =Q28*I28 -> 0 | S28: =G28-(M28+Q28) -> #REF! | T28: =S28*I28 -> #REF!
A29: 3.4 | B29: DRE-BOC-010 | C29: BOCA DE LOBO SIMPLES, QUADRO, GRELHA E CANTONEIRA, INCLUSIVE ESCAVAÇÃO, REATERRO E BOTA-FORA | D29: UND | E29: 25 | G29: =E29+F29 -> 25 | H29: 448.3 | I29: =H29*(1+$B$5) -> 582.79 | J29: =E29*I29 -> 14569.75 | K29: =F29*I29 -> 0 | L29: =J29+K29 -> 14569.75 | M29: =#REF!+#REF!+#REF!+previsao!Q29 -> #REF! | N29: =M29*I29 -> #REF! | O29: =G29-M29 -> #REF! | P29: =O29*I29 -> #REF! | R29: =Q29*I29 -> 0 | S29: =G29-(M29+Q29) -> #REF! | T29: =S29*I29 -> #REF!
A30: 3.5 | B30: DRE-POÇ-020 | C30: POÇO DE VISITA PARA REDE TUBULAR TIPO A DN 800, INCLUSIVE ESCAVAÇÃO, REATERRO E BOTA FORA | D30: UND | E30: 3 | G30: =E30+F30 -> 3 | H30: 980.35 | I30: =H30*(1+$B$5) -> 1274.455 | J30: =E30*I30 -> 3823.365 | K30: =F30*I30 -> 0 | L30: =J30+K30 -> 3823.365 | M30: =#REF!+#REF!+#REF!+previsao!Q30 -> #REF! | N30: =M30*I30 -> #REF! | O30: =G30-M30 -> #REF! | P30: =O30*I30 -> #REF! | R30: =Q30*I30 -> 0 | S30: =G30-(M30+Q30) -> #REF! | T30: =S30*I30 -> #REF!
A31: 3.6 | B31: DRE-TUB-045 | C31: FORNECIMENTO, ASSENTAMENTO E REJUNTAMENTO DE TUBO DE CONCRETO SIMPLES PS1 D = 400 MM | D31: M | E31: 721 | G31: =E31+F31 -> 721 | H31: 48.65 | I31: =H31*(1+$B$5) -> 63.245 | J31: =E31*I31 -> 45599.645 | K31: =F31*I31 -> 0 | L31: =J31+K31 -> 45599.645 | M31: =#REF!+#REF!+#REF!+previsao!Q31 -> #REF! | N31: =M31*I31 -> #REF! | O31: =G31-M31 -> #REF! | P31: =O31*I31 -> #REF! | R31: =Q31*I31 -> 0 | S31: =G31-(M31+Q31) -> #REF! | T31: =S31*I31 -> #REF!
A32: 3.7 | B32: DRE-TUB-055 | C32: FORNECIMENTO, ASSENTAMENTO E REJUNTAMENTO DE TUBO DE CONCRETO SIMPLES PS1 D = 600 MM | D32: M | E32: 8 | G32: =E32+F32 -> 8 | H32: 83.65 | I32: =H32*(1+$B$5) -> 108.745 | J32: =E32*I32 -> 869.96 | K32: =F32*I32 -> 0 | L32: =J32+K32 -> 869.96 | M32: =#REF!+#REF!+#REF!+previsao!Q32 -> #REF! | N32: =M32*I32 -> #REF! | O32: =G32-M32 -> #REF! | P32: =O32*I32 -> #REF! | R32: =Q32*I32 -> 0 | S32: =G32-(M32+Q32) -> #REF! | T32: =S32*I32 -> #REF!
A33: 3.8 | B33: TER-REA-010 | C33: REATERRO COMPACTADO DE VALA COM EQUIPAMENTO PLACA VIBRATÓRIA | D33: M3 | E33: 213 | G33: =E33+F33 -> 213 | H33: 11.33 | I33: =H33*(1+$B$5) -> 14.729 | J33: =E33*I33 -> 3137.277 | K33: =F33*I33 -> 0 | L33: =J33+K33 -> 3137.277 | M33: =#REF!+#REF!+#REF!+previsao!Q33 -> #REF! | N33: =M33*I33 -> #REF! | O33: =G33-M33 -> #REF! | P33: =O33*I33 -> #REF! | R33: =Q33*I33 -> 0 | S33: =G33-(M33+Q33) -> #REF! | T33: =S33*I33 -> #REF!
A34: 4 | C34: URBANIZAÇÃO E ACESSIBILIDADE | J34: =SUM(J35:J38) -> 28207.374 | K34: =SUM(K35:K38) -> 0 | L34: =SUM(L35:L38) -> 28207.374 | N34: =SUM(N35:N38) -> #REF! | P34: =SUM(P35:P38) -> #REF! | R34: =SUM(R35:R38) -> 0 | T34: =SUM(T35:T38) -> #REF!
A35: 4.1 | B35: URB-MFC-005 | C35: MEIO-FIO DE CONCRETO PRÉ-MOLDADO TIPO A - (12 X 16,7 X 35) CM, INCLUSIVE ESCAVAÇÃO E REATERRO | D35: M | E35: 400 | G35: =E35+F35 -> 400 | H35: 22.93 | I35: =H35*(1+$B$5) -> 29.809 | J35: =E35*I35 -> 11923.6 | K35: =F35*I35 -> 0 | L35: =J35+K35 -> 11923.6 | M35: =#REF!+#REF!+#REF!+previsao!Q35 -> #REF! | N35: =M35*I35 -> #REF! | O35: =G35-M35 -> #REF! | P35: =O35*I35 -> #REF! | R35: =Q35*I35 -> 0 | S35: =G35-(M35+Q35) -> #REF! | T35: =S35*I35 -> #REF!
A36: 4.2 | B36: URB-PAS-005 | C36: PASSEIOS DE CONCRETO E = 8 CM, FCK = 15 MPA PADRÃO PREFEITURA | D36: M2 | E36: 280 | G36: =E36+F36 -> 280 | H36: 25.57 | I36: =H36*(1+$B$5) -> 33.241 | J36: =E36*I36 -> 9307.48 | K36: =F36*I36 -> 0 | L36: =J36+K36 -> 9307.48 | M36: =#REF!+#REF!+#REF!+previsao!Q36 -> #REF! | N36: =M36*I36 -> #REF! | O36: =G36-M36 -> #REF! | P36: =O36*I36 -> #REF! | R36: =Q36*I36 -> 0 | S36: =G36-(M36+Q36) -> #REF! | T36: =S36*I36 -> #REF!
A37: 4.3 | B37: URB-RAM-005 | C37: RAMPA PARA ACESSO DE DEFICIENTE EM CONCRETO SIMPLES FCK=25MPA, DESEMPENADO, COM PINTURA INDICATIVA DUAS DEMÃOS | D37: UND | E37: 6 | G37: =E37+F37 -> 6 | H37: 149.33 | I37: =H37*(1+$B$5) -> 194.129 | J37: =E37*I37 -> 1164.774 | K37: =F37*I37 -> 0 | L37: =J37+K37 -> 1164.774 | M37: =#REF!+#REF!+#REF!+previsao!Q37 -> #REF! | N37: =M37*I37 -> #REF! | O37: =G37-M37 -> #REF! | P37: =O37*I37 -> #REF! | R37: =Q37*I37 -> 0 | S37: =G37-(M37+Q37) -> #REF! | T37: =S37*I37 -> #REF!
A38: 4.4 | B38: OBR-VIA-205 | C38: EXECUÇÃO DE PAVIMENTO EM CALÇAMENTO DE PARALELEPÍPEDO, INCLUINDO FORNECIMENTO DE TODOS OS MATERIAIS, COLCHÃO DE ASSENTAMENTO; INCLUSIVE O TRANSPORTE DO PARALELEPÍPEDO - PASSAGEM ELEVADA DE PEDESTRE | D38: m² | E38: 80 | G38: =E38+F38 -> 80 | H38: 55.88 | I38: =H38*(1+$B$5) -> 72.644 | J38: =E38*I38 -> 5811.52 | K38: =F38*I38 -> 0 | L38: =J38+K38 -> 5811.52 | M38: =#REF!+#REF!+#REF!+previsao!Q38 -> #REF! | N38: =M38*I38 -> #REF! | O38: =G38-M38 -> #REF! | P38: =O38*I38 -> #REF! | R38: =Q38*I38 -> 0 | S38: =G38-(M38+Q38) -> #REF! | T38: =S38*I38 -> #REF!
C39: LIMPEZA DA OBRA | J39: =SUM(J40) -> 9034.6165 | K39: =SUM(K40:K40) -> 0 | L39: =SUM(L40:L40) -> 9034.6165 | N39: =SUM(N40:N40) -> #REF! | P39: =SUM(P40:P40) -> #REF! | R39: =SUM(R40:R40) -> 0 | T39: =SUM(T40:T40) -> #REF!
A40: 5.1 | B40: LIM-GER-005 | C40: LIMPEZA GERAL DE OBRA | D40: M2 | E40: 3423.5 | G40: =E40+F40 -> 3423.5 | H40: 2.03 | I40: =H40*(1+$B$5) -> 2.639 | J40: =E40*I40 -> 9034.6165 | K40: =F40*I40 -> 0 | L40: =J40+K40 -> 9034.6165 | M40: =#REF!+#REF!+#REF!+previsao!Q40 -> #REF! | N40: =M40*I40 -> #REF! | O40: =G40-M40 -> #REF! | P40: =O40*I40 -> #REF! | R40: =Q40*I40 -> 0 | S40: =G40-(M40+Q40) -> #REF! | T40: =S40*I40 -> #REF!
J42: =SUM(J8,J16,J25,J34,,J39) -> 461477.28 | K42: =SUM(K8,K16,K25,K34,,K39) -> 0 | L42: =SUM(L8,L16,L25,L34,,L39) -> 461477.28 | N42: =SUM(N8,N16,N25,N34,,N39) -> #REF! | P42: =SUM(P8,P16,P25,P34,,P39) -> #REF! | R42: =SUM(R8,R16,R25,R34,,R39) -> 0 | T42: =SUM(T8,T16,T25,T34,,T39) -> #REF!
A44: APROVAÇÕES
A45: Data Emissão | C45: _____________________________________________________ | L45: _____________________________________________________
A46: 42500 | C46: Dados empresa Executora | L46: Tamires Queiroz Simões - Engenheira Civil / CREA 160488D

Sheet Sinapi 05-24 Setop 01-2024
A1: CODIGO DA COMPOSICAO | B1: DESCRICAO DA COMPOSICAO - BASE: SINAPI 05-24, SETOP 01-24 | C1: UNIDADE | D1: CUSTO TOTAL
A2: 38605 | B2: ABERTURA PARA ENCAIXE DE CUBA OU LAVATORIO EM BANCADA DE MARMORE/ GRANITO OU OUTRO TIPO DE PEDRA NATURAL | C2: UN | D2: 115,31
A3: 11270 | B3: ABRACADEIRA DE LATAO PARA FIXACAO DE CABO PARA-RAIO, DIMENSOES 32 X 24 X 24 MM | C3: UN | D3: 3,54
A4: 412 | B4: ABRACADEIRA DE NYLON PARA AMARRACAO DE CABOS, COMPRIMENTO DE *230* X *7,6* MM | C4: UN | D4: 1,02
A5: 414 | B5: ABRACADEIRA DE NYLON PARA AMARRACAO DE CABOS, COMPRIMENTO DE 100 X 2,5 MM | C5: UN | D5: 0,06
A6: 410 | B6: ABRACADEIRA DE NYLON PARA AMARRACAO DE CABOS, COMPRIMENTO DE 150 X *3,6* MM | C6: UN | D6: 0,15
A7: 411 | B7: ABRACADEIRA DE NYLON PARA AMARRACAO DE CABOS, COMPRIMENTO DE 200 X *4,6* MM | C7: UN | D7: 0,20
A8: 408 | B8: ABRACADEIRA DE NYLON PARA AMARRACAO DE CABOS, COMPRIMENTO DE 390 X *4,6* MM | C8: UN | D8: 0,99
A9: 39131 | B9: ABRACADEIRA EM ACO PARA AMARRACAO DE ELETRODUTOS, TIPO D, COM 1 1/2" E CUNHA DE FIXACAO | C9: UN | D9: 3,16
A10: 394 | B10: ABRACADEIRA EM ACO PARA AMARRACAO DE ELETRODUTOS, TIPO D, COM 1 1/2" E PARAFUSO DE FIXACAO | C10: UN | D10: 3,20
A11: 39130 | B11: ABRACADEIRA EM ACO PARA AMARRACAO DE ELETRODUTOS, TIPO D, COM 1 1/4" E CUNHA DE FIXACAO | C11: UN | D11: 2,88
A12: 395 | B12: ABRACADEIRA EM ACO PARA AMARRACAO DE ELETRODUTOS, TIPO D, COM 1 1/4" E PARAFUSO DE FIXACAO | C12: UN | D12: 3,08
A13: 39127 | B13: ABRACADEIRA EM ACO PARA AMARRACAO DE ELETRODUTOS, TIPO D, COM 1/2" E CUNHA DE FIXACAO | C13: UN | D13: 1,52
... A4828: 41096 | B4828: VIGIA DIURNO (MENSALISTA) | C4828: MES | D4828: 3.055,69
A4829: 97141 | B4829: ASSENTAMENTO DE TUBO DE FERRO FUNDIDO PARA REDE DE ÁGUA, DN 80 MM, JUNTA ELÁSTICA, INSTALADO EM LOCAL COM NÍVEL ALTO DE INTERFERÊNCIAS (NÃO INCLUI FORNECIMENTO). AF_05/2024 | C4829: M | D4829: 4,80
A4830: 97142 | B4830: ASSENTAMENTO DE TUBO DE FERRO FUNDIDO PARA REDE DE ÁGUA, DN 100 MM, JUNTA ELÁSTICA, INSTALADO EM LOCAL COM NÍVEL ALTO DE INTERFERÊNCIAS (NÃO INCLUI FORNECIMENTO). AF_05/2024 | C4830: M | D4830: 5,53
A4831: 97143 | B4831: ASSENTAMENTO DE TUBO DE FERRO FUNDIDO PARA REDE DE ÁGUA, DN 150 MM, JUNTA ELÁSTICA, INSTALADO EM LOCAL COM NÍVEL ALTO DE INTERFERÊNCIAS (NÃO INCLUI FORNECIMENTO). AF_05/2024 | C4831: M | D4831: 7,31
A4832: 97144 | B4832: ASSENTAMENTO DE TUBO DE FERRO FUNDIDO PARA REDE DE ÁGUA, DN 200 MM, JUNTA ELÁSTICA, INSTALADO EM LOCAL COM NÍVEL ALTO DE INTERFERÊNCIAS (NÃO INCLUI FORNECIMENTO). AF_05/2024 | C4832: M | D4832: 9,09
A4833: 97145 | B4833: ASSENTAMENTO DE TUBO DE FERRO FUNDIDO PARA REDE DE ÁGUA, DN 250 MM, JUNTA ELÁSTICA, INSTALADO EM LOCAL COM NÍVEL ALTO DE INTERFERÊNCIAS (NÃO INCLUI FORNECIMENTO). AF_05/2024 | C4833: M | D4833: 10,88
A4834: 97146 | B4834: ASSENTAMENTO DE TUBO DE FERRO FUNDIDO PARA REDE DE ÁGUA, DN 300 MM, JUNTA ELÁSTICA, INSTALADO EM LOCAL COM NÍVEL ALTO DE INTERFERÊNCIAS (NÃO INCLUI FORNECIMENTO). AF_05/2024 | C4834: M | D4834: 12,69
A4835: 97147 | B4835: ASSENTAMENTO DE TUBO DE FERRO FUNDIDO PARA REDE DE ÁGUA, DN 350 MM, JUNTA ELÁSTICA, INSTALADO EM LOCAL COM NÍVEL ALTO DE INTERFERÊNCIAS (NÃO INCLUI FORNECIMENTO). AF_05/2024 | C4835: M | D4835: 14,50
A4836: 97148 | B4836: ASSENTAMENTO DE TUBO DE FERRO FUNDIDO PARA REDE DE ÁGUA, DN 400 MM, JUNTA ELÁSTICA, INSTALADO EM LOCAL COM NÍVEL ALTO DE INTERFERÊNCIAS (NÃO INCLUI FORNECIMENTO). AF_05/2024 | C4836: M | D4836: 16,29
A4837: 97149 | B4837: ASSENTAMENTO DE TUBO DE FERRO FUNDIDO PARA REDE DE ÁGUA, DN 450 MM, JUNTA ELÁSTICA, INSTALADO EM LOCAL COM NÍVEL ALTO DE INTERFERÊNCIAS (NÃO INCLUI FORNECIMENTO). AF_05/2024 | C4837: M | D4837: 18,12
A4838: 97150 | B4838: ASSENTAMENTO DE TUBO DE FERRO FUNDIDO PARA REDE DE ÁGUA, DN 500 MM, JUNTA ELÁSTICA, INSTALADO EM LOCAL COM NÍVEL ALTO DE INTERFERÊNCIAS (NÃO INCLUI FORNECIMENTO). AF_05/2024 | C4838: M | D4838: 23,12
A4839: 97151 | B4839: ASSENTAMENTO DE TUBO DE FERRO FUNDIDO PARA REDE DE ÁGUA, DN 600 MM, JUNTA ELÁSTICA, INSTALADO EM LOCAL COM NÍVEL ALTO DE INTERFERÊNCIAS (NÃO INCLUI FORNECIMENTO). AF_05/2024 | C4839: M | D4839: 27,25
A4840: 97152 | B4840: ASSENTAMENTO DE TUBO DE FERRO FUNDIDO PARA REDE DE ÁGUA, DN 700 MM, JUNTA ELÁSTICA, INSTALADO EM LOCAL COM NÍVEL ALTO DE INTERFERÊNCIAS (NÃO INCLUI FORNECIMENTO). AF_05/2024 | C4840: M | D4840: 31,14
... A7107: 94590 | B7107: CONTRAMARCO DE ALUMÍNIO, FIXAÇÃO COM PARAFUSO - FORNECIMENTO E INSTALAÇÃO. AF_12/2019 | C7107: M | D7107: 17,65
A7108: 100674 | B7108: JANELA FIXA DE ALUMÍNIO PARA VIDRO, COM VIDRO, BATENTE E FERRAGENS. EXCLUSIVE ACABAMENTO, ALIZAR E CONTRAMARCO. FORNECIMENTO E INSTALAÇÃO. AF_12/2019 | C7108: M2 | D7108: 722,27 | E7108: =18.9/0.3/0.3 -> 210
A7109: 101096 | B7109: TUBULÃO A CÉU ABERTO, DIÂMETRO DO FUSTE DE 70CM, ESCAVAÇÃO MANUAL, SEM ALARGAMENTO DE BASE, CONCRETO FEITO EM OBRA E LANÇADO COM JERICA. AF_05/2020_PA | C7109: M3 | D7109: 1.351,67
A7110: 101097 | B7110: TUBULÃO A CÉU ABERTO, DIÂMETRO DO FUSTE DE 80CM, ESCAVAÇÃO MANUAL, SEM ALARGAMENTO DE BASE, CONCRETO FEITO EM OBRA E LANÇADO COM JERICA. AF_05/2020_PA | C7110: M3 | D7110: 1.273,58
A7111: 101098 | B7111: TUBULÃO A CÉU ABERTO, DIÂMETRO DO FUSTE DE 100CM, ESCAVAÇÃO MANUAL, SEM ALARGAMENTO DE BASE, CONCRETO FEITO EM OBRA E LANÇADO COM JERICA. AF_05/2020_PA | C7111: M3 | D7111: 1.171,84
A7112: 101099 | B7112: TUBULÃO A CÉU ABERTO, DIÂMETRO DO FUSTE DE 120CM, ESCAVAÇÃO MANUAL, SEM ALARGAMENTO DE BASE, CONCRETO FEITO EM OBRA E LANÇADO COM JERICA. AF_05/2020_PA | C7112: M3 | D7112: 1.071,90
A7113: 101100 | B7113: TUBULÃO A CÉU ABERTO, DIÂMETRO DO FUSTE DE 70CM, ESCAVAÇÃO MECÂNICA, SEM ALARGAMENTO DE BASE, CONCRETO FEITO EM OBRA E LANÇADO COM JERICA. AF_05/2020_PA | C7113: M3 | D7113: 963,17
A7114: 101101 | B7114: TUBULÃO A CÉU ABERTO, DIÂMETRO DO FUSTE DE 80CM, ESCAVAÇÃO MECÂNICA, SEM ALARGAMENTO DE BASE, CONCRETO FEITO EM OBRA E LANÇADO COM JERICA (EXCLUSIVE MOBILIZAÇÃO E DESMOBILIZAÇÃO). AF_05/2020_PA | C7114: M3 | D7114: 939,20
A7115: 101102 | B7115: TUBULÃO A CÉU ABERTO, DIÂMETRO DO FUSTE DE 100CM, ESCAVAÇÃO MECÂNICA, SEM ALARGAMENTO DE BASE, CONCRETO FEITO EM OBRA E LANÇADO COM JERICA (EXCLUSIVE MOBILIZAÇÃO E DESMOBILIZAÇÃO). AF_05/2020_PA | C7115: M3 | D7115: 912,04
A7116: 101103 | B7116: TUBULÃO A CÉU ABERTO, DIÂMETRO DO FUSTE DE 120CM, ESCAVAÇÃO MECÂNICA, SEM ALARGAMENTO DE BASE, CONCRETO FEITO EM OBRA E LANÇADO COM JERICA (EXCLUSIVE MOBILIZAÇÃO E DESMOBILIZAÇÃO). AF_05/2020_PA | C7116: M3 | D7116: 860,57
A7117: 101104 | B7117: TUBULÃO A CÉU ABERTO, DIÂMETRO DO FUSTE DE 70CM, ESCAVAÇÃO MANUAL, SEM ALARGAMENTO DE BASE, CONCRETO USINADO E LANÇADO COM BOMBA OU DIRETAMENTE DO CAMINHÃO (EXCLUSIVE BOMBEAMENTO). AF_05/2020_PA | C7117: M3 | D7117: 1.384,90
A7118: 101105 | B7118: TUBULÃO A CÉU ABERTO, DIÂMETRO DO FUSTE DE 80CM, ESCAVAÇÃO MANUAL, SEM ALARGAMENTO DE BASE, CONCRETO USINADO E LANÇADO COM BOMBA OU DIRETAMENTE DO CAMINHÃO (EXCLUSIVE BOMBEAMENTO). AF_05/2020_PA | C7118: M3 | D7118: 1.306,42
A7119: 101106 | B7119: TUBULÃO A CÉU ABERTO, DIÂMETRO DO FUSTE DE 100CM, ESCAVAÇÃO MANUAL, SEM ALARGAMENTO DE BASE, CONCRETO USINADO E LANÇADO COM BOMBA OU DIRETAMENTE DO CAMINHÃO (EXCLUSIVE BOMBEAMENTO). AF_05/2020_PA | C7119: M3 | D7119: 1.204,56
A7120: 101107 | B7120: TUBULÃO A CÉU ABERTO, DIÂMETRO DO FUSTE DE 120CM, ESCAVAÇÃO MANUAL, SEM ALARGAMENTO DE BASE, CONCRETO USINADO E LANÇADO COM BOMBA OU DIRETAMENTE DO CAMINHÃO (EXCLUSIVE BOMBEAMENTO). AF_05/2020_PA | C7120: M3 | D7120: 1.103,91
... A12515: 101460 | B12515: VIGIA DIURNO COM ENCARGOS COMPLEMENTARES | C12515: MES | D12515: 4.178,14
A12516: 8662 | B12516: MOBILIZAÇÃO E DESMOBILIZAÇÃO DE OBRA
A12517: 8700 | B12517: OBRAS EM CENTRO URBANO OU REGIÃO LIMÍTROFE
A12518: ED-50394 | B12518: MOBILIZAÇÃO E DESMOBILIZAÇÃO DE OBRA EM CENTRO URBANO OU REGIÃO LIMÍTROFE COM VALOR ACIMA DE 3.000.000,01 | C12518: % | D12518: 0.2
A12519: ED-50392 | B12519: MOBILIZAÇÃO E DESMOBILIZAÇÃO DE OBRA EM CENTRO URBANO OU REGIÃO LIMÍTROFE COM VALOR ATÉ O VALOR DE 1.000.000,00 | C12519: % | D12519: 0.5
A12520: ED-50393 | B12520: MOBILIZAÇÃO E DESMOBILIZAÇÃO DE OBRA EM CENTRO URBANO OU REGIÃO LIMÍTROFE COM VALOR ENTRE 1.000.000,01 E 3.000.000,00 | C12520: % | D12520: 0.3
A12521: 8701 | B12521: OBRA DISTANTE DE CENTRO URBANO
A12522: ED-50391 | B12522: MOBILIZAÇÃO E DESMOBILIZAÇÃO OBRA DISTANTE DE CENTRO URBANO COM ACIMA DE 3.000.000,01 | C12522: % | D12522: 1
A12523: ED-50390 | B12523: MOBILIZAÇÃO E DESMOBILIZAÇÃO OBRA DISTANTE DE CENTRO URBANO COM ENTRE 1.000.000,01 E 3.000.000,00 | C12523: % | D12523: 1.5
A12524: ED-50389 | B12524: MOBILIZAÇÃO E DESMOBILIZAÇÃO OBRA DISTANTE DE CENTRO URBANO COM VALOR ATÉ O VALOR DE 1.000.000,00 | C12524: % | D12524: 2
A12525: 8663 | B12525: SERVIÇOS PRELIMINARES
A12526: 8702 | B12526: LIMPEZA DO TERRENO
A12527: ED-50701 | B12527: CAPINA MANUAL DO TERRENO, EXCLUSIVE RASTELAMENTO E QUEIMA | C12527: m2 | D12527: 1.21
A12528: ED-28163 | B12528: DESTOCAMENTO E AFASTAMENTO DE REMANESCENTE ARBÓREO, INCLUSIVE TRANSPORTE E RETIRADA DO MATERIAL ESCAVADO (EM CAÇAMBA) | C12528: un | D12528: 427.31
A12529: ED-50703 | B12529: LIMPEZA DE TERRENO, INCLUSIVE CAPINA, RASTELAMENTO COM AFASTAMENTO ATÉ VINTE (20) METROS E QUEIMA CONTROLADA | C12529: m2 | D12529: 2.15
A12530: ED-8143 | B12530: RASTELAMENTO DE ÁREA COM AFASTAMENTO DE ATÉ VINTE (20) METROS, EXCLUSIVE CAPINA OU ROÇADA MANUAL | C12530: m2 | D12530: 0.81
A12531: ED-28162 | B12531: ROÇADA MANUAL DE TERRENO COM ROÇADEIRA COSTAL, EXCLUSIVE RASTELAMENTO E QUEIMA | C12531: m2 | D12531: 0.25
A12532: 8703 | B12532: DESMATAMENTO E DESTOCAMENTO
A12533: ED-50702 | B12533: DESMATAMENTO, DESTOCAMENTO E LIMPEZA, INCLUSIVE TRANSPORTE ATÉ CINQUENTA (50) METROS | C12533: m2 | D12533: 0.49
A12534: 8704 | B12534: SUPRESSÃO DE ÁRVORE
A12535: ED-50699 | B12535: CORTE DE ÁRVORE COM MOTOSSERRA, DIÂMETRO DO TRONCO ACIMA DE TRINTA (30) CENTÍMETROS ATÉ CINQUENTA (50) CENTÍMETROS, EXCLUSIVE DESTOCAMENTO E AFASTAMENTO | C12535: un | D12535: 85.19
A12536: ED-50697 | B12536: CORTE DE ÁRVORE COM MOTOSSERRA, DIÂMETRO DO TRONCO DE QUINZE (15) CENTÍMETROS ATÉ TRINTA (30) CENTÍMETROS, EXCLUSIVE DESTOCAMENTO E AFASTAMENTO | C12536: un | D12536: 51.12
A12537: 8706 | B12537: REMOÇÃO DE TELHADO
A12538: ED-48438 | B12538: REMOÇÃO DE CALHA EM CHAPA GALVANIZADA OU EM PVC, COM REAPROVEITAMENTO, INCLUSIVE AFASTAMENTO E EMPILHAMENTO, EXCLUSIVE TRANSPORTE E RETIRADA DO MATERIAL REMOVIDO NÃO REAPROVEITÁVEL | C12538: m | D12538: 4.19
A12539: ED-48446 | B12539: REMOÇÃO MANUAL DE CONDUTOR EM PVC OU METÁLICO, COM REAPROVEITAMENTO, INCLUSIVE AFASTAMENTO E EMPILHAMENTO, EXCLUSIVE TRANSPORTE E RETIRADA DO MATERIAL REMOVIDO NÃO REAPROVEITÁVEL | C12539: m | D12539: 5.03
A12540: ED-48455 | B12540: REMOÇÃO MANUAL DE ENGRADAMENTO PARA TELHA TIPO CALHA ESTRUTURAL EM FIBROCIMENTO, COM REAPROVEITAMENTO, INCLUSIVE AFASTAMENTO E EMPILHAMENTO, EXCLUSIVE TRANSPORTE E RETIRADA DO MATERIAL REMOVIDO NÃO REAPROVEITÁVEL | C12540: m2 | D12540: 10.01
A12541: ED-48457 | B12541: REMOÇÃO MANUAL DE ENGRADAMENTO PARA TELHA TIPO CERÂMICA OU CONCRETO, INCLUSIVE AFASTAMENTO E EMPILHAMENTO, EXCLUSIVE TRANSPORTE E RETIRADA DO MATERIAL REMOVIDO NÃO REAPROVEITÁVEL | C12541: m2 | D12541: 20.02
A12542: ED-48454 | B12542: REMOÇÃO MANUAL DE ENGRADAMENTO PARA TELHA TIPO METÁLICA, PVC OU FIBROCIMENTO, COM REAPROVEITAMENTO, INCLUSIVE AFASTAMENTO E EMPILHAMENTO, EXCLUSIVE TRANSPORTE E RETIRADA DO MATERIAL REMOVIDO NÃO REAPROVEITÁVEL | C12542: m2 | D12542: 13.35
A12543: ED-48506 | B12543: REMOÇÃO MANUAL DE RUFO METÁLICO, COM REAPROVEITAMENTO, INCLUSIVE AFASTAMENTO E EMPILHAMENTO, EXCLUSIVE TRANSPORTE E RETIRADA DO MATERIAL REMOVIDO NÃO REAPROVEITÁVEL | C12543: m | D12543: 6.16
A12544: ED-48512 | B12544: REMOÇÃO MANUAL DE TELHA EM FIBROCIMENTO, TIPO ONDULADA, COM REAPROVEITAMENTO, INCLUSIVE AFASTAMENTO E EMPILHAMENTO, EXCLUSIVE TRANSPORTE E RETIRADA DO MATERIAL REMOVIDO NÃO REAPROVEITÁVEL | C12544: m2 | D12544: 11.44
A12545: ED-48514 | B12545: REMOÇÃO MANUAL DE TELHA CERÂMICA, COM REAPROVEITAMENTO, INCLUSIVE AFASTAMENTO E EMPILHAMENTO, EXCLUSIVE TRANSPORTE E RETIRADA DO MATERIAL REMOVIDO NÃO REAPROVEITÁVEL | C12545: m2 | D12545: 21.75
A12546: ED-48510 | B12546: REMOÇÃO MANUAL DE TELHA EM FIBROCIMENTO, TIPO CALHA ESTRUTURAL, COM REAPROVEITAMENTO, INCLUSIVE IÇAMENTO, AFASTAMENTO E EMPILHAMENTO, EXCLUSIVE TRANSPORTE E RETIRADA DO MATERIAL REMOVIDO NÃO REAPROVEITÁVEL | C12546: m2 | D12546: 22.75
A12547: ED-48509 | B12547: REMOÇÃO MANUAL DE TELHA METÁLICA OU PVC, COM REAPROVEITAMENTO, INCLUSIVE AFASTAMENTO E EMPILHAMENTO, EXCLUSIVE TRANSPORTE E RETIRADA DO MATERIAL REMOVIDO NÃO REAPROVEITÁVEL | C12547: m2 | D12547: 8.01
A12548: 8707 | B12548: DEMOLIÇÃO E REMOÇÃO DE INSTALAÇÃO
A12549: ED-48500 | B12549: DEMOLIÇÃO MANUAL DE TUBULAÇÕES EMBUTIDAS DE REDE (ÁGUA, ELÉTRICA, GASES, ETC.), INCLUSIVE RASGO EM ALVENARIA, REMOÇÃO DE ACESSÓRIOS DE FIXAÇÃO, AFASTAMENTO E EMPILHAMENTO, EXCLUSIVE TRANSPORTE E RETIRADA DO MATERIAL DEMOLIDO | C12549: m | D12549: 7.54
A12550: ED-48466 | B12550: REMOÇÃO MANUAL DE INTERFONE, COM REAPROVEITAMENTO, INCLUSIVE AFASTAMENTO E EMPILHAMENTO, EXCLUSIVE TRANSPORTE E RETIRADA DO MATERIAL REMOVIDO NÃO REAPROVEITÁVEL | C12550: un | D12550: 39.24
A12551: ED-48468 | B12551: REMOÇÃO MANUAL DE LUMINÁRIA COMERCIAL, EMBUTIDA OU SOBREPOR, COM REAPROVEITAMENTO, INCLUSIVE AFASTAMENTO E EMPILHAMENTO, EXCLUSIVE TRANSPORTE E RETIRADA DO MATERIAL REMOVIDO NÃO REAPROVEITÁVEL | C12551: un | D12551: 9.44
A12552: ED-48469 | B12552: REMOÇÃO MANUAL DE LUMINÁRIA COMPACTA (PLAFON, PAINEL LED, ETC.) EMBUTIDA OU SOBREPOR, COM REAPROVEITAMENTO, INCLUSIVE AFASTAMENTO E EMPILHAMENTO, EXCLUSIVE TRANSPORTE E RETIRADA DO MATERIAL REMOVIDO NÃO REAPROVEITÁVEL | C12552: un | D12552: 5.5
A12553: ED-48499 | B12553: REMOÇÃO MANUAL DE REDES DE DUTOS PARA CLIMATIZAÇÃO, INCLUSIVE AFASTAMENTO E EMPILHAMENTO, EXCLUSIVE TRANSPORTE E RETIRADA DO MATERIAL REMOVIDO NÃO REAPROVEITÁVEL | C12553: m | D12553: 8.38
A12554: ED-48515 | B12554: REMOÇÃO MANUAL DE TUBULAÇÕES EMBUTIDAS DE REDE (ÁGUA, ELÉTRICA, GASES, ETC.), COM REAPROVEITAMENTO, INCLUSIVE RASGO EM ALVENARIA, REMOÇÃO DE ACESSÓRIOS DE FIXAÇÃO, AFASTAMENTO E EMPILHAMENTO, EXCLUSIVE TRANSPORTE E RETIRADA DO MATERIAL REMOVIDO NÃO REAPROVEITÁVEL | C12554: m | D12554: 10.85
A12555: 8708 | B12555: DEMOLIÇÃO DE FORRO
A12556: ED-48463 | B12556: DEMOLIÇÃO MANUAL DE FORRO DE CHAPA OU PLACA DE GESSO, INCLUSIVE DEMOLIÇÃO DA ESTRUTURA DE SUSTENTAÇÃO, AFASTAMENTO E EMPILHAMENTO, EXCLUSIVE TRANSPORTE E RETIRADA DO MATERIAL DEMOLIDO | C12556: m2 | D12556: 4.9
A12557: 8709 | B12557: REMOÇÃO DE FORRO
A12558: ED-48460 | B12558: REMOÇÃO MANUAL DE FORRO DE PLACAS (GESSO, MINERAL, FIBRA, ISOPOR, COLMEIA, PVC, ETC.), COM REAPROVEITAMENTO, INCLUSIVE AFASTAMENTO E EMPILHAMENTO, EXCLUSIVE DEMOLIÇÃO DA ESTRUTURA DE SUSTENTAÇÃO, TRANSPORTE E RETIRADA DO MATERIAL REMOVIDO NÃO REAPROVEITÁVEL | C12558: m2 | D12558: 1.88
A12559: ED-48459 | B12559: REMOÇÃO MANUAL DE FORRO DE PLACAS (GESSO, MINERAL, FIBRA, ISOPOR, COLMEIA, PVC, ETC.), COM REAPROVEITAMENTO, INCLUSIVE DEMOLIÇÃO ESTRUTURA DE SUSTENTAÇÃO, AFASTAMENTO E EMPILHAMENTO, EXCLUSIVE TRANSPORTE E RETIRADA DO MATERIAL REMOVIDO NÃO REAPROVEITÁVEL | C12559: m2 | D12559: 5.65
A12560: ED-48464 | B12560: REMOÇÃO MANUAL DE FORRO DE TÁBUAS DE PINHO, COM REAPROVEITAMENTO, INCLUSIVE AFASTAMENTO E EMPILHAMENTO, EXCLUSIVE REMOÇÃO DA ESTRUTURA DE SUSTENTAÇÃO, TRANSPORTE E RETIRADA DO MATERIAL REMOVIDO NÃO REAPROVEITÁVEL | C12560: m2 | D12560: 8.78
A12561: ED-28355 | B12561: REMOÇÃO MANUAL ESTRUTURA OU TRAMA DE SUSTENTAÇÃO DE MADEIRA OU METÁLICA PARA FORRO, COM REAPROVEITAMENTO, INCLUSIVE AFASTAMENTO E EMPILHAMENTO, EXCLUSIVE TRANSPORTE E RETIRADA DO MATERIAL REMOVIDO NÃO REAPROVEITÁVEL | C12561: m2 | D12561: 3.77
A12562: 8710 | B12562: REMOÇÃO DE ESQUADRIA
A12563: ED-48496 | B12563: REMOÇÃO MANUAL DE CONJUNTO DE ALIZARES, COM REAPROVEITAMENTO, INCLUSIVE AFASTAMENTO E EMPILHAMENTO, EXCLUSIVE TRANSPORTE E RETIRADA DO MATERIAL REMOVIDO NÃO REAPROVEITÁVEL | C12563: cj | D12563: 3.12
A12564: ED-48458 | B12564: REMOÇÃO MANUAL DE CONJUNTO DE FERRAGENS (DOBRADIÇAS, FECHADURA E MAÇANETAS), COM REAPROVEITAMENTO, INCLUSIVE AFASTAMENTO E EMPILHAMENTO, EXCLUSIVE TRANSPORTE E RETIRADA DO MATERIAL REMOVIDO NÃO REAPROVEITÁVEL | C12564: un | D12564: 18.89
A12565: ED-48493 | B12565: REMOÇÃO MANUAL DE ESQUADRIA EM MADEIRA, COM REAPROVEITAMENTO, INCLUSIVE REMOÇÃO DE MARCO/ALIZAR/GUARNIÇÕES, AFASTAMENTO E EMPILHAMENTO, EXCLUSIVE TRANSPORTE E RETIRADA DO MATERIAL REMOVIDO NÃO REAPROVEITÁVEL | C12565: m2 | D12565: 12.06
A12566: ED-48497 | B12566: REMOÇÃO MANUAL DE ESQUADRIA METÁLICA, COM REAPROVEITAMENTO, INCLUSIVE MARCO/ALIZAR/GUARNIÇÕES, AFASTAMENTO E EMPILHAMENTO, EXCLUSIVE TRANSPORTE E RETIRADA DO MATERIAL REMOVIDO NÃO REAPROVEITÁVEL | C12566: m2 | D12566: 16.75
A12567: ED-48494 | B12567: REMOÇÃO MANUAL DE FOLHA DE PORTA OU JANELA DE MADEIRA OU METÁLICA, COM REAPROVEITAMENTO, INCLUSIVE AFASTAMENTO E EMPILHAMENTO, EXCLUSIVE TRANSPORTE E RETIRADA DO MATERIAL REMOVIDO NÃO REAPROVEITÁVEL | C12567: m2 | D12567: 8.15
A12568: ED-48495 | B12568: REMOÇÃO MANUAL DE MARCO EM MADEIRA OU METÁLICO, COM REAPROVEITAMENTO, INCLUSIVE AFASTAMENTO E EMPILHAMENTO, EXCLUSIVE TRANSPORTE E RETIRADA DO MATERIAL REMOVIDO NÃO REAPROVEITÁVEL | C12568: un | D12568: 16
A12569: 8711 | B12569: DEMOLIÇÃO DE IMPERMEABILIZAÇÃO
A12570: ED-48465 | B12570: DEMOLIÇÃO MANUAL DE IMPERMEABILIZAÇÃO E PROTEÇÃO MECÂNICA, INCLUSIVE AFASTAMENTO E EMPILHAMENTO, EXCLUSIVE TRANSPORTE E RETIRADA DO MATERIAL DEMOLIDO | C12570: m2 | D12570: 24.69
A12571: 8712 | B12571: REMOÇÃO DE LOUÇA E ACESSÓRIOS
A12572: ED-48467 | B12572: REMOÇÃO DE LOUÇAS (LAVATÓRIO, BANHEIRA, PIA, VASO SANITÁRIO, TANQUE), COM REAPROVEITAMENTO, INCLUSIVE AFASTAMENTO E EMPILHAMENTO, EXCLUSIVE TRANSPORTE E RETIRADA DO MATERIAL REMOVIDO NÃO REAPROVEITÁVEL | C12572: un | D12572: 38.25
A12573: ED-48470 | B12573: REMOÇÃO MANUAL DE METAIS COMUNS E ACABAMENTOS (TORNEIRA, ACABAMENTO PARA REGISTRO, SIFÃO, ENGATE FLEXÍVEL, ETC.), COM REAPROVEITAMENTO, INCLUSIVE AFASTAMENTO E EMPILHAMENTO, EXCLUSIVE TRANSPORTE E RETIRADA DO MATERIAL REMOVIDO NÃO REAPROVEITÁVEL | C12573: un | D12573: 5.71
A12574: ED-48471 | B12574: REMOÇÃO MANUAL DE METAIS EMBUTIDOS (BASE DE REGISTRO, VÁLVULA DE DESCARGA, TORNEIRA ANTIVANDALISMO, ETC.), COM REAPROVEITAMENTO, INCLUSIVE AFASTAMENTO E EMPILHAMENTO, EXCLUSIVE TRANSPORTE E RETIRADA DO MATERIAL REMOVIDO NÃO REAPROVEITÁVEL | C12574: un | D12574: 18.29
...

Sheet PLANILHA ORÇAMENTÁRIA
A1: Reforma do Campo de Futebol - Bairro Morro do Vento
A2: OBRA: REFORMA DO CAMPO DE FUTEBOL - BAIRRO MORRO DO VENTO - SERRO MG | D2: Nº Contrato: | G2: VALORES INICIAIS
A3: ENDEREÇO: RUA FLORIANÓPOLIS 135 , BAIRRO MORRO DO VENTO - SERRO MG | D3: Local: SEDE MUNICIPAL
A4: Empresa: | D4: CNPJ:
A5: ITEM | B5: DATA BASE | C5: ESCOPO DA OBRA | E5: DESCTO: | G5: CONTRATUAL
B6: SINAPI 05/24 SETOP 01/2024 | C6: DESCRIÇÃO DOS SERVIÇOS | D6: UNID. | E6: BDI SERV. | F6: =BDI!B15 -> 0.22746552 | G6: QUANT. | H6: R$ TOTAL
E7: R$ UNIT. | F7: R$ UNIT. C/ BDI
A9: 1 | C9: ADMINISTRAÇÃO LOCAL | H9: =SUBTOTAL(9,H10:H11) -> 21228.28
A10: 1.1 | B10: 2706 | C10: =VLOOKUP('PLANILHA ORÇAMENTÁRIA'!B10,'Sinapi 05-24 Setop 01-2024'!A:C,2,) -> ENGENHEIRO CIVIL DE OBRA JUNIOR (HORISTA) | D10: =VLOOKUP('PLANILHA ORÇAMENTÁRIA'!B10,'Sinapi 05-24 Setop 01-2024'!A:C,3,) -> H | E10: =VLOOKUP('PLANILHA ORÇAMENTÁRIA'!B10,'Sinapi 05-24 Setop 01-2024'!A:D,4,) -> 113,95 | F10: =E10*(1+($F$6))*(1-($F$5)) -> 139.8697 | G10: ='MEMÓRIA DE CÁLCULO'!D7 -> 24 | H10: =ROUND(F10*G10,2) -> 3356.87
A11: 1.2 | B11: 90776 | C11: =VLOOKUP('PLANILHA ORÇAMENTÁRIA'!B11,'Sinapi 05-24 Setop 01-2024'!A:C,2,) -> ENCARREGADO GERAL COM ENCARGOS COMPLEMENTARES | D11: =VLOOKUP('PLANILHA ORÇAMENTÁRIA'!B11,'Sinapi 05-24 Setop 01-2024'!A:C,3,) -> H | E11: =VLOOKUP('PLANILHA ORÇAMENTÁRIA'!B11,'Sinapi 05-24 Setop 01-2024'!A:D,4,) -> 55,15 | F11: =E11*(1+($F$6))*(1-($F$5)) -> 67.694724 | G11: ='MEMÓRIA DE CÁLCULO'!D8 -> 264 | H11: =ROUND(F11*G11,2) -> 17871.41
A12: 2 | C12: CANTEIRO DE OBRA | H12: =SUBTOTAL(9,H13,H14) -> 10709.92
A13: 2.1 | B13: ED-16660 | C13: =VLOOKUP('PLANILHA ORÇAMENTÁRIA'!B13,'Sinapi 05-24 Setop 01-2024'!A:C,2,) -> FORNECIMENTO E COLOCAÇÃO DE PLACA DE OBRA EM CHAPA GALVANIZADA #26, ESP. 0,45 MM, PLOTADA COM ADESIVO VINÍLICO, AFIXADA COM REBITES 4,8X40 MM, EM ESTRUTURA METÁLICA DE METALON 20X20 MM, ESP. 1,25 MM, INCLUSIVE SUPORTE EM EUCALIPTO AUTOCLAVADO PINTADO COM TINTA PVA DUAS (2) DEMÃOS | D13: =VLOOKUP('PLANILHA ORÇAMENTÁRIA'!B13,'Sinapi 05-24 Setop 01-2024'!A:C,3,) -> m2 | E13: =VLOOKUP('PLANILHA ORÇAMENTÁRIA'!B13,'Sinapi 05-24 Setop 01-2024'!A:D,4,) -> 302.03 | F13: =E13*(1+($F$6))*(1-($F$5)) -> 370.73141 | G13: ='MEMÓRIA DE CÁLCULO'!D10 -> 4.5 | H13: =ROUND(F13*G13,2) -> 1668.29
A14: 2.2 | B14: ED-50128 | C14: =VLOOKUP('PLANILHA ORÇAMENTÁRIA'!B14,'Sinapi 05-24 Setop 01-2024'!A:C,2,) -> BARRACÃO DE OBRA PARA DEPÓSITO E FERRAMENTARIA TIPO-I, ÁREA INTERNA 14,52M2, EM CHAPA DE COMPENSADO RESINADO, INCLUSIVE MOBILIÁRIO (OBRA DE PEQUENO PORTE, EFETIVO ATÉ 30 HOMENS), PADRÃO DER-MG | D14: =VLOOKUP('PLANILHA ORÇAMENTÁRIA'!B14,'Sinapi 05-24 Setop 01-2024'!A:C,3,) -> un | E14: =VLOOKUP('PLANILHA ORÇAMENTÁRIA'!B14,'Sinapi 05-24 Setop 01-2024'!A:D,4,) -> 7366.1 | F14: =E14*(1+($F$6))*(1-($F$5)) -> 9041.6338 | G14: ='MEMÓRIA DE CÁLCULO'!D11 -> 1 | H14: =ROUND(F14*G14,2) -> 9041.63
A15: 3 | C15: LOCAÇÃO DE ANDAIMES | H15: =SUBTOTAL(9,H16,H17) -> 1025.13
A16: 3.1 | B16: ED-9075 | C16: =VLOOKUP('PLANILHA ORÇAMENTÁRIA'!B16,'Sinapi 05-24 Setop 01-2024'!A:C,2,) -> FORNECIMENTO DE ANDAIME METÁLICO PARA FACHADA (LOCAÇÃO), INCLUSIVE PISO METÁLICO E SAPATAS, EXCLUSIVE MONTAGEM E DESMONTAGEM | D16: =VLOOKUP('PLANILHA ORÇAMENTÁRIA'!B16,'Sinapi 05-24 Setop 01-2024'!A:C,3,) -> m2xmês | E16: =VLOOKUP('PLANILHA ORÇAMENTÁRIA'!B16,'Sinapi 05-24 Setop 01-2024'!A:D,4,) -> 13.01 | F16: =E16*(1+($F$6))*(1-($F$5)) -> 15.969326 | G16: ='MEMÓRIA DE CÁLCULO'!D13 -> 50.16 | H16: =ROUND(F16*G16,2) -> 801.02
A17: 3.2 | B17: ED-48245 | C17: =VLOOKUP('PLANILHA ORÇAMENTÁRIA'!B17,'Sinapi 05-24 Setop 01-2024'!A:C,2,) -> MONTAGEM E DESMONTAGEM DE ANDAIME METÁLICO PARA FACHADA COM PISO METÁLICO, INCLUSIVE RODAPÉ/GUARDA-CORPO EM MADEIRA, EXCLUSIVE FORNECIMENTO DO ANDAIME | D17: =VLOOKUP('PLANILHA ORÇAMENTÁRIA'!B17,'Sinapi 05-24 Setop 01-2024'!A:C,3,) -> m2 | E17: =VLOOKUP('PLANILHA ORÇAMENTÁRIA'!B17,'Sinapi 05-24 Setop 01-2024'!A:D,4,) -> 10.92 | F17: =E17*(1+($F$6))*(1-($F$5)) -> 13.403924 | G17: ='MEMÓRIA DE CÁLCULO'!D14 -> 16.72 | H17: =ROUND(F17*G17,2) -> 224.11
A18: 4 | C18: FUNDAÇÕES | H18: =SUBTOTAL(9,H19:H28) -> 47819.11
A19: 4.1 | B19: ED-51108 | C19: =VLOOKUP('PLANILHA ORÇAMENTÁRIA'!B19,'Sinapi 05-24 Setop 01-2024'!A:C,2,) -> ESCAVAÇÃO MANUAL DE VALA COM PROFUNDIDADE MAIOR QUE 1,5M E MENOR OU IGUAL 3,0M, INCLUSIVE DESCARGA LATERAL | D19: =VLOOKUP('PLANILHA ORÇAMENTÁRIA'!B19,'Sinapi 05-24 Setop 01-2024'!A:C,3,) -> m3 | E19: =VLOOKUP('PLANILHA ORÇAMENTÁRIA'!B19,'Sinapi 05-24 Setop 01-2024'!A:D,4,) -> 81.52 | F19: =E19*(1+($F$6))*(1-($F$5)) -> 100.06299 | G19: ='MEMÓRIA DE CÁLCULO'!D16 -> 16.0258 | H19: =ROUND(F19*G19,2) -> 1603.59
A20: 4.2 | B20: ED-51093 | C20: =VLOOKUP('PLANILHA ORÇAMENTÁRIA'!B20,'Sinapi 05-24 Setop 01-2024'!A:C,2,) -> APILOAMENTO MANUAL EM FUNDO DE VALA COM SOQUETE, EXCLUSIVE ESCAVAÇÃO | D20: =VLOOKUP('PLANILHA ORÇAMENTÁRIA'!B20,'Sinapi 05-24 Setop 01-2024'!A:C,3,) -> m2 | E20: =VLOOKUP('PLANILHA ORÇAMENTÁRIA'!B20,'Sinapi 05-24 Setop 01-2024'!A:D,4,) -> 20.84 | F20: =E20*(1+($F$6))*(1-($F$5)) -> 25.580382 | G20: ='MEMÓRIA DE CÁLCULO'!D17 -> 34.882 | H20: =ROUND(F20*G20,2) -> 892.29
A21: 4.3 | B21: 95241 | C21: =VLOOKUP('PLANILHA ORÇAMENTÁRIA'!B21,'Sinapi 05-24 Setop 01-2024'!A:C,2,) -> LASTRO DE CONCRETO MAGRO, APLICADO EM PISOS, LAJES SOBRE SOLO OU RADIERS, ESPESSURA DE 5 CM. AF_01/2024 | D21: =VLOOKUP('PLANILHA ORÇAMENTÁRIA'!B21,'Sinapi 05-24 Setop 01-2024'!A:C,3,) -> M2 | E21: =VLOOKUP('PLANILHA ORÇAMENTÁRIA'!B21,'Sinapi 05-24 Setop 01-2024'!A:D,4,) -> 37,40 | F21: =E21*(1+($F$6))*(1-($F$5)) -> 45.907211 | G21: ='MEMÓRIA DE CÁLCULO'!D18 -> 49.088 | H21: =ROUND(F21*G21,2) -> 2253.49
A22: 4.4 | B22: ED-48214 | C22: =VLOOKUP('PLANILHA ORÇAMENTÁRIA'!B22,'Sinapi 05-24 Setop 01-2024'!A:C,2,) -> ALVENARIA DE BLOCO DE CONCRETO CHEIO COM ARMAÇÃO, EM CONCRETO COM FCK 15MPA , ESP. 19CM, PARA REVESTIMENTO, INCLUSIVE ARGAMASSA PARA ASSENTAMENTO (DETALHE D - CADERNO SEDS) | D22: =VLOOKUP('PLANILHA ORÇAMENTÁRIA'!B22,'Sinapi 05-24 Setop 01-2024'!A:C,3,) -> m2 | E22: =VLOOKUP('PLANILHA ORÇAMENTÁRIA'!B22,'Sinapi 05-24 Setop 01-2024'!A:D,4,) -> 245.63 | F22: =E22*(1+($F$6))*(1-($F$5)) -> 301.50236 | G22: ='MEMÓRIA DE CÁLCULO'!D19 -> 49.088 | H22: =ROUND(F22*G22,2) -> 14800.15
A23: 4.5 | B23: ED-48220 | C23: =VLOOKUP('PLANILHA ORÇAMENTÁRIA'!B23,'Sinapi 05-24 Setop 01-2024'!A:C,2,) -> ALVENARIA DE BLOCO DE CONCRETO CHEIO SEM ARMAÇÃO, EM CONCRETO COM FCK DE 20MPA , ESP. 19CM, PARA REVESTIMENTO, INCLUSIVE ARGAMASSA PARA ASSENTAMENTO (DETALHE D - CADERNO SEDS) | D23: =VLOOKUP('PLANILHA ORÇAMENTÁRIA'!B23,'Sinapi 05-24 Setop 01-2024'!A:C,3,) -> m2 | E23: =VLOOKUP('PLANILHA ORÇAMENTÁRIA'!B23,'Sinapi 05-24 Setop 01-2024'!A:D,4,) -> 187.26 | F23: =E23*(1+($F$6))*(1-($F$5)) -> 229.85519 | G23: ='MEMÓRIA DE CÁLCULO'!D20 -> 71.44 | H23: =ROUND(F23*G23,2) -> 16420.86
A24: 4.6 | B24: ED-31567 | C24: =VLOOKUP('PLANILHA ORÇAMENTÁRIA'!B24,'Sinapi 05-24 Setop 01-2024'!A:C,2,) -> FÔRMA E DESFORMA PARA PILAR DE MADEIRA COM TÁBUA E SARRAFO, REAPROVEITAMENTO (3X), EXCLUSIVE ESCORAMENTO | D24: =VLOOKUP('PLANILHA ORÇAMENTÁRIA'!B24,'Sinapi 05-24 Setop 01-2024'!A:C,3,) -> m2 | E24: =VLOOKUP('PLANILHA ORÇAMENTÁRIA'!B24,'Sinapi 05-24 Setop 01-2024'!A:D,4,) -> 65.76 | F24: =E24*(1+($F$6))*(1-($F$5)) -> 80.718133 | G24: ='MEMÓRIA DE CÁLCULO'!D21 -> 25.22 | H24: =ROUND(F24*G24,2) -> 2035.71
A25: 4.7 | B25: ED-8486 | C25: =VLOOKUP('PLANILHA ORÇAMENTÁRIA'!B25,'Sinapi 05-24 Setop 01-2024'!A:C,2,) -> CONCRETO ESTRUTURAL, PREPARADO EM OBRA COM BETONEIRA, CONTROLE "A", COM FCK 20MPA, BRITA Nº (1 E 2), CONSISTÊNCIA PARA VIBRAÇÃO (FABRICAÇÃO) | D25: =VLOOKUP('PLANILHA ORÇAMENTÁRIA'!B25,'Sinapi 05-24 Setop 01-2024'!A:C,3,) -> m3 | E25: =VLOOKUP('PLANILHA ORÇAMENTÁRIA'!B25,'Sinapi 05-24 Setop 01-2024'!A:D,4,) -> 584.38 | F25: =E25*(1+($F$6))*(1-($F$5)) -> 717.3063 | G25: ='MEMÓRIA DE CÁLCULO'!D22 -> 6.3652 | H25: =ROUND(F25*G25,2) -> 4565.8
A26: 4.8 | B26: 92761 | C26: =VLOOKUP('PLANILHA ORÇAMENTÁRIA'!B26,'Sinapi 05-24 Setop 01-2024'!A:C,2,) -> ARMAÇÃO DE PILAR OU VIGA DE ESTRUTURA CONVENCIONAL DE CONCRETO ARMADO UTILIZANDO AÇO CA-50 DE 8,0 MM - MONTAGEM. AF_06/2022 | D26: =VLOOKUP('PLANILHA ORÇAMENTÁRIA'!B26,'Sinapi 05-24 Setop 01-2024'!A:C,3,) -> KG | E26: =VLOOKUP('PLANILHA ORÇAMENTÁRIA'!B26,'Sinapi 05-24 Setop 01-2024'!A:D,4,) -> 11,53 | F26: =E26*(1+($F$6))*(1-($F$5)) -> 14.152677 | G26: ='MEMÓRIA DE CÁLCULO'!D23 -> 280.32 | H26: =ROUND(F26*G26,2) -> 3967.28
A27: 4.9 | B27: 92802 | C27: =VLOOKUP('PLANILHA ORÇAMENTÁRIA'!B27,'Sinapi 05-24 Setop 01-2024'!A:C,2,) -> CORTE E DOBRA DE AÇO CA-50, DIÂMETRO DE 8,0 MM. AF_06/2022 | D27: =VLOOKUP('PLANILHA ORÇAMENTÁRIA'!B27,'Sinapi 05-24 Setop 01-2024'!A:C,3,) -> KG | E27: =VLOOKUP('PLANILHA ORÇAMENTÁRIA'!B27,'Sinapi 05-24 Setop 01-2024'!A:D,4,) -> 9,09 | F27: =E27*(1+($F$6))*(1-($F$5)) -> 11.157662 | G27: ='MEMÓRIA DE CÁLCULO'!D25 -> 80.15 | H27: =ROUND(F27*G27,2) -> 894.29
A28: 4.10 | B28: ED-29230 | C28: =VLOOKUP('PLANILHA ORÇAMENTÁRIA'!B28,'Sinapi 05-24 Setop 01-2024'!A:C,2,) -> TRANSPORTE DE MATERIAL DE QUALQUER NATUREZA EM CAMINHÃO, DISTÂNCIA MAIOR QUE 1KM E MENOR OU IGUAL A 2KM, DENTRO DO PERÍMETRO URBANO, EXCLUSIVE CARGA, INCLUSIVE DESCARGA | D28: =VLOOKUP('PLANILHA ORÇAMENTÁRIA'!B28,'Sinapi 05-24 Setop 01-2024'!A:C,3,) -> M3xKM | E28: =VLOOKUP('PLANILHA ORÇAMENTÁRIA'!B28,'Sinapi 05-24 Setop 01-2024'!A:D,4,) -> 3.92 | F28: =E28*(1+($F$6))*(1-($F$5)) -> 4.8116649 | G28: ='MEMÓRIA DE CÁLCULO'!D25 -> 80.15 | H28: =ROUND(F28*G28,2) -> 385.65
A29: 5 | C29: ESTRUTURA | H29: =SUBTOTAL(9,H30:H36) -> 8458.14
A30: 5.1 | B30: ED-19633 | C30: =VLOOKUP('PLANILHA ORÇAMENTÁRIA'!B30,'Sinapi 05-24 Setop 01-2024'!A:C,2,) -> ESCORAMENTO METÁLICO PARA LAJE E VIGA EM CONCRETO ARMADO, TIPO "A", ALTURA DE (200 ATÉ 310)CM, INCLUSIVE DESCARGA, MONTAGEM, DESMONTAGEM E CARGA | D30: =VLOOKUP('PLANILHA ORÇAMENTÁRIA'!B30,'Sinapi 05-24 Setop 01-2024'!A:C,3,) -> m2xmês | E30: =VLOOKUP('PLANILHA ORÇAMENTÁRIA'!B30,'Sinapi 05-24 Setop 01-2024'!A:D,4,) -> 18.06 | F30: =E30*(1+($F$6))*(1-($F$5)) -> 22.168027 | G30: ='MEMÓRIA DE CÁLCULO'!D27 -> 8.74 | H30: =ROUND(F30*G30,2) -> 193.75
A31: 5.2 | B31: ED-31567 | C31: =VLOOKUP('PLANILHA ORÇAMENTÁRIA'!B31,'Sinapi 05-24 Setop 01-2024'!A:C,2,) -> FÔRMA E DESFORMA PARA PILAR DE MADEIRA COM TÁBUA E SARRAFO, REAPROVEITAMENTO (3X), EXCLUSIVE ESCORAMENTO | D31: =VLOOKUP('PLANILHA ORÇAMENTÁRIA'!B31,'Sinapi 05-24 Setop 01-2024'!A:C,3,) -> m2 | E31: =VLOOKUP('PLANILHA ORÇAMENTÁRIA'!B31,'Sinapi 05-24 Setop 01-2024'!A:D,4,) -> 65.76 | F31: =E31*(1+($F$6))*(1-($F$5)) -> 80.718133 | G31: ='MEMÓRIA DE CÁLCULO'!D28 -> 21.38 | H31: =ROUND(F31*G31,2) -> 1725.75
A32: 5.3 | B32: ED-8486 | C32: =VLOOKUP('PLANILHA ORÇAMENTÁRIA'!B32,'Sinapi 05-24 Setop 01-2024'!A:C,2,) -> CONCRETO ESTRUTURAL, PREPARADO EM OBRA COM BETONEIRA, CONTROLE "A", COM FCK 20MPA, BRITA Nº (1 E 2), CONSISTÊNCIA PARA VIBRAÇÃO (FABRICAÇÃO) | D32: =VLOOKUP('PLANILHA ORÇAMENTÁRIA'!B32,'Sinapi 05-24 Setop 01-2024'!A:C,3,) -> m3 | E32: =VLOOKUP('PLANILHA ORÇAMENTÁRIA'!B32,'Sinapi 05-24 Setop 01-2024'!A:D,4,) -> 584.38 | F32: =E32*(1+($F$6))*(1-($F$5)) -> 717.3063 | G32: ='MEMÓRIA DE CÁLCULO'!D29 -> 2.81 | H32: =ROUND(F32*G32,2) -> 2015.63
A33: 5.4 | B33: 92769 | C33: =VLOOKUP('PLANILHA ORÇAMENTÁRIA'!B33,'Sinapi 05-24 Setop 01-2024'!A:C,2,) -> ARMAÇÃO DE LAJE DE ESTRUTURA CONVENCIONAL DE CONCRETO ARMADO UTILIZANDO AÇO CA-50 DE 6,3 MM - MONTAGEM. AF_06/2022 | D33: =VLOOKUP('PLANILHA ORÇAMENTÁRIA'!B33,'Sinapi 05-24 Setop 01-2024'!A:C,3,) -> KG | E33: =VLOOKUP('PLANILHA ORÇAMENTÁRIA'!B33,'Sinapi 05-24 Setop 01-2024'!A:D,4,) -> 11,87 | F33: =E33*(1+($F$6))*(1-($F$5)) -> 14.570016 | G33: ='MEMÓRIA DE CÁLCULO'!D30 -> 52.44 | H33: =ROUND(F33*G33,2) -> 764.05
A34: 5.5 | B34: 92761 | C34: =VLOOKUP('PLANILHA ORÇAMENTÁRIA'!B34,'Sinapi 05-24 Setop 01-2024'!A:C,2,) -> ARMAÇÃO DE PILAR OU VIGA DE ESTRUTURA CONVENCIONAL DE CONCRETO ARMADO UTILIZANDO AÇO CA-50 DE 8,0 MM - MONTAGEM. AF_06/2022 | D34: =VLOOKUP('PLANILHA ORÇAMENTÁRIA'!B34,'Sinapi 05-24 Setop 01-2024'!A:C,3,) -> KG | E34: =VLOOKUP('PLANILHA ORÇAMENTÁRIA'!B34,'Sinapi 05-24 Setop 01-2024'!A:D,4,) -> 11,53 | F34: =E34*(1+($F$6))*(1-($F$5)) -> 14.152677 | G34: ='MEMÓRIA DE CÁLCULO'!D31 -> 108.112 | H34: =ROUND(F34*G34,2) -> 1530.07
A35: 5.6 | B35: ED-29550 | C35: =VLOOKUP('PLANILHA ORÇAMENTÁRIA'!B35,'Sinapi 05-24 Setop 01-2024'!A:C,2,) -> CORTE, DOBRA E MONTAGEM DE AÇO CA-50, DIÂMETRO 8MM, INCLUSIVE ESPAÇADOR | D35: =VLOOKUP('PLANILHA ORÇAMENTÁRIA'!B35,'Sinapi 05-24 Setop 01-2024'!A:C,3,) -> Kg | E35: =VLOOKUP('PLANILHA ORÇAMENTÁRIA'!B35,'Sinapi 05-24 Setop 01-2024'!A:D,4,) -> 11.31 | F35: =E35*(1+($F$6))*(1-($F$5)) -> 13.882635 | G35: ='MEMÓRIA DE CÁLCULO'!D32 -> 108.112 | H35: =ROUND(F35*G35,2) -> 1500.88
A36: 5.7 | B36: ED-29549 | C36: =VLOOKUP('PLANILHA ORÇAMENTÁRIA'!B36,'Sinapi 05-24 Setop 01-2024'!A:C,2,) -> CORTE, DOBRA E MONTAGEM DE AÇO CA-50, DIÂMETRO 6,3MM, INCLUSIVE ESPAÇADOR | D36: =VLOOKUP('PLANILHA ORÇAMENTÁRIA'!B36,'Sinapi 05-24 Setop 01-2024'!A:C,3,) -> Kg | E36: =VLOOKUP('PLANILHA ORÇAMENTÁRIA'!B36,'Sinapi 05-24 Setop 01-2024'!A:D,4,) -> 11.31 | F36: =E36*(1+($F$6))*(1-($F$5)) -> 13.882635 | G36: ='MEMÓRIA DE CÁLCULO'!D33 -> 52.44 | H36: =ROUND(F36*G36,2) -> 728.01
A37: 6 | C37: ALVENARIA | H37: =SUBTOTAL(9,H38:H38) -> 7361.3
A38: 6.1 | B38: 103330 | C38: =VLOOKUP('PLANILHA ORÇAMENTÁRIA'!B38,'Sinapi 05-24 Setop 01-2024'!A:C,2,) -> ALVENARIA DE VEDAÇÃO DE BLOCOS CERÂMICOS FURADOS NA HORIZONTAL DE 11,5X19X19 CM (ESPESSURA 11,5 CM) E ARGAMASSA DE ASSENTAMENTO COM PREPARO EM BETONEIRA. AF_12/2021 | D38: =VLOOKUP('PLANILHA ORÇAMENTÁRIA'!B38,'Sinapi 05-24 Setop 01-2024'!A:C,3,) -> M2 | E38: =VLOOKUP('PLANILHA ORÇAMENTÁRIA'!B38,'Sinapi 05-24 Setop 01-2024'!A:D,4,) -> 82,27 | F38: =E38*(1+($F$6))*(1-($F$5)) -> 100.98359 | G38: ='MEMÓRIA DE CÁLCULO'!D35 -> 72.896 | H38: =ROUND(F38*G38,2) -> 7361.3
A39: 7 | C39: REVESTIMENTOS | H39: =SUBTOTAL(9,H40:H45) -> 12563.9
A40: 7.1 | C40: CHAPISCO | H40: =SUBTOTAL(9,H41) -> 1587.02
A41: 7.1.1 | B41: 87893 | C41: =VLOOKUP('PLANILHA ORÇAMENTÁRIA'!B41,'Sinapi 05-24 Setop 01-2024'!A:C,2,) -> CHAPISCO APLICADO EM ALVENARIA (SEM PRESENÇA DE VÃOS) E ESTRUTURAS DE CONCRETO DE FACHADA, COM COLHER DE PEDREIRO. ARGAMASSA TRAÇO 1:3 COM PREPARO MANUAL. AF_10/2022 | D41: =VLOOKUP('PLANILHA ORÇAMENTÁRIA'!B41,'Sinapi 05-24 Setop 01-2024'!A:C,3,) -> M2 | E41: =VLOOKUP('PLANILHA ORÇAMENTÁRIA'!B41,'Sinapi 05-24 Setop 01-2024'!A:D,4,) -> 7,28 | F41: =E41*(1+($F$6))*(1-($F$5)) -> 8.935949 | G41: ='MEMÓRIA DE CÁLCULO'!D38 -> 177.6 | H41: =ROUND(F41*G41,2) -> 1587.02
A42: 7.2 | C42: REBOCO | H42: =SUBTOTAL(9,H43:H45) -> 10976.88
A43: 7.2.1 | B43: 87528 | C43: =VLOOKUP('PLANILHA ORÇAMENTÁRIA'!B43,'Sinapi 05-24 Setop 01-2024'!A:C,2,) -> EMBOÇO, EM ARGAMASSA TRAÇO 1:2:8, PREPARO MANUAL, APLICADO MANUALMENTE EM PAREDES INTERNAS DE AMBIENTES COM ÁREA MENOR QUE 5M², E = 17,5MM, COM TALISCAS. AF_03/2024 | D43: =VLOOKUP('PLANILHA ORÇAMENTÁRIA'!B43,'Sinapi 05-24 Setop 01-2024'!A:C,3,) -> M2 | E43: =VLOOKUP('PLANILHA ORÇAMENTÁRIA'!B43,'Sinapi 05-24 Setop 01-2024'!A:D,4,) -> 42,09 | F43: =E43*(1+($F$6))*(1-($F$5)) -> 51.664024 | G43: ='MEMÓRIA DE CÁLCULO'!D40 -> 49.4 | H43: =ROUND(F43*G43,2) -> 2552.2
A44: 7.2.2 | B44: ED-50761 | C44: =VLOOKUP('PLANILHA ORÇAMENTÁRIA'!B44,'Sinapi 05-24 Setop 01-2024'!A:C,2,) -> REBOCO COM ARGAMASSA, TRAÇO 1:2:8 (CIMENTO, CAL E AREIA), ESP. 20MM, APLICAÇÃO MANUAL, INCLUSIVE ARGAMASSA COM PREPARO MECANIZADO, EXCLUSIVE CHAPISCO | D44: =VLOOKUP('PLANILHA ORÇAMENTÁRIA'!B44,'Sinapi 05-24 Setop 01-2024'!A:C,3,) -> m2 | E44: =VLOOKUP('PLANILHA ORÇAMENTÁRIA'!B44,'Sinapi 05-24 Setop 01-2024'!A:D,4,) -> 32.19 | F44: =E44*(1+($F$6))*(1-($F$5)) -> 39.512115 | G44: ='MEMÓRIA DE CÁLCULO'!D41 -> 117.932 | H44: =ROUND(F44*G44,2) -> 4659.74
A45: 7.2.3 | B45: 87269 | C45: =VLOOKUP('PLANILHA ORÇAMENTÁRIA'!B45,'Sinapi 05-24 Setop 01-2024'!A:C,2,) -> REVESTIMENTO CERÂMICO PARA PAREDES INTERNAS COM PLACAS TIPO ESMALTADA EXTRA DE DIMENSÕES 25X35 CM APLICADAS NA ALTURA INTEIRA DAS PAREDES. AF_02/2023_PE | D45: =VLOOKUP('PLANILHA ORÇAMENTÁRIA'!B45,'Sinapi 05-24 Setop 01-2024'!A:C,3,) -> M2 | E45: =VLOOKUP('PLANILHA ORÇAMENTÁRIA'!B45,'Sinapi 05-24 Setop 01-2024'!A:D,4,) -> 62,09 | F45: =E45*(1+($F$6))*(1-($F$5)) -> 76.213334 | G45: ='MEMÓRIA DE CÁLCULO'!D42 -> 49.4 | H45: =ROUND(F45*G45,2) -> 3764.94
A46: 8 | C46: COBERTURA | H46: =SUBTOTAL(9,H47:H48) -> 1782.29
A47: 8.1 | B47: 92541 | C47: =VLOOKUP('PLANILHA ORÇAMENTÁRIA'!B47,'Sinapi 05-24 Setop 01-2024'!A:C,2,) -> TRAMA DE MADEIRA COMPOSTA POR RIPAS, CAIBROS E TERÇAS PARA TELHADOS DE ATÉ 2 ÁGUAS PARA TELHA CERÂMICA CAPA-CANAL, INCLUSO TRANSPORTE VERTICAL. AF_07/2019 | D47: =VLOOKUP('PLANILHA ORÇAMENTÁRIA'!B47,'Sinapi 05-24 Setop 01-2024'!A:C,3,) -> M2 | E47: =VLOOKUP('PLANILHA ORÇAMENTÁRIA'!B47,'Sinapi 05-24 Setop 01-2024'!A:D,4,) -> 110,21 | F47: =E47*(1+($F$6))*(1-($F$5)) -> 135.27898 | G47: ='MEMÓRIA DE CÁLCULO'!D44 -> 7 | H47: =ROUND(F47*G47,2) -> 946.95
A48: 8.2 | B48: ED-48428 | C48: =VLOOKUP('PLANILHA ORÇAMENTÁRIA'!B48,'Sinapi 05-24 Setop 01-2024'!A:C,2,) -> COBERTURA EM TELHA METÁLICA GALVANIZADA TRAPEZOIDAL, TIPO SIMPLES, ESP. 0,50MM, ACABAMENTO NATURAL, INCLUSIVE ACESSÓRIOS PARA FIXAÇÃO, FORNECIMENTO E INSTALAÇÃO | D48: =VLOOKUP('PLANILHA ORÇAMENTÁRIA'!B48,'Sinapi 05-24 Setop 01-2024'!A:C,3,) -> m2 | E48: =VLOOKUP('PLANILHA ORÇAMENTÁRIA'!B48,'Sinapi 05-24 Setop 01-2024'!A:D,4,) -> 97.22 | F48: =E48*(1+($F$6))*(1-($F$5)) -> 119.3342 | G48: ='MEMÓRIA DE CÁLCULO'!D45 -> 7 | H48: =ROUND(F48*G48,2) -> 835.34
A49: 9 | C49: CALHAS | H49: =SUBTOTAL(9,H50:H53) -> 754.3
A50: 9.1 | B50: ED-50654 | C50: =VLOOKUP('PLANILHA ORÇAMENTÁRIA'!B50,'Sinapi 05-24 Setop 01-2024'!A:C,2,) -> CALHA EM CHAPA GALVANIZADA, ESP. 0,65MM (GSG-24), COM DESENVOLVIMENTO DE 33CM, INCLUSIVE IÇAMENTO MANUAL VERTICAL | D50: =VLOOKUP('PLANILHA ORÇAMENTÁRIA'!B50,'Sinapi 05-24 Setop 01-2024'!A:C,3,) -> m | E50: =VLOOKUP('PLANILHA ORÇAMENTÁRIA'!B50,'Sinapi 05-24 Setop 01-2024'!A:D,4,) -> 52.47 | F50: =E50*(1+($F$6))*(1-($F$5)) -> 64.405116 | G50: ='MEMÓRIA DE CÁLCULO'!D47 -> 3.5 | H50: =ROUND(F50*G50,2) -> 225.42
A51: 9.2 | B51: 89511 | C51: =VLOOKUP('PLANILHA ORÇAMENTÁRIA'!B51,'Sinapi 05-24 Setop 01-2024'!A:C,2,) -> TUBO PVC, SÉRIE R, ÁGUA PLUVIAL, DN 75 MM, FORNECIDO E INSTALADO EM RAMAL DE ENCAMINHAMENTO. AF_06/2022 | D51: =VLOOKUP('PLANILHA ORÇAMENTÁRIA'!B51,'Sinapi 05-24 Setop 01-2024'!A:C,3,) -> M | E51: =VLOOKUP('PLANILHA ORÇAMENTÁRIA'!B51,'Sinapi 05-24 Setop 01-2024'!A:D,4,) -> 38,73 | F51: =E51*(1+($F$6))*(1-($F$5)) -> 47.53974 | G51: ='MEMÓRIA DE CÁLCULO'!D48 -> 4 | H51: =ROUND(F51*G51,2) -> 190.16
A52: 9.3 | B52: 3511 | C52: =VLOOKUP('PLANILHA ORÇAMENTÁRIA'!B52,'Sinapi 05-24 Setop 01-2024'!A:C,2,) -> JOELHO, PVC SOLDAVEL, 90 GRAUS, 75 MM, COR MARROM, PARA AGUA FRIA PREDIAL | D52: =VLOOKUP('PLANILHA ORÇAMENTÁRIA'!B52,'Sinapi 05-24 Setop 01-2024'!A:C,3,) -> UN | E52: =VLOOKUP('PLANILHA ORÇAMENTÁRIA'!B52,'Sinapi 05-24 Setop 01-2024'!A:D,4,) -> 80,79 | F52: =E52*(1+($F$6))*(1-($F$5)) -> 99.16694 | G52: ='MEMÓRIA DE CÁLCULO'!D49 -> 3 | H52: =ROUND(F52*G52,2) -> 297.5
A53: 9.4 | B53: ED-49961 | C53: =VLOOKUP('PLANILHA ORÇAMENTÁRIA'!B53,'Sinapi 05-24 Setop 01-2024'!A:C,2,) -> RALO HEMISFÉRICO, TIPO ABACAXI, DIÂMETRO DE 75MM, EXCLUSIVE CONDUTOR DE ÁGUA PLUVIAL | D53: =VLOOKUP('PLANILHA ORÇAMENTÁRIA'!B53,'Sinapi 05-24 Setop 01-2024'!A:C,3,) -> un | E53: =VLOOKUP('PLANILHA ORÇAMENTÁRIA'!B53,'Sinapi 05-24 Setop 01-2024'!A:D,4,) -> 33.58 | F53: =E53*(1+($F$6))*(1-($F$5)) -> 41.218292 | G53: ='MEMÓRIA DE CÁLCULO'!D50 -> 1 | H53: =ROUND(F53*G53,2) -> 41.22
A54: 10 | C54: VIDRO | H54: =SUBTOTAL(9,H55:H57) -> 302.74
A55: 10.1 | B55: 10492 | C55: =VLOOKUP('PLANILHA ORÇAMENTÁRIA'!B55,'Sinapi 05-24 Setop 01-2024'!A:C,2,) -> VIDRO LISO INCOLOR 4MM - SEM COLOCACAO | D55: =VLOOKUP('PLANILHA ORÇAMENTÁRIA'!B55,'Sinapi 05-24 Setop 01-2024'!A:C,3,) -> M2 | E55: =VLOOKUP('PLANILHA ORÇAMENTÁRIA'!B55,'Sinapi 05-24 Setop 01-2024'!A:D,4,) -> 120,00 | F55: =E55*(1+($F$6))*(1-($F$5)) -> 147.29586 | G55: ='MEMÓRIA DE CÁLCULO'!D52 -> 0.72 | H55: =ROUND(F55*G55,2) -> 106.05
A56: 10.2 | B56: 10498 | C56: =VLOOKUP('PLANILHA ORÇAMENTÁRIA'!B56,'Sinapi 05-24 Setop 01-2024'!A:C,2,) -> MASSA PARA VIDRO | D56: =VLOOKUP('PLANILHA ORÇAMENTÁRIA'!B56,'Sinapi 05-24 Setop 01-2024'!A:C,3,) -> KG | E56: =VLOOKUP('PLANILHA ORÇAMENTÁRIA'!B56,'Sinapi 05-24 Setop 01-2024'!A:D,4,) -> 7,64 | F56: =E56*(1+($F$6))*(1-($F$5)) -> 9.3778366 | G56: ='MEMÓRIA DE CÁLCULO'!D53 -> 2 | H56: =ROUND(F56*G56,2) -> 18.76
A57: 10.3 | B57: ED-50367 | C57: =VLOOKUP('PLANILHA ORÇAMENTÁRIA'!B57,'Sinapi 05-24 Setop 01-2024'!A:C,2,) -> SERVENTE COM ENCARGOS COMPLEMENTARES | D57: =VLOOKUP('PLANILHA ORÇAMENTÁRIA'!B57,'Sinapi 05-24 Setop 01-2024'!A:C,3,) -> hora | E57: =VLOOKUP('PLANILHA ORÇAMENTÁRIA'!B57,'Sinapi 05-24 Setop 01-2024'!A:D,4,) -> 18.12 | F57: =E57*(1+($F$6))*(1-($F$5)) -> 22.241675 | G57: ='MEMÓRIA DE CÁLCULO'!D54 -> 8 | H57: =ROUND(F57*G57,2) -> 177.93
A58: 11 | C58: PISO | H58: =SUBTOTAL(9,H59:H61) -> 8399.63
A59: 11.1 | B59: 102474 | C59: =VLOOKUP('PLANILHA ORÇAMENTÁRIA'!B59,'Sinapi 05-24 Setop 01-2024'!A:C,2,) -> CONCRETO FCK = 15MPA, TRAÇO 1:3,4:3,4 (EM MASSA SECA DE CIMENTO/ AREIA MÉDIA/ SEIXO ROLADO) - PREPARO MECÂNICO COM BETONEIRA 400 L. AF_05/2021 | D59: =VLOOKUP('PLANILHA ORÇAMENTÁRIA'!B59,'Sinapi 05-24 Setop 01-2024'!A:C,3,) -> M3 | E59: =VLOOKUP('PLANILHA ORÇAMENTÁRIA'!B59,'Sinapi 05-24 Setop 01-2024'!A:D,4,) -> 637,86 | F59: =E59*(1+($F$6))*(1-($F$5)) -> 782.95116 | G59: ='MEMÓRIA DE CÁLCULO'!D57 -> 8.74 | H59: =ROUND(F59*G59,2) -> 6842.99
A60: 11.2 | B60: ED-50569 | C60: =VLOOKUP('PLANILHA ORÇAMENTÁRIA'!B60,'Sinapi 05-24 Setop 01-2024'!A:C,2,) -> CONTRAPISO DESEMPENADO COM ARGAMASSA, TRAÇO 1:3 (CIMENTO E AREIA), ESP. 50MM | D60: =VLOOKUP('PLANILHA ORÇAMENTÁRIA'!B60,'Sinapi 05-24 Setop 01-2024'!A:C,3,) -> m2 | E60: =VLOOKUP('PLANILHA ORÇAMENTÁRIA'!B60,'Sinapi 05-24 Setop 01-2024'!A:D,4,) -> 56.29 | F60: =E60*(1+($F$6))*(1-($F$5)) -> 69.094034 | G60: ='MEMÓRIA DE CÁLCULO'!D57 -> 8.74 | H60: =ROUND(F60*G60,2) -> 603.88
A61: 11.3 | B61: ED-50542 | C61: =VLOOKUP('PLANILHA ORÇAMENTÁRIA'!B61,'Sinapi 05-24 Setop 01-2024'!A:C,2,) -> REVESTIMENTO COM CERÂMICA APLICADO EM PISO, ACABAMENTO ESMALTADO, AMBIENTE INTERNO, PADRÃO EXTRA, DIMENSÃO DA PEÇA ATÉ 2025 CM2, PEI V, ASSENTAMENTO COM ARGAMASSA INDUSTRIALIZADA, INCLUSIVE REJUNTAMENTO | D61: =VLOOKUP('PLANILHA ORÇAMENTÁRIA'!B61,'Sinapi 05-24 Setop 01-2024'!A:C,3,) -> m2 | E61: =VLOOKUP('PLANILHA ORÇAMENTÁRIA'!B61,'Sinapi 05-24 Setop 01-2024'!A:D,4,) -> 88.81 | F61: =E61*(1+($F$6))*(1-($F$5)) -> 109.01121 | G61: ='MEMÓRIA DE CÁLCULO'!D58 -> 8.74 | H61: =ROUND(F61*G61,2) -> 952.76
A62: 12 | C62: PINTURA | H62: =SUBTOTAL(9,H63:H67) -> 10818.79
A63: 12.1 | B63: ED-50514 | C63: =VLOOKUP('PLANILHA ORÇAMENTÁRIA'!B63,'Sinapi 05-24 Setop 01-2024'!A:C,2,) -> PREPARAÇÃO PARA EMASSAMENTO OU PINTURA (LÁTEX/ACRÍLICA) EM PAREDE, INCLUSIVE UMA (1) DEMÃO DE SELADOR ACRÍLICO | D63: =VLOOKUP('PLANILHA ORÇAMENTÁRIA'!B63,'Sinapi 05-24 Setop 01-2024'!A:C,3,) -> m2 | E63: =VLOOKUP('PLANILHA ORÇAMENTÁRIA'!B63,'Sinapi 05-24 Setop 01-2024'!A:D,4,) -> 6.38 | F63: =E63*(1+($F$6))*(1-($F$5)) -> 7.83123 | G63: ='MEMÓRIA DE CÁLCULO'!D60 -> 117.932 | H63: =ROUND(F63*G63,2) -> 923.55
A64: 12.2 | B64: ED-50451 | C64: =VLOOKUP('PLANILHA ORÇAMENTÁRIA'!B64,'Sinapi 05-24 Setop 01-2024'!A:C,2,) -> PINTURA ACRÍLICA EM PAREDE, DUAS (2) DEMÃOS, EXCLUSIVE SELADOR ACRÍLICO E MASSA ACRÍLICA/CORRIDA (PVA) | D64: =VLOOKUP('PLANILHA ORÇAMENTÁRIA'!B64,'Sinapi 05-24 Setop 01-2024'!A:C,3,) -> m2 | E64: =VLOOKUP('PLANILHA ORÇAMENTÁRIA'!B64,'Sinapi 05-24 Setop 01-2024'!A:D,4,) -> 15.52 | F64: =E64*(1+($F$6))*(1-($F$5)) -> 19.050265 | G64: ='MEMÓRIA DE CÁLCULO'!D61 -> 117.932 | H64: =ROUND(F64*G64,2) -> 2246.64
A65: 12.3 | B65: ED-50491 | C65: =VLOOKUP('PLANILHA ORÇAMENTÁRIA'!B65,'Sinapi 05-24 Setop 01-2024'!A:C,2,) -> PINTURA ESMALTE EM ESQUADRIAS DE FERRO, DUAS (2) DEMÃOS, INCLUSIVE UMA (1) DEMÃO DE FUNDO ANTICORROSIVO | D65: =VLOOKUP('PLANILHA ORÇAMENTÁRIA'!B65,'Sinapi 05-24 Setop 01-2024'!A:C,3,) -> m2 | E65: =VLOOKUP('PLANILHA ORÇAMENTÁRIA'!B65,'Sinapi 05-24 Setop 01-2024'!A:D,4,) -> 35.3 | F65: =E65*(1+($F$6))*(1-($F$5)) -> 43.329533 | G65: ='MEMÓRIA DE CÁLCULO'!D62 -> 42.56 | H65: =ROUND(F65*G65,2) -> 1844.1
A66: 12.4 | B66: 102494 | C66: =VLOOKUP('PLANILHA ORÇAMENTÁRIA'!B66,'Sinapi 05-24 Setop 01-2024'!A:C,2,) -> PINTURA DE PISO COM TINTA EPÓXI, APLICAÇÃO MANUAL, 2 DEMÃOS, INCLUSO PRIMER EPÓXI. AF_05/2021 | D66: =VLOOKUP('PLANILHA ORÇAMENTÁRIA'!B66,'Sinapi 05-24 Setop 01-2024'!A:C,3,) -> M2 | E66: =VLOOKUP('PLANILHA ORÇAMENTÁRIA'!B66,'Sinapi 05-24 Setop 01-2024'!A:D,4,) -> 72,05 | F66: =E66*(1+($F$6))*(1-($F$5)) -> 88.438891 | G66: ='MEMÓRIA DE CÁLCULO'!D63 -> 59.72 | H66: =ROUND(F66*G66,2) -> 5281.57
A67: 12.5 | B67: 100717 | C67: =VLOOKUP('PLANILHA ORÇAMENTÁRIA'!B67,'Sinapi 05-24 Setop 01-2024'!A:C,2,) -> LIXAMENTO MANUAL EM SUPERFÍCIES METÁLICAS EM OBRA. AF_01/2020 | D67: =VLOOKUP('PLANILHA ORÇAMENTÁRIA'!B67,'Sinapi 05-24 Setop 01-2024'!A:C,3,) -> M2 | E67: =VLOOKUP('PLANILHA ORÇAMENTÁRIA'!B67,'Sinapi 05-24 Setop 01-2024'!A:D,4,) -> 10,01 | F67: =E67*(1+($F$6))*(1-($F$5)) -> 12.28693 | G67: ='MEMÓRIA DE CÁLCULO'!D64 -> 42.56 | H67: =ROUND(F67*G67,2) -> 522.93
A68: 13 | C68: INSTALAÇÕES ELÉTRICAS | H68: =SUBTOTAL(9,H69:H81) -> 32829.89
A69: 13.1 | B69: ED-20581 | C69: =VLOOKUP('PLANILHA ORÇAMENTÁRIA'!B69,'Sinapi 05-24 Setop 01-2024'!A:C,2,) -> ENTRADA DE ENERGIA AÉREA, TIPO C1, PADRÃO CEMIG, CARGA INSTALADA DE ATÉ 15KVA, TRIFÁSICO, COM SAÍDA SUBTERRÂNEA, INCLUSIVE POSTE, CAIXA PARA MEDIDOR, DISJUNTOR, BARRAMENTO, ATERRAMENTO E ACESSÓRIOS | D69: =VLOOKUP('PLANILHA ORÇAMENTÁRIA'!B69,'Sinapi 05-24 Setop 01-2024'!A:C,3,) -> un | E69: =VLOOKUP('PLANILHA ORÇAMENTÁRIA'!B69,'Sinapi 05-24 Setop 01-2024'!A:D,4,) -> 3270.42 | F69: =E69*(1+($F$6))*(1-($F$5)) -> 4014.3278 | G69: ='MEMÓRIA DE CÁLCULO'!D66 -> 1 | H69: =ROUND(F69*G69,2) -> 4014.33
A70: 13.2 | B70: 92981 | C70: =VLOOKUP('PLANILHA ORÇAMENTÁRIA'!B70,'Sinapi 05-24 Setop 01-2024'!A:C,2,) -> CABO DE COBRE FLEXÍVEL ISOLADO, 16 MM², ANTI-CHAMA 450/750 V, PARA DISTRIBUIÇÃO - FORNECIMENTO E INSTALAÇÃO. AF_10/2020 | D70: =VLOOKUP('PLANILHA ORÇAMENTÁRIA'!B70,'Sinapi 05-24 Setop 01-2024'!A:C,3,) -> M | E70: =VLOOKUP('PLANILHA ORÇAMENTÁRIA'!B70,'Sinapi 05-24 Setop 01-2024'!A:D,4,) -> 13,98 | F70: =E70*(1+($F$6))*(1-($F$5)) -> 17.159968 | G70: ='MEMÓRIA DE CÁLCULO'!D67 -> 40 | H70: =ROUND(F70*G70,2) -> 686.4
A71: 13.3 | B71: 92865 | C71: =VLOOKUP('PLANILHA ORÇAMENTÁRIA'!B71,'Sinapi 05-24 Setop 01-2024'!A:C,2,) -> CAIXA OCTOGONAL 4" X 4", METÁLICA, INSTALADA EM LAJE - FORNECIMENTO E INSTALAÇÃO. AF_03/2023 | D71: =VLOOKUP('PLANILHA ORÇAMENTÁRIA'!B71,'Sinapi 05-24 Setop 01-2024'!A:C,3,) -> UN | E71: =VLOOKUP('PLANILHA ORÇAMENTÁRIA'!B71,'Sinapi 05-24 Setop 01-2024'!A:D,4,) -> 14,50 | F71: =E71*(1+($F$6))*(1-($F$5)) -> 17.79825 | G71: ='MEMÓRIA DE CÁLCULO'!D68 -> 3 | H71: =ROUND(F71*G71,2) -> 53.39
A72: 13.4 | B72: ED-50227 | C72: =VLOOKUP('PLANILHA ORÇAMENTÁRIA'!B72,'Sinapi 05-24 Setop 01-2024'!A:C,2,) -> PONTO DE EMBUTIR PARA UM (1) INTERRUPTOR SIMPLES (10A-250V), COM PLACA 4"X2" DE UM (1) POSTO, COM ELETRODUTO FLEXÍVEL CORRUGADO, ANTI-CHAMA, DN 25MM (3/4"), EMBUTIDO NA ALVENARIA E CABO DE COBRE FLEXÍVEL, CLASSE 5, ISOLAMENTO TIPO LSHF/ATOX, NÃO HALOGENADO, SEÇÃO 1,5MM2 (70°C-450/750V), COM DISTÂNCIA DE ATÉ DEZ (10) METROS DO PONTO DE DERIVAÇÃO, INCLUSIVE CAIXA DE LIGAÇÃO, SUPORTE E FIXAÇÃO DO ELETRODUTO COM ENCHIMENTO DO RASGO NA ALVENARIA/CONCRETO COM ARGAMASSA | D72: =VLOOKUP('PLANILHA ORÇAMENTÁRIA'!B72,'Sinapi 05-24 Setop 01-2024'!A:C,3,) -> un | E72: =VLOOKUP('PLANILHA ORÇAMENTÁRIA'!B72,'Sinapi 05-24 Setop 01-2024'!A:D,4,) -> 227.27 | F72: =E72*(1+($F$6))*(1-($F$5)) -> 278.96609 | G72: ='MEMÓRIA DE CÁLCULO'!D69 -> 3 | H72: =ROUND(F72*G72,2) -> 836.9
A73: 13.5 | B73: ED-34464 | C73: =VLOOKUP('PLANILHA ORÇAMENTÁRIA'!B73,'Sinapi 05-24 Setop 01-2024'!A:C,2,) -> DISJUNTOR MONOPOLAR TIPO DIN, CORRENTE NOMINAL DE 32A, FORNECIMENTO E INSTALAÇÃO, INCLUSIVE TERMINAL ILHÓS | D73: =VLOOKUP('PLANILHA ORÇAMENTÁRIA'!B73,'Sinapi 05-24 Setop 01-2024'!A:C,3,) -> un | E73: =VLOOKUP('PLANILHA ORÇAMENTÁRIA'!B73,'Sinapi 05-24 Setop 01-2024'!A:D,4,) -> 13.37 | F73: =E73*(1+($F$6))*(1-($F$5)) -> 16.411214 | G73: ='MEMÓRIA DE CÁLCULO'!D70 -> 2 | H73: =ROUND(F73*G73,2) -> 32.82
A74: 13.6 | B74: 39244 | C74: =VLOOKUP('PLANILHA ORÇAMENTÁRIA'!B74,'Sinapi 05-24 Setop 01-2024'!A:C,2,) -> ELETRODUTO PVC FLEXIVEL CORRUGADO, REFORCADO, COR LARANJA, DE 25 MM, PARA LAJES E PISOS | D74: =VLOOKUP('PLANILHA ORÇAMENTÁRIA'!B74,'Sinapi 05-24 Setop 01-2024'!A:C,3,) -> M | E74: =VLOOKUP('PLANILHA ORÇAMENTÁRIA'!B74,'Sinapi 05-24 Setop 01-2024'!A:D,4,) -> 4,21 | F74: =E74*(1+($F$6))*(1-($F$5)) -> 5.1676299 | G74: ='MEMÓRIA DE CÁLCULO'!D71 -> 20 | H74: =ROUND(F74*G74,2) -> 103.35
A75: 13.7 | B75: 939 | C75: =VLOOKUP('PLANILHA ORÇAMENTÁRIA'!B75,'Sinapi 05-24 Setop 01-2024'!A:C,2,) -> FIO DE COBRE, SOLIDO, CLASSE 1, ISOLACAO EM PVC/A, ANTICHAMA BWF-B, 450/750V, SECAO NOMINAL 2,5 MM2 | D75: =VLOOKUP('PLANILHA ORÇAMENTÁRIA'!B75,'Sinapi 05-24 Setop 01-2024'!A:C,3,) -> M | E75: =VLOOKUP('PLANILHA ORÇAMENTÁRIA'!B75,'Sinapi 05-24 Setop 01-2024'!A:D,4,) -> 2,22 | F75: =E75*(1+($F$6))*(1-($F$5)) -> 2.7249735 | G75: ='MEMÓRIA DE CÁLCULO'!D72 -> 5 | H75: =ROUND(F75*G75,2) -> 13.62
A76: 13.8 | B76: ED-13336 | C76: =VLOOKUP('PLANILHA ORÇAMENTÁRIA'!B76,'Sinapi 05-24 Setop 01-2024'!A:C,2,) -> LUMINÁRIA COMERCIAL CHANFRADA DE SOBREPOR COMPLETA, PARA UMA (1) LÂMPADA TUBULAR LED 1X18W-ØT8, TEMPERATURA DA COR 6500K, FORNECIMENTO E INSTALAÇÃO, INCLUSIVE BASE E LÂMPADA | D76: =VLOOKUP('PLANILHA ORÇAMENTÁRIA'!B76,'Sinapi 05-24 Setop 01-2024'!A:C,3,) -> un | E76: =VLOOKUP('PLANILHA ORÇAMENTÁRIA'!B76,'Sinapi 05-24 Setop 01-2024'!A:D,4,) -> 125.65 | F76: =E76*(1+($F$6))*(1-($F$5)) -> 154.23104 | G76: ='MEMÓRIA DE CÁLCULO'!D73 -> 3 | H76: =ROUND(F76*G76,2) -> 462.69
A77: 13.9 | B77: 101877 | C77: =VLOOKUP('PLANILHA ORÇAMENTÁRIA'!B77,'Sinapi 05-24 Setop 01-2024'!A:C,2,) -> QUADRO DE DISTRIBUIÇÃO DE ENERGIA EM PVC, DE EMBUTIR, SEM BARRAMENTO, PARA 3 DISJUNTORES - FORNECIMENTO E INSTALAÇÃO. AF_10/2020 | D77: =VLOOKUP('PLANILHA ORÇAMENTÁRIA'!B77,'Sinapi 05-24 Setop 01-2024'!A:C,3,) -> UN | E77: =VLOOKUP('PLANILHA ORÇAMENTÁRIA'!B77,'Sinapi 05-24 Setop 01-2024'!A:D,4,) -> 52,91 | F77: =E77*(1+($F$6))*(1-($F$5)) -> 64.945201 | G77: ='MEMÓRIA DE CÁLCULO'!D74 -> 2 | H77: =ROUND(F77*G77,2) -> 129.89
A78: 13.10 | B78: ED-49407 | C78: =VLOOKUP('PLANILHA ORÇAMENTÁRIA'!B78,'Sinapi 05-24 Setop 01-2024'!A:C,2,) -> LUMINÁRIA REFLETORA PARA ILUMINAÇÃO PÚBLICA PARA LÂMPADA VAPOR DE MERCÚRIO, SÓDIO E METÁLICA, 2 PÉTALAS, POSTE DE AÇO GALVANIZADO COM 10 M DE ALTURA LIVRE (COMPLETA) | D78: =VLOOKUP('PLANILHA ORÇAMENTÁRIA'!B78,'Sinapi 05-24 Setop 01-2024'!A:C,3,) -> un | E78: =VLOOKUP('PLANILHA ORÇAMENTÁRIA'!B78,'Sinapi 05-24 Setop 01-2024'!A:D,4,) -> 4533.55 | F78: =E78*(1+($F$6))*(1-($F$5)) -> 5564.7763 | G78: ='MEMÓRIA DE CÁLCULO'!D75 -> 4 | H78: =ROUND(F78*G78,2) -> 22259.11
A79: 13.11 | B79: 91872 | C79: =VLOOKUP('PLANILHA ORÇAMENTÁRIA'!B79,'Sinapi 05-24 Setop 01-2024'!A:C,2,) -> ELETRODUTO RÍGIDO ROSCÁVEL, PVC, DN 32 MM (1"), PARA CIRCUITOS TERMINAIS, INSTALADO EM PAREDE - FORNECIMENTO E INSTALAÇÃO. AF_03/2023 | D79: =VLOOKUP('PLANILHA ORÇAMENTÁRIA'!B79,'Sinapi 05-24 Setop 01-2024'!A:C,3,) -> M | E79: =VLOOKUP('PLANILHA ORÇAMENTÁRIA'!B79,'Sinapi 05-24 Setop 01-2024'!A:D,4,) -> 18,49 | F79: =E79*(1+($F$6))*(1-($F$5)) -> 22.695838 | G79: ='MEMÓRIA DE CÁLCULO'!D76 -> 107 | H79: =ROUND(F79*G79,2) -> 2428.45
A80: 13.12 | B80: 91919 | C80: =VLOOKUP('PLANILHA ORÇAMENTÁRIA'!B80,'Sinapi 05-24 Setop 01-2024'!A:C,2,) -> CURVA 180 GRAUS PARA ELETRODUTO, PVC, ROSCÁVEL, DN 32 MM (1"), PARA CIRCUITOS TERMINAIS, INSTALADA EM PAREDE - FORNECIMENTO E INSTALAÇÃO. AF_03/2023 | D80: =VLOOKUP('PLANILHA ORÇAMENTÁRIA'!B80,'Sinapi 05-24 Setop 01-2024'!A:C,3,) -> UN | E80: =VLOOKUP('PLANILHA ORÇAMENTÁRIA'!B80,'Sinapi 05-24 Setop 01-2024'!A:D,4,) -> 23,31 | F80: =E80*(1+($F$6))*(1-($F$5)) -> 28.612221 | G80: ='MEMÓRIA DE CÁLCULO'!D77 -> 12 | H80: =ROUND(F80*G80,2) -> 343.35
A81: 13.13 | B81: 91926 | C81: =VLOOKUP('PLANILHA ORÇAMENTÁRIA'!B81,'Sinapi 05-24 Setop 01-2024'!A:C,2,) -> CABO DE COBRE FLEXÍVEL ISOLADO, 2,5 MM², ANTI-CHAMA 450/750 V, PARA CIRCUITOS TERMINAIS - FORNECIMENTO E INSTALAÇÃO. AF_03/2023 | D81: =VLOOKUP('PLANILHA ORÇAMENTÁRIA'!B81,'Sinapi 05-24 Setop 01-2024'!A:C,3,) -> M | E81: =VLOOKUP('PLANILHA ORÇAMENTÁRIA'!B81,'Sinapi 05-24 Setop 01-2024'!A:D,4,) -> 3,98 | F81: =E81*(1+($F$6))*(1-($F$5)) -> 4.8853128 | G81: ='MEMÓRIA DE CÁLCULO'!D78 -> 300 | H81: =ROUND(F81*G81,2) -> 1465.59
A82: 14 | C82: INSTALAÇÕES HIDRÁULICAS | H82: =SUBTOTAL(9,H83:H100) -> 10471.15
A83: 14.1 | B83: ED-49935 | C83: =VLOOKUP('PLANILHA ORÇAMENTÁRIA'!B83,'Sinapi 05-24 Setop 01-2024'!A:C,2,) -> CAIXA D´ÁGUA DE POLIETILENO, CAPACIDADE DE 500L, INCLUSIVE TAMPA, TORNEIRA DE BOIA, EXTRAVASOR, TUBO DE LIMPEZA E ACESSÓRIOS, EXCLUSIVE TUBULAÇÃO DE ENTRADA/SAÍDA DE ÁGUA | D83: =VLOOKUP('PLANILHA ORÇAMENTÁRIA'!B83,'Sinapi 05-24 Setop 01-2024'!A:C,3,) -> un | E83: =VLOOKUP('PLANILHA ORÇAMENTÁRIA'!B83,'Sinapi 05-24 Setop 01-2024'!A:D,4,) -> 630.57 | F83: =E83*(1+($F$6))*(1-($F$5)) -> 774.00294 | G83: ='MEMÓRIA DE CÁLCULO'!D80 -> 1 | H83: =ROUND(F83*G83,2) -> 774
A84: 14.2 | B84: 95634 | C84: =VLOOKUP('PLANILHA ORÇAMENTÁRIA'!B84,'Sinapi 05-24 Setop 01-2024'!A:C,2,) -> KIT CAVALETE PARA MEDIÇÃO DE ÁGUA - ENTRADA PRINCIPAL, EM PVC DN 20 MM (1/2") - FORNECIMENTO E INSTALAÇÃO (EXCLUSIVE HIDRÔMETRO). AF_03/2024 | D84: =VLOOKUP('PLANILHA ORÇAMENTÁRIA'!B84,'Sinapi 05-24 Setop 01-2024'!A:C,3,) -> UN | E84: =VLOOKUP('PLANILHA ORÇAMENTÁRIA'!B84,'Sinapi 05-24 Setop 01-2024'!A:D,4,) -> 196,00 | F84: =E84*(1+($F$6))*(1-($F$5)) -> 240.58324 | G84: ='MEMÓRIA DE CÁLCULO'!D81 -> 1 | H84: =ROUND(F84*G84,2) -> 240.58
A85: 14.3 | B85: ED-50020 | C85: =VLOOKUP('PLANILHA ORÇAMENTÁRIA'!B85,'Sinapi 05-24 Setop 01-2024'!A:C,2,) -> FORNECIMENTO E ASSENTAMENTO DE TUBO PVC RÍGIDO SOLDÁVEL, ÁGUA FRIA, DN 32 MM (1") , INCLUSIVE CONEXÕES | D85: =VLOOKUP('PLANILHA ORÇAMENTÁRIA'!B85,'Sinapi 05-24 Setop 01-2024'!A:C,3,) -> m | E85: =VLOOKUP('PLANILHA ORÇAMENTÁRIA'!B85,'Sinapi 05-24 Setop 01-2024'!A:D,4,) -> 32.5 | F85: =E85*(1+($F$6))*(1-($F$5)) -> 39.89263 | G85: ='MEMÓRIA DE CÁLCULO'!D82 -> 10 | H85: =ROUND(F85*G85,2) -> 398.93
A86: 14.4 | B86: 104663 | C86: =VLOOKUP('PLANILHA ORÇAMENTÁRIA'!B86,'Sinapi 05-24 Setop 01-2024'!A:C,2,) -> CONJUNTO DE PONTOS HIDRÁULICOS DE ÁGUA FRIA PARA BANHEIRO (RAMAL/SUB-RAMAL E DISTRIBUIÇÃO) EM PVC, COM TUBOS, CONEXÕES, REGISTROS, CORTES E FIXAÇÕES EM PRÉDIO (PRUMADA INDIVIDUAL), COM TUBULAÇÕES APARENTES OU EMBUTIDAS SEM RASGO. AF_05/2023_PA | D86: =VLOOKUP('PLANILHA ORÇAMENTÁRIA'!B86,'Sinapi 05-24 Setop 01-2024'!A:C,3,) -> UN | E86: =VLOOKUP('PLANILHA ORÇAMENTÁRIA'!B86,'Sinapi 05-24 Setop 01-2024'!A:D,4,) -> 574,52 | F86: =E86*(1+($F$6))*(1-($F$5)) -> 705.20349 | G86: ='MEMÓRIA DE CÁLCULO'!D83 -> 2 | H86: =ROUND(F86*G86,2) -> 1410.41
A87: 14.5 | B87: 86943 | C87: =VLOOKUP('PLANILHA ORÇAMENTÁRIA'!B87,'Sinapi 05-24 Setop 01-2024'!A:C,2,) -> LAVATÓRIO LOUÇA BRANCA SUSPENSO, 29,5 X 39CM OU EQUIVALENTE, PADRÃO POPULAR, INCLUSO SIFÃO FLEXÍVEL EM PVC, VÁLVULA E ENGATE FLEXÍVEL 30CM EM PLÁSTICO E TORNEIRA CROMADA DE MESA, PADRÃO POPULAR - FORNECIMENTO E INSTALAÇÃO. AF_01/2020 | D87: =VLOOKUP('PLANILHA ORÇAMENTÁRIA'!B87,'Sinapi 05-24 Setop 01-2024'!A:C,3,) -> UN | E87: =VLOOKUP('PLANILHA ORÇAMENTÁRIA'!B87,'Sinapi 05-24 Setop 01-2024'!A:D,4,) -> 265,46 | F87: =E87*(1+($F$6))*(1-($F$5)) -> 325.843 | G87: ='MEMÓRIA DE CÁLCULO'!D84 -> 2 | H87: =ROUND(F87*G87,2) -> 651.69
A88: 14.6 | B88: ED-50296 | C88: =VLOOKUP('PLANILHA ORÇAMENTÁRIA'!B88,'Sinapi 05-24 Setop 01-2024'!A:C,2,) -> BACIA SANITÁRIA (VASO) DE LOUÇA CONVENCIONAL, COR BRANCA, INCLUSIVE ACESSÓRIOS DE FIXAÇÃO/VEDAÇÃO, FORNECIMENTO, INSTALAÇÃO E REJUNTAMENTO, EXCLUSIVE VÁLVULA DE DESCARGA E TUBO DE LIGAÇÃO | D88: =VLOOKUP('PLANILHA ORÇAMENTÁRIA'!B88,'Sinapi 05-24 Setop 01-2024'!A:C,3,) -> un | E88: =VLOOKUP('PLANILHA ORÇAMENTÁRIA'!B88,'Sinapi 05-24 Setop 01-2024'!A:D,4,) -> 316.94 | F88: =E88*(1+($F$6))*(1-($F$5)) -> 389.03292 | G88: ='MEMÓRIA DE CÁLCULO'!D85 -> 2 | H88: =ROUND(F88*G88,2) -> 778.07
A89: 14.7 | B89: 6142 | C89: =VLOOKUP('PLANILHA ORÇAMENTÁRIA'!B89,'Sinapi 05-24 Setop 01-2024'!A:C,2,) -> CONJUNTO DE LIGACAO AJUSTAVEL, PARA VASO / BACIA SANITARIA, EM PLASTICO BRANCO, COM TUBO, CANOPLA E ESPUDE | D89: =VLOOKUP('PLANILHA ORÇAMENTÁRIA'!B89,'Sinapi 05-24 Setop 01-2024'!A:C,3,) -> UN | E89: =VLOOKUP('PLANILHA ORÇAMENTÁRIA'!B89,'Sinapi 05-24 Setop 01-2024'!A:D,4,) -> 9,35 | F89: =E89*(1+($F$6))*(1-($F$5)) -> 11.476803 | G89: ='MEMÓRIA DE CÁLCULO'!D86 -> 2 | H89: =ROUND(F89*G89,2) -> 22.95
A90: 14.8 | B90: ED-48157 | C90: =VLOOKUP('PLANILHA ORÇAMENTÁRIA'!B90,'Sinapi 05-24 Setop 01-2024'!A:C,2,) -> ASSENTO PARA VASO PNE (NBR 9050) | D90: =VLOOKUP('PLANILHA ORÇAMENTÁRIA'!B90,'Sinapi 05-24 Setop 01-2024'!A:C,3,) -> U | E90: =VLOOKUP('PLANILHA ORÇAMENTÁRIA'!B90,'Sinapi 05-24 Setop 01-2024'!A:D,4,) -> 186.1 | F90: =E90*(1+($F$6))*(1-($F$5)) -> 228.43133 | G90: ='MEMÓRIA DE CÁLCULO'!D87 -> 2 | H90: =ROUND(F90*G90,2) -> 456.86
A91: 14.9 | B91: 10228 | C91: =VLOOKUP('PLANILHA ORÇAMENTÁRIA'!B91,'Sinapi 05-24 Setop 01-2024'!A:C,2,) -> VALVULA DE DESCARGA METALICA, BASE 1 1/2" E ACABAMENTO METALICO CROMADO | D91: =VLOOKUP('PLANILHA ORÇAMENTÁRIA'!B91,'Sinapi 05-24 Setop 01-2024'!A:C,3,) -> UN | E91: =VLOOKUP('PLANILHA ORÇAMENTÁRIA'!B91,'Sinapi 05-24 Setop 01-2024'!A:D,4,) -> 333,80 | F91: =E91*(1+($F$6))*(1-($F$5)) -> 409.72799 | G91: ='MEMÓRIA DE CÁLCULO'!D88 -> 2 | H91: =ROUND(F91*G91,2) -> 819.46
A92: 14.10 | B92: 11758 | C92: =VLOOKUP('PLANILHA ORÇAMENTÁRIA'!B92,'Sinapi 05-24 Setop 01-2024'!A:C,2,) -> SABONETEIRA PLASTICA TIPO DISPENSER PARA SABONETE LIQUIDO COM RESERVATORIO 800 A 1500 ML | D92: =VLOOKUP('PLANILHA ORÇAMENTÁRIA'!B92,'Sinapi 05-24 Setop 01-2024'!A:C,3,) -> UN | E92: =VLOOKUP('PLANILHA ORÇAMENTÁRIA'!B92,'Sinapi 05-24 Setop 01-2024'!A:D,4,) -> 39,44 | F92: =E92*(1+($F$6))*(1-($F$5)) -> 48.41124 | G92: ='MEMÓRIA DE CÁLCULO'!D89 -> 2 | H92: =ROUND(F92*G92,2) -> 96.82
A93: 14.11 | B93: ED-48183 | C93: =VLOOKUP('PLANILHA ORÇAMENTÁRIA'!B93,'Sinapi 05-24 Setop 01-2024'!A:C,2,) -> PAPELEIRA PLASTICA TIPO DISPENSER PARA PAPEL HIGIENICO ROLAO | D93: =VLOOKUP('PLANILHA ORÇAMENTÁRIA'!B93,'Sinapi 05-24 Setop 01-2024'!A:C,3,) -> U | E93: =VLOOKUP('PLANILHA ORÇAMENTÁRIA'!B93,'Sinapi 05-24 Setop 01-2024'!A:D,4,) -> 63.68 | F93: =E93*(1+($F$6))*(1-($F$5)) -> 78.165005 | G93: ='MEMÓRIA DE CÁLCULO'!D90 -> 2 | H93: =ROUND(F93*G93,2) -> 156.33
A94: 14.12 | B94: ED-48169 | C94: =VLOOKUP('PLANILHA ORÇAMENTÁRIA'!B94,'Sinapi 05-24 Setop 01-2024'!A:C,2,) -> BEBEDOURO GEMINADO MG-F 80 INOX | D94: =VLOOKUP('PLANILHA ORÇAMENTÁRIA'!B94,'Sinapi 05-24 Setop 01-2024'!A:C,3,) -> U | E94: =VLOOKUP('PLANILHA ORÇAMENTÁRIA'!B94,'Sinapi 05-24 Setop 01-2024'!A:D,4,) -> 1152.69 | F94: =E94*(1+($F$6))*(1-($F$5)) -> 1414.8872 | G94: ='MEMÓRIA DE CÁLCULO'!D91 -> 1 | H94: =ROUND(F94*G94,2) -> 1414.89
A95: 14.13 | B95: 104661 | C95: =VLOOKUP('PLANILHA ORÇAMENTÁRIA'!B95,'Sinapi 05-24 Setop 01-2024'!A:C,2,) -> CONJUNTO DE PONTOS HIDRÁULICOS DE ÁGUA FRIA PARA COZINHA (RAMAL/SUB-RAMAL E DISTRIBUIÇÃO) EM PVC, COM TUBOS, CONEXÕES, REGISTROS, CORTES E FIXAÇÕES EM PRÉDIO COM TUBULAÇÕES EMBUTIDAS COM RASGO. AF_05/2023 | D95: =VLOOKUP('PLANILHA ORÇAMENTÁRIA'!B95,'Sinapi 05-24 Setop 01-2024'!A:C,3,) -> UN | E95: =VLOOKUP('PLANILHA ORÇAMENTÁRIA'!B95,'Sinapi 05-24 Setop 01-2024'!A:D,4,) -> 609,15 | F95: =E95*(1+($F$6))*(1-($F$5)) -> 747.71062 | G95: ='MEMÓRIA DE CÁLCULO'!D92 -> 1 | H95: =ROUND(F95*G95,2) -> 747.71
A96: 14.14 | B96: 97906 | C96: =VLOOKUP('PLANILHA ORÇAMENTÁRIA'!B96,'Sinapi 05-24 Setop 01-2024'!A:C,2,) -> CAIXA ENTERRADA HIDRÁULICA RETANGULAR, EM ALVENARIA COM BLOCOS DE CONCRETO, DIMENSÕES INTERNAS: 0,6X0,6X0,6 M PARA REDE DE ESGOTO. AF_12/2020 | D96: =VLOOKUP('PLANILHA ORÇAMENTÁRIA'!B96,'Sinapi 05-24 Setop 01-2024'!A:C,3,) -> UN | E96: =VLOOKUP('PLANILHA ORÇAMENTÁRIA'!B96,'Sinapi 05-24 Setop 01-2024'!A:D,4,) -> 445,60 | F96: =E96*(1+($F$6))*(1-($F$5)) -> 546.95864 | G96: ='MEMÓRIA DE CÁLCULO'!D93 -> 2 | H96: =ROUND(F96*G96,2) -> 1093.92
A97: 14.15 | B97: 104677 | C97: =VLOOKUP('PLANILHA ORÇAMENTÁRIA'!B97,'Sinapi 05-24 Setop 01-2024'!A:C,2,) -> CONJUNTO DE PONTOS DE COLETA DE ESGOTO PARA BANHEIRO (RAMAL DE ESGOTO SANITÁRIO), EM PVC SÉRIE NORMAL, COM TUBOS, CONEXÕES, RALOS, CAIXAS SIFONADAS, CORTES E FIXAÇÕES EM PRÉDIO COM PRUMADA DE DESCIDA DE ESGOTO FORA DO BANHEIRO. AF_05/2023_PA | D97: =VLOOKUP('PLANILHA ORÇAMENTÁRIA'!B97,'Sinapi 05-24 Setop 01-2024'!A:C,3,) -> UN | E97: =VLOOKUP('PLANILHA ORÇAMENTÁRIA'!B97,'Sinapi 05-24 Setop 01-2024'!A:D,4,) -> 659,41 | F97: =E97*(1+($F$6))*(1-($F$5)) -> 809.40304 | G97: ='MEMÓRIA DE CÁLCULO'!D94 -> 1 | H97: =ROUND(F97*G97,2) -> 809.4
A98: 14.16 | B98: 89714 | C98: =VLOOKUP('PLANILHA ORÇAMENTÁRIA'!B98,'Sinapi 05-24 Setop 01-2024'!A:C,2,) -> TUBO PVC, SERIE NORMAL, ESGOTO PREDIAL, DN 100 MM, FORNECIDO E INSTALADO EM RAMAL DE DESCARGA OU RAMAL DE ESGOTO SANITÁRIO. AF_08/2022 | D98: =VLOOKUP('PLANILHA ORÇAMENTÁRIA'!B98,'Sinapi 05-24 Setop 01-2024'!A:C,3,) -> M | E98: =VLOOKUP('PLANILHA ORÇAMENTÁRIA'!B98,'Sinapi 05-24 Setop 01-2024'!A:D,4,) -> 37,79 | F98: =E98*(1+($F$6))*(1-($F$5)) -> 46.385922 | G98: ='MEMÓRIA DE CÁLCULO'!D95 -> 10 | H98: =ROUND(F98*G98,2) -> 463.86
A99: 14.17 | B99: 20067 | C99: =VLOOKUP('PLANILHA ORÇAMENTÁRIA'!B99,'Sinapi 05-24 Setop 01-2024'!A:C,2,) -> TUBO PVC, SERIE R, DN 40 MM, PARA ESGOTO OU AGUAS PLUVIAIS PREDIAL (NBR 5688) | D99: =VLOOKUP('PLANILHA ORÇAMENTÁRIA'!B99,'Sinapi 05-24 Setop 01-2024'!A:C,3,) -> M | E99: =VLOOKUP('PLANILHA ORÇAMENTÁRIA'!B99,'Sinapi 05-24 Setop 01-2024'!A:D,4,) -> 9,15 | F99: =E99*(1+($F$6))*(1-($F$5)) -> 11.23131 | G99: ='MEMÓRIA DE CÁLCULO'!D97 -> 5 | H99: =ROUND(F99*G99,2) -> 56.16
A100: 14.18 | B100: 20068 | C100: =VLOOKUP('PLANILHA ORÇAMENTÁRIA'!B100,'Sinapi 05-24 Setop 01-2024'!A:C,2,) -> TUBO PVC, SERIE R, DN 50 MM, PARA ESGOTO OU AGUAS PLUVIAIS PREDIAL (NBR 5688) | D100: =VLOOKUP('PLANILHA ORÇAMENTÁRIA'!B100,'Sinapi 05-24 Setop 01-2024'!A:C,3,) -> M | E100: =VLOOKUP('PLANILHA ORÇAMENTÁRIA'!B100,'Sinapi 05-24 Setop 01-2024'!A:D,4,) -> 12,89 | F100: =E100*(1+($F$6))*(1-($F$5)) -> 15.822031 | G100: ='MEMÓRIA DE CÁLCULO'!D97 -> 5 | H100: =ROUND(F100*G100,2) -> 79.11
A101: 15 | C101: ESQUADRIAS | H101: =SUBTOTAL(9,H102:H107) -> 4191.14
...

Sheet BDI
A1: DEMONSTRATIVO DO BDI
A2: ITEM COMPONENTE | B2: 1º QUARTIL | C2: MÉDIO | D2: 3º QUARTIL | E2: ADOTADO | G2: IMPOSTOS
A3: Seguro+Garantia - G+S | B3: 0.8 | C3: 0.8 | D3: 1 | E3: 0.8 | G3: PIS | H3: 0.65
A4: Risco - R | B4: 0.97 | C4: 1.27 | D4: 1.27 | E4: 1.27 | G4: COFINS | H4: 3
A5: Despesas Financeiras - DF | B5: 0.59 | C5: 1.23 | D5: 1.39 | E5: 1.23 | G5: ISS | H5: 2.4
A6: Administração Central - AC | B6: 3 | C6: 4 | D6: 5.5 | E6: 4 | G6: Contribuição Previdenciária sobre a renda bruta
A7: Lucro - L | B7: 6.16 | C7: 7.4 | D7: 8.96 | E7: 7.4
A8: Impostos - I | E8: =H8 -> 6.05 | G8: TOTAL | H8: =SUM(H3:H7) -> 6.05
A15: BDI CALCULADO = | B15: =((((1+E6/100+E3/100+E4/100)*(1+E5/100)*(1+E7/100))/(1-E8/100))-1) -> 0.22746552
A17: onde:
A18: AC = taxa de administração central
A19: S = taxa de seguros
A20: R = taxa de riscos
A21: G = taxa de garantias
A22: DF = taxa de despesas financeiras
A23: L = taxa de lucro/remuneração
A24: I = taxa de incidência de impostos (PIS, COFINS, ISS e CPRB)
A25: FÓRMULA CONFORME ACORDAO nº 2622/2013 TCU - PLENÁRIO
C27: Serro, 11 de Julho de 2024.
B30: ______________________________________________
C31: Paula Alves Cardoso
C32: CREA-MG 141830080-2
C33: Engenheiro Civil Municipal

Sheet CRONOGRAMA
A1: CRONOGRAMA
A2: Obra: | B2: REFORMA DO CAMPO DE FUTEBOL DO BAIRRO MORRO DO VENTO -SERRO MG
A3: Item | B3: Etapa | C3: R$ Parcial | D3: 1º MÊS | E3: 2º MÊS | F3: 3º MÊS
A4: 1 | B4: =VLOOKUP(A4,'PLANILHA ORÇAMENTÁRIA'!A:H,3,) -> ADMINISTRAÇÃO LOCAL | C4: =VLOOKUP(A4,'PLANILHA ORÇAMENTÁRIA'!A:H,8,) -> 21228.28 | D4: 0.3333 | E4: 0.3333 | F4: 0.3334
A5: 2 | B5: =VLOOKUP(A5,'PLANILHA ORÇAMENTÁRIA'!A:H,3,) -> CANTEIRO DE OBRA | C5: =VLOOKUP(A5,'PLANILHA ORÇAMENTÁRIA'!A:H,8,) -> 10709.92 | D5: 1
A6: 3 | B6: =VLOOKUP(A6,'PLANILHA ORÇAMENTÁRIA'!A:H,3,) -> LOCAÇÃO DE ANDAIMES | C6: =VLOOKUP(A6,'PLANILHA ORÇAMENTÁRIA'!A:H,8,) -> 1025.13 | D6: 0.3333 | E6: 0.3333 | F6: 0.3334
A7: 4 | B7: =VLOOKUP(A7,'PLANILHA ORÇAMENTÁRIA'!A:H,3,) -> FUNDAÇÕES | C7: =VLOOKUP(A7,'PLANILHA ORÇAMENTÁRIA'!A:H,8,) -> 47819.11 | D7: 1
A8: 5 | B8: =VLOOKUP(A8,'PLANILHA ORÇAMENTÁRIA'!A:H,3,) -> ESTRUTURA | C8: =VLOOKUP(A8,'PLANILHA ORÇAMENTÁRIA'!A:H,8,) -> 8458.14 | D8: 0.5 | E8: 0.5
A9: 6 | B9: =VLOOKUP(A9,'PLANILHA ORÇAMENTÁRIA'!A:H,3,) -> ALVENARIA | C9: =VLOOKUP(A9,'PLANILHA ORÇAMENTÁRIA'!A:H,8,) -> 7361.3 | E9: 0.7 | F9: 0.3
A10: 7 | B10: =VLOOKUP(A10,'PLANILHA ORÇAMENTÁRIA'!A:H,3,) -> REVESTIMENTOS | C10: =VLOOKUP(A10,'PLANILHA ORÇAMENTÁRIA'!A:H,8,) -> 12563.9 | E10: 0.7 | F10: 0.3
A11: 8 | B11: =VLOOKUP(A11,'PLANILHA ORÇAMENTÁRIA'!A:H,3,) -> COBERTURA | C11: =VLOOKUP(A11,'PLANILHA ORÇAMENTÁRIA'!A:H,8,) -> 1782.29 | E11: 0.8 | F11: 0.2
A12: 9 | B12: =VLOOKUP(A12,'PLANILHA ORÇAMENTÁRIA'!A:H,3,) -> CALHAS | C12: =VLOOKUP(A12,'PLANILHA ORÇAMENTÁRIA'!A:H,8,) -> 754.3 | E12: 0.7 | F12: 0.3
A13: 10 | B13: =VLOOKUP(A13,'PLANILHA ORÇAMENTÁRIA'!A:H,3,) -> VIDRO | C13: =VLOOKUP(A13,'PLANILHA ORÇAMENTÁRIA'!A:H,8,) -> 302.74 | E13: 0.7 | F13: 0.3
A14: 11 | B14: =VLOOKUP(A14,'PLANILHA ORÇAMENTÁRIA'!A:H,3,) -> PISO | C14: =VLOOKUP(A14,'PLANILHA ORÇAMENTÁRIA'!A:H,8,) -> 8399.63 | E14: 0.7 | F14: 0.3
A15: 12 | B15: =VLOOKUP(A15,'PLANILHA ORÇAMENTÁRIA'!A:H,3,) -> PINTURA | C15: =VLOOKUP(A15,'PLANILHA ORÇAMENTÁRIA'!A:H,8,) -> 10818.79 | F15: 1
A16: 13 | B16: =VLOOKUP(A16,'PLANILHA ORÇAMENTÁRIA'!A:H,3,) -> INSTALAÇÕES ELÉTRICAS | C16: =VLOOKUP(A16,'PLANILHA ORÇAMENTÁRIA'!A:H,8,) -> 32829.89 | D16: 0.2 | E16: 0.5 | F16: 0.3
A17: 14 | B17: =VLOOKUP(A17,'PLANILHA ORÇAMENTÁRIA'!A:H,3,) -> INSTALAÇÕES HIDRÁULICAS | C17: =VLOOKUP(A17,'PLANILHA ORÇAMENTÁRIA'!A:H,8,) -> 10471.15 | D17: 0.2 | E17: 0.5 | F17: 0.3
A18: 15 | B18: =VLOOKUP(A18,'PLANILHA ORÇAMENTÁRIA'!A:H,3,) -> ESQUADRIAS | C18: =VLOOKUP(A18,'PLANILHA ORÇAMENTÁRIA'!A:H,8,) -> 4191.14 | E18: 0.8 | F18: 0.2
A19: 16 | B19: =VLOOKUP(A19,'PLANILHA ORÇAMENTÁRIA'!A:H,3,) -> DIVERSOS | C19: =VLOOKUP(A19,'PLANILHA ORÇAMENTÁRIA'!A:H,8,) -> 94005.42 | D19: 0.2 | E19: 0.5 | F19: 0.3
A21: Total | C21: =SUBTOTAL(9,C4:C19) -> 272721.13 | D21: =SUMPRODUCT(D4:D19,$C$4:$C$19) -> 97636.454 | E21: =SUMPRODUCT(E4:E19,$C$4:$C$19) -> 105645.41 | F21: =SUMPRODUCT(F4:F19,$C$4:$C$19) -> 69439.262
B22: ____________________________________________________ | C22: ___________________________________
B23: Paula Alves Cardoso | C23: Epaminondas Pires de Miranda
B24: CREA-MG 141830080-2 | C24: Prefeito Municipal
B25: Engenheiro Civil Municipal
B26: Serro, 03 de julho de 2024

Sheet MEMÓRIA DE CÁLCULO
A1: MEMÓRIA DE CÁLCULO
A2: REFORMA DO CAMPO DE FUTEBOL - BAIRRO MORRO DO VENTO - SERRO/MG
A5: ITEM | B5: DESCRIÇÃO | C5: UN | D5: QUANT. | E5: FÓRMULA
A6: 1 | B6: ADMINISTRAÇÃO LOCAL
A7: 1.1 | B7: =VLOOKUP('PLANILHA ORÇAMENTÁRIA'!B10,'Sinapi 05-24 Setop 01-2024'!A:C,2,) -> ENGENHEIRO CIVIL DE OBRA JUNIOR (HORISTA) | C7: =VLOOKUP('PLANILHA ORÇAMENTÁRIA'!B10,'Sinapi 05-24 Setop 01-2024'!A:C,3,) -> H | D7: 24 | E7: 8 horas x 3 meses= 24, 00 horas
A8: 1.2 | B8: =VLOOKUP('PLANILHA ORÇAMENTÁRIA'!B11,'Sinapi 05-24 Setop 01-2024'!A:C,2,) -> ENCARREGADO GERAL COM ENCARGOS COMPLEMENTARES | C8: =VLOOKUP('PLANILHA ORÇAMENTÁRIA'!B11,'Sinapi 05-24 Setop 01-2024'!A:C,3,) -> H | D8: =4*22*3 -> 264 | E8: 4 horas ao dia x 3 meses = 264,00 horas
A9: 2 | B9: CANTEIRO DE OBRA
A10: 2.1 | B10: =VLOOKUP('PLANILHA ORÇAMENTÁRIA'!B13,'Sinapi 05-24 Setop 01-2024'!A:C,2,) -> FORNECIMENTO E COLOCAÇÃO DE PLACA DE OBRA EM CHAPA GALVANIZADA #26, ESP. 0,45 MM, PLOTADA COM ADESIVO VINÍLICO, AFIXADA COM REBITES 4,8X40 MM, EM ESTRUTURA METÁLICA DE METALON 20X20 MM, ESP. 1,25 MM, INCLUSIVE SUPORTE EM EUCALIPTO AUTOCLAVADO PINTADO COM TINTA PVA DUAS (2) DEMÃOS | C10: =VLOOKUP('PLANILHA ORÇAMENTÁRIA'!B13,'Sinapi 05-24 Setop 01-2024'!A:C,3,) -> m2 | D10: 4.5 | E10: 3,00 x 1,50
A11: 2.2 | B11: =VLOOKUP('PLANILHA ORÇAMENTÁRIA'!B14,'Sinapi 05-24 Setop 01-2024'!A:C,2,) -> BARRACÃO DE OBRA PARA DEPÓSITO E FERRAMENTARIA TIPO-I, ÁREA INTERNA 14,52M2, EM CHAPA DE COMPENSADO RESINADO, INCLUSIVE MOBILIÁRIO (OBRA DE PEQUENO PORTE, EFETIVO ATÉ 30 HOMENS), PADRÃO DER-MG | C11: =VLOOKUP('PLANILHA ORÇAMENTÁRIA'!B14,'Sinapi 05-24 Setop 01-2024'!A:C,3,) -> un | D11: 1 | E11: 1
A12: 3 | B12: LOCAÇÃO DE ANDAIMES
A13: 3.1 | B13: =VLOOKUP('PLANILHA ORÇAMENTÁRIA'!B16,'Sinapi 05-24 Setop 01-2024'!A:C,2,) -> FORNECIMENTO DE ANDAIME METÁLICO PARA FACHADA (LOCAÇÃO), INCLUSIVE PISO METÁLICO E SAPATAS, EXCLUSIVE MONTAGEM E DESMONTAGEM | C13: =VLOOKUP('PLANILHA ORÇAMENTÁRIA'!B16,'Sinapi 05-24 Setop 01-2024'!A:C,3,) -> m2xmês | D13: 50.16 | E13: (3,80 x 1,10) x 2 x 2=16,72 m² x 3 meses= 50,16 m²mês
A14: 3.2 | B14: =VLOOKUP('PLANILHA ORÇAMENTÁRIA'!B17,'Sinapi 05-24 Setop 01-2024'!A:C,2,) -> MONTAGEM E DESMONTAGEM DE ANDAIME METÁLICO PARA FACHADA COM PISO METÁLICO, INCLUSIVE RODAPÉ/GUARDA-CORPO EM MADEIRA, EXCLUSIVE FORNECIMENTO DO ANDAIME | C14: =VLOOKUP('PLANILHA ORÇAMENTÁRIA'!B17,'Sinapi 05-24 Setop 01-2024'!A:C,3,) -> m2 | D14: =(3.8*1.1)*2*2 -> 16.72 | E14: (3,80 x 1,10) x 2 x 2=16,72 m²
A15: 4 | B15: FUNDAÇÕES
A16: 4.1 | B16: =VLOOKUP('PLANILHA ORÇAMENTÁRIA'!B19,'Sinapi 05-24 Setop 01-2024'!A:C,2,) -> ESCAVAÇÃO MANUAL DE VALA COM PROFUNDIDADE MAIOR QUE 1,5M E MENOR OU IGUAL 3,0M, INCLUSIVE DESCARGA LATERAL | C16: =VLOOKUP('PLANILHA ORÇAMENTÁRIA'!B19,'Sinapi 05-24 Setop 01-2024'!A:C,3,) -> m3 | D16: =(((23.5+16.85+4.4+12.87+19.19+40.3+10)*0.5*0.2)+(12.87*0.2*0.2)+((16.8*0.5*0.2+(0.4*0.4*0.5)*14))) -> 16.0258 | E16: ((23,50 + 16,85 + 4,40 + 12,87 + 19,19 + 40,30 + 10,00) x 0,50 x 0,20) + (12,87 x 0,20 x 0,20) +(16,80 X 0,50 X 0,20) + (0,40 x 0,40 x 0,50) x 14,00 = 16,03 m³
A17: 4.2 | B17: =VLOOKUP('PLANILHA ORÇAMENTÁRIA'!B20,'Sinapi 05-24 Setop 01-2024'!A:C,2,) -> APILOAMENTO MANUAL EM FUNDO DE VALA COM SOQUETE, EXCLUSIVE ESCAVAÇÃO | C17: =VLOOKUP('PLANILHA ORÇAMENTÁRIA'!B20,'Sinapi 05-24 Setop 01-2024'!A:C,3,) -> m2 | D17: =(23.5+16.85+4.4+12.87+19.19+40.3+10+30.3+3.8+2)*0.2+(0.4*0.4)*14 -> 34.882 | E17: (23,50 + 16,85 + 4,40 + 12,87 + 19,19 + 40,30 + 10,00 + 30,30 + 3,80 + 2,00) x 0,20+ (0,40 x 0,40) x 14,00 = 44,89 m²
A18: 4.3 | B18: =VLOOKUP('PLANILHA ORÇAMENTÁRIA'!B21,'Sinapi 05-24 Setop 01-2024'!A:C,2,) -> LASTRO DE CONCRETO MAGRO, APLICADO EM PISOS, LAJES SOBRE SOLO OU RADIERS, ESPESSURA DE 5 CM. AF_01/2024 | C18: =VLOOKUP('PLANILHA ORÇAMENTÁRIA'!B21,'Sinapi 05-24 Setop 01-2024'!A:C,3,) -> M2 | D18: =(23.5+16.85+4.4+12.87+19.19+40.3+40.3+50.03+10+16.8)*0.2+(0.4*0.4)*14 -> 49.088 | E18: (23,50 + 16,85 + 4,40 + 12,87 + 19,19 + 40,30 + 40,30 + 10,00 + 16,80) x 0,20 + (0,40 x 0,40) x 14,00 = 49,09 m²
A19: 4.4 | B19: =VLOOKUP('PLANILHA ORÇAMENTÁRIA'!B22,'Sinapi 05-24 Setop 01-2024'!A:C,2,) -> ALVENARIA DE BLOCO DE CONCRETO CHEIO COM ARMAÇÃO, EM CONCRETO COM FCK 15MPA , ESP. 19CM, PARA REVESTIMENTO, INCLUSIVE ARGAMASSA PARA ASSENTAMENTO (DETALHE D - CADERNO SEDS) | C19: =VLOOKUP('PLANILHA ORÇAMENTÁRIA'!B22,'Sinapi 05-24 Setop 01-2024'!A:C,3,) -> m2 | D19: =(23.5+16.85+4.4+12.87+19.19+40.3+40.3+50.03+10+16.8)*0.2+(0.4*0.4)*14 -> 49.088 | E19: (16,85 + 19,90) x 1,60 + (12,87 x 2,80)
A20: 4.5 | B20: =VLOOKUP('PLANILHA ORÇAMENTÁRIA'!B23,'Sinapi 05-24 Setop 01-2024'!A:C,2,) -> ALVENARIA DE BLOCO DE CONCRETO CHEIO SEM ARMAÇÃO, EM CONCRETO COM FCK DE 20MPA , ESP. 19CM, PARA REVESTIMENTO, INCLUSIVE ARGAMASSA PARA ASSENTAMENTO (DETALHE D - CADERNO SEDS) | C20: =VLOOKUP('PLANILHA ORÇAMENTÁRIA'!B23,'Sinapi 05-24 Setop 01-2024'!A:C,3,) -> m2 | D20: =(40.3+43.5+2.5+3)*0.8 -> 71.44 | E20: (40,30 + 43,50 + 2,50 + 3,00) x 0,60 = 71,44 m²
A21: 4.6 | B21: =VLOOKUP('PLANILHA ORÇAMENTÁRIA'!B24,'Sinapi 05-24 Setop 01-2024'!A:C,2,) -> FÔRMA E DESFORMA PARA PILAR DE MADEIRA COM TÁBUA E SARRAFO, REAPROVEITAMENTO (3X), EXCLUSIVE ESCORAMENTO | C21: =VLOOKUP('PLANILHA ORÇAMENTÁRIA'!B24,'Sinapi 05-24 Setop 01-2024'!A:C,3,) -> m2 | D21: =(0.2*2)*4*4+(16.8*0.2)*3+(2.3*3.8) -> 25.22 | E21: (0,20 X 2,00) X 4,00 x 4,00 + (16,80 x 0,20) x 3,00 + (2,30 X 3,80) (formas dos pilares ,cintas e laje)
A22: 4.7 | B22: =VLOOKUP('PLANILHA ORÇAMENTÁRIA'!B25,'Sinapi 05-24 Setop 01-2024'!A:C,2,) -> CONCRETO ESTRUTURAL, PREPARADO EM OBRA COM BETONEIRA, CONTROLE "A", COM FCK 20MPA, BRITA Nº (1 E 2), CONSISTÊNCIA PARA VIBRAÇÃO (FABRICAÇÃO) | C22: =VLOOKUP('PLANILHA ORÇAMENTÁRIA'!B25,'Sinapi 05-24 Setop 01-2024'!A:C,3,) -> m3 | D22: =(0.4*0.4*1)*4+(0.2*0.2*2)*2+(0.2*0.2*33.8)+(0.4*0.4*2)*4+(12.87*1.6*0.1)+(2.3*3.8*0.1) -> 6.3652 | E22: (0,40 x 0,40 x 1,00) X 4,00 + (0,20 x 0,20 x 2,00) x 4 + (0,20 x 0,20 x 33,80) + (0,40 x 0,40 x 2,00) x 4,00 + (12,87 x 1,60 x 0,10) + (2,30 x 3,80 x 0,10) = 6,37 m³
A23: 4.8 | B23: =VLOOKUP('PLANILHA ORÇAMENTÁRIA'!B26,'Sinapi 05-24 Setop 01-2024'!A:C,2,) -> ARMAÇÃO DE PILAR OU VIGA DE ESTRUTURA CONVENCIONAL DE CONCRETO ARMADO UTILIZANDO AÇO CA-50 DE 8,0 MM - MONTAGEM. AF_06/2022 | C23: =VLOOKUP('PLANILHA ORÇAMENTÁRIA'!B26,'Sinapi 05-24 Setop 01-2024'!A:C,3,) -> KG | D23: =((0.4*0.4*1)*4+(0.2*0.2*2)*2+(0.2*0.2*33.8)*2)*80 -> 280.32 | E23: (0,40 x 0,40 x 1,00) X 4,00 + (0,20 x 0,20 x 2,00) x 4 + (0,20 x 0,20 x 33,80) + (0,40 x 0,40 x 2,00) x 4,00 + (12,87 x 1,60 x 0,10) + (2,30 x 3,80 x 0,10) = 6,37m³ x 80,00 = 280,32
A24: 4.9 | B24: =VLOOKUP('PLANILHA ORÇAMENTÁRIA'!B27,'Sinapi 05-24 Setop 01-2024'!A:C,2,) -> CORTE E DOBRA DE AÇO CA-50, DIÂMETRO DE 8,0 MM. AF_06/2022 | C24: =VLOOKUP('PLANILHA ORÇAMENTÁRIA'!B27,'Sinapi 05-24 Setop 01-2024'!A:C,3,) -> KG | D24: =((0.4*0.4*1)*4+(0.2*0.2*2)*2+(0.2*0.2*33.8)*2)*80 -> 280.32 | E24: (0,40 x 0,40 x 1,00) X 4,00 + (0,20 x 0,20 x 2,00) x 4 + (0,20 x 0,20 x 33,80) + (0,40 x 0,40 x 2,00) x 4,00 + (12,87 x 1,60 x 0,10) + (2,30 x 3,80 x 0,10) = 6,37m³ x 80,00 = 280,32
A25: 4.10 | B25: =VLOOKUP('PLANILHA ORÇAMENTÁRIA'!B28,'Sinapi 05-24 Setop 01-2024'!A:C,2,) -> TRANSPORTE DE MATERIAL DE QUALQUER NATUREZA EM CAMINHÃO, DISTÂNCIA MAIOR QUE 1KM E MENOR OU IGUAL A 2KM, DENTRO DO PERÍMETRO URBANO, EXCLUSIVE CARGA, INCLUSIVE DESCARGA | C25: =VLOOKUP('PLANILHA ORÇAMENTÁRIA'!B28,'Sinapi 05-24 Setop 01-2024'!A:C,3,) -> M3xKM | D25: =16.03*5 -> 80.15 | E25: 16,03 x 5,00
A26: 5 | B26: ESTRUTURA
A27: 5.1 | B27: =VLOOKUP('PLANILHA ORÇAMENTÁRIA'!B30,'Sinapi 05-24 Setop 01-2024'!A:C,2,) -> ESCORAMENTO METÁLICO PARA LAJE E VIGA EM CONCRETO ARMADO, TIPO "A", ALTURA DE (200 ATÉ 310)CM, INCLUSIVE DESCARGA, MONTAGEM, DESMONTAGEM E CARGA | C27: =VLOOKUP('PLANILHA ORÇAMENTÁRIA'!B30,'Sinapi 05-24 Setop 01-2024'!A:C,3,) -> m2xmês | D27: =(3.8*2.3)*1 -> 8.74 | E27: (3,80 X 2,30) X 2 X 1,00
A28: 5.2 | B28: =VLOOKUP('PLANILHA ORÇAMENTÁRIA'!B31,'Sinapi 05-24 Setop 01-2024'!A:C,2,) -> FÔRMA E DESFORMA PARA PILAR DE MADEIRA COM TÁBUA E SARRAFO, REAPROVEITAMENTO (3X), EXCLUSIVE ESCORAMENTO | C28: =VLOOKUP('PLANILHA ORÇAMENTÁRIA'!B31,'Sinapi 05-24 Setop 01-2024'!A:C,3,) -> m2 | D28: =(3.7*0.2)*2*4+(16.8*0.2)*2+(2.3*3.8) -> 21.38 | E28: (3,70 X 0,20) X 2,00 X 4,00 + (16,80 X0,20) X 2,00 + (2,30 x 3,80) = 21,38 M² (pilares, vigas e lajes)
A29: 5.3 | B29: =VLOOKUP('PLANILHA ORÇAMENTÁRIA'!B32,'Sinapi 05-24 Setop 01-2024'!A:C,2,) -> CONCRETO ESTRUTURAL, PREPARADO EM OBRA COM BETONEIRA, CONTROLE "A", COM FCK 20MPA, BRITA Nº (1 E 2), CONSISTÊNCIA PARA VIBRAÇÃO (FABRICAÇÃO) | C29: =VLOOKUP('PLANILHA ORÇAMENTÁRIA'!B32,'Sinapi 05-24 Setop 01-2024'!A:C,3,) -> m3 | D29: =(0.2*0.2)*3.7*4+(16.8*0.2*0.2)*2+(2.3*3.8*0.1) -> 2.81 | E29: (0,20 x 0,20 )x 3,70 X 4,00 + (16,80 X 0,20 X 0,20) X 2,00 + (2,30 x 3,80 x 0,10) =2,81m³
A30: 5.4 | B30: =VLOOKUP('PLANILHA ORÇAMENTÁRIA'!B33,'Sinapi 05-24 Setop 01-2024'!A:C,2,) -> ARMAÇÃO DE LAJE DE ESTRUTURA CONVENCIONAL DE CONCRETO ARMADO UTILIZANDO AÇO CA-50 DE 6,3 MM - MONTAGEM. AF_06/2022 | C30: =VLOOKUP('PLANILHA ORÇAMENTÁRIA'!B33,'Sinapi 05-24 Setop 01-2024'!A:C,3,) -> KG | D30: =(3.8*2.3*0.1)*60 -> 52.44 | E30: (2,30 x 3,80 x 0,10) x 60,00
A31: 5.5 | B31: =VLOOKUP('PLANILHA ORÇAMENTÁRIA'!B34,'Sinapi 05-24 Setop 01-2024'!A:C,2,) -> ARMAÇÃO DE PILAR OU VIGA DE ESTRUTURA CONVENCIONAL DE CONCRETO ARMADO UTILIZANDO AÇO CA-50 DE 8,0 MM - MONTAGEM. AF_06/2022 | C31: =VLOOKUP('PLANILHA ORÇAMENTÁRIA'!B34,'Sinapi 05-24 Setop 01-2024'!A:C,3,) -> KG | D31: =(0.2*0.2*3.7)*4+(16.8*0.2*0.2)*2*80 -> 108.112 | E31: (0,20 x 0,20 )x 3,70 X 4,00 + (16,80 X 0,20 X 0,20) X 2,00 =1,94m³ x 80,00
A32: 5.6 | B32: =VLOOKUP('PLANILHA ORÇAMENTÁRIA'!B35,'Sinapi 05-24 Setop 01-2024'!A:C,2,) -> CORTE, DOBRA E MONTAGEM DE AÇO CA-50, DIÂMETRO 8MM, INCLUSIVE ESPAÇADOR | C32: =VLOOKUP('PLANILHA ORÇAMENTÁRIA'!B35,'Sinapi 05-24 Setop 01-2024'!A:C,3,) -> Kg | D32: =(0.2*0.2*3.7)*4+(16.8*0.2*0.2)*2*80 -> 108.112 | E32: (0,20 x 0,20 )x 3,70 X 4,00 + (16,80 X 0,20 X 0,20) X 2,00 =1,94m³ x 80,01
A33: 5.7 | B33: =VLOOKUP('PLANILHA ORÇAMENTÁRIA'!B36,'Sinapi 05-24 Setop 01-2024'!A:C,2,) -> CORTE, DOBRA E MONTAGEM DE AÇO CA-50, DIÂMETRO 6,3MM, INCLUSIVE ESPAÇADOR | C33: =VLOOKUP('PLANILHA ORÇAMENTÁRIA'!B36,'Sinapi 05-24 Setop 01-2024'!A:C,3,) -> Kg | D33: =(3.8*2.3*0.1)*60 -> 52.44 | E33: (2,30 x 3,80 x 0,10) x 60,00
A34: 6 | B34: ALVENARIA
A35: 6.1 | B35: =VLOOKUP('PLANILHA ORÇAMENTÁRIA'!B38,'Sinapi 05-24 Setop 01-2024'!A:C,2,) -> ALVENARIA DE VEDAÇÃO DE BLOCOS CERÂMICOS FURADOS NA HORIZONTAL DE 11,5X19X19 CM (ESPESSURA 11,5 CM) E ARGAMASSA DE ASSENTAMENTO COM PREPARO EM BETONEIRA. AF_12/2021 | C35: =VLOOKUP('PLANILHA ORÇAMENTÁRIA'!B38,'Sinapi 05-24 Setop 01-2024'!A:C,3,) -> M2 | D35: =(16.8*3)+(12.2*1)+(12.87*0.8) -> 72.896 | E35: (16,80 x 3,00) + ( 12,20 x 1,00) + (12,87 x 0,80)
A36: 7 | B36: REVESTIMENTOS
A37: 7.1 | B37: CHAPISCO
A38: 7.1.1 | B38: ='PLANILHA ORÇAMENTÁRIA'!C41 -> CHAPISCO APLICADO EM ALVENARIA (SEM PRESENÇA DE VÃOS) E ESTRUTURAS DE CONCRETO DE FACHADA, COM COLHER DE PEDREIRO. ARGAMASSA TRAÇO 1:3 COM PREPARO MANUAL. AF_10/2022 | C38: ='PLANILHA ORÇAMENTÁRIA'!D41 -> M2 | D38: 177.6 | E38: (16,80 x 3,00) x 2,00 + ( 12,20 x 1,00) x 2,00 + (12,87 x 0,80) + (16,85 + 19,19) x 0,80
A39: 7.2 | B39: REBOCO
A40: 7.2.1 | B40: ='PLANILHA ORÇAMENTÁRIA'!C43 -> EMBOÇO, EM ARGAMASSA TRAÇO 1:2:8, PREPARO MANUAL, APLICADO MANUALMENTE EM PAREDES INTERNAS DE AMBIENTES COM ÁREA MENOR QUE 5M², E = 17,5MM, COM TALISCAS. AF_03/2024 | C40: ='PLANILHA ORÇAMENTÁRIA'!D43 -> M2 | D40: =(3.5*2.6)*2+(2*2.6)*6 -> 49.4 | E40: (3,50 x 2,60) x 2,00 + (2,00 x 2,60) x 6,00
A41: 7.2.2 | B41: ='PLANILHA ORÇAMENTÁRIA'!C44 -> REBOCO COM ARGAMASSA, TRAÇO 1:2:8 (CIMENTO, CAL E AREIA), ESP. 20MM, APLICAÇÃO MANUAL, INCLUSIVE ARGAMASSA COM PREPARO MECANIZADO, EXCLUSIVE CHAPISCO | C41: ='PLANILHA ORÇAMENTÁRIA'!D44 -> m2 | D41: =(16.8*4)+(0.7*18.8)+(16.85+19.19)*0.8+(2.3*3.8) -> 117.932 | E41: (16,80 x 4,00) +(0,70 x 18,80) + (16,85 + 19,19) x 0,80 + (12,87 x 1,20) + (2,30 x 3,80)
A42: 7.2.3 | B42: ='PLANILHA ORÇAMENTÁRIA'!C45 -> REVESTIMENTO CERÂMICO PARA PAREDES INTERNAS COM PLACAS TIPO ESMALTADA EXTRA DE DIMENSÕES 25X35 CM APLICADAS NA ALTURA INTEIRA DAS PAREDES. AF_02/2023_PE | C42: ='PLANILHA ORÇAMENTÁRIA'!D45 -> M2 | D42: =(3.5*2.6)*2+(2*2.6)*6 -> 49.4 | E42: (3,50 x 2,60) x 2,00 + (2,00 x 2,60) x 6,00
A43: 8 | B43: COBERTURA
A44: 8.1 | B44: =VLOOKUP('PLANILHA ORÇAMENTÁRIA'!B47,'Sinapi 05-24 Setop 01-2024'!A:C,2,) -> TRAMA DE MADEIRA COMPOSTA POR RIPAS, CAIBROS E TERÇAS PARA TELHADOS DE ATÉ 2 ÁGUAS PARA TELHA CERÂMICA CAPA-CANAL, INCLUSO TRANSPORTE VERTICAL. AF_07/2019 | C44: =VLOOKUP('PLANILHA ORÇAMENTÁRIA'!B47,'Sinapi 05-24 Setop 01-2024'!A:C,3,) -> M2 | D44: =3.5*2 -> 7 | E44: (3,50 x 2,00) = 7,00 m² (considerando a inclinação de 30%)
A45: 8.2 | B45: =VLOOKUP('PLANILHA ORÇAMENTÁRIA'!B48,'Sinapi 05-24 Setop 01-2024'!A:C,2,) -> COBERTURA EM TELHA METÁLICA GALVANIZADA TRAPEZOIDAL, TIPO SIMPLES, ESP. 0,50MM, ACABAMENTO NATURAL, INCLUSIVE ACESSÓRIOS PARA FIXAÇÃO, FORNECIMENTO E INSTALAÇÃO | C45: =VLOOKUP('PLANILHA ORÇAMENTÁRIA'!B48,'Sinapi 05-24 Setop 01-2024'!A:C,3,) -> m2 | D45: =3.5*2 -> 7 | E45: (3,50 x 2,00) = 7,00 m² (considerando a inclinação de 30%)
A46: 9 | B46: CALHAS
A47: 9.1 | B47: =VLOOKUP('PLANILHA ORÇAMENTÁRIA'!B50,'Sinapi 05-24 Setop 01-2024'!A:C,2,) -> CALHA EM CHAPA GALVANIZADA, ESP. 0,65MM (GSG-24), COM DESENVOLVIMENTO DE 33CM, INCLUSIVE IÇAMENTO MANUAL VERTICAL | C47: =VLOOKUP('PLANILHA ORÇAMENTÁRIA'!B50,'Sinapi 05-24 Setop 01-2024'!A:C,3,) -> m | D47: 3.5 | E47: 3.5
A48: 9.2 | B48: =VLOOKUP('PLANILHA ORÇAMENTÁRIA'!B51,'Sinapi 05-24 Setop 01-2024'!A:C,2,) -> TUBO PVC, SÉRIE R, ÁGUA PLUVIAL, DN 75 MM, FORNECIDO E INSTALADO EM RAMAL DE ENCAMINHAMENTO. AF_06/2022 | C48: =VLOOKUP('PLANILHA ORÇAMENTÁRIA'!B51,'Sinapi 05-24 Setop 01-2024'!A:C,3,) -> M | D48: 4 | E48: 4
A49: 9.3 | B49: =VLOOKUP('PLANILHA ORÇAMENTÁRIA'!B52,'Sinapi 05-24 Setop 01-2024'!A:C,2,) -> JOELHO, PVC SOLDAVEL, 90 GRAUS, 75 MM, COR MARROM, PARA AGUA FRIA PREDIAL | C49: =VLOOKUP('PLANILHA ORÇAMENTÁRIA'!B52,'Sinapi 05-24 Setop 01-2024'!A:C,3,) -> UN | D49: 3 | E49: 3
A50: 9.4 | B50: =VLOOKUP('PLANILHA ORÇAMENTÁRIA'!B53,'Sinapi 05-24 Setop 01-2024'!A:C,2,) -> RALO HEMISFÉRICO, TIPO ABACAXI, DIÂMETRO DE 75MM, EXCLUSIVE CONDUTOR DE ÁGUA PLUVIAL | C50: =VLOOKUP('PLANILHA ORÇAMENTÁRIA'!B53,'Sinapi 05-24 Setop 01-2024'!A:C,3,) -> un | D50: 1 | E50: 1
A51: 10 | B51: VIDRO
A52: 10.1 | B52: =VLOOKUP('PLANILHA ORÇAMENTÁRIA'!B55,'Sinapi 05-24 Setop 01-2024'!A:C,2,) -> VIDRO LISO INCOLOR 4MM - SEM COLOCACAO | C52: =VLOOKUP('PLANILHA ORÇAMENTÁRIA'!B55,'Sinapi 05-24 Setop 01-2024'!A:C,3,) -> M2 | D52: 0.72 | E52: (0,60x 0,60)x2= 0,72 m²
A53: 10.2 | B53: =VLOOKUP('PLANILHA ORÇAMENTÁRIA'!B56,'Sinapi 05-24 Setop 01-2024'!A:C,2,) -> MASSA PARA VIDRO | C53: =VLOOKUP('PLANILHA ORÇAMENTÁRIA'!B56,'Sinapi 05-24 Setop 01-2024'!A:C,3,) -> KG | D53: 2 | E53: 2 kg por m²
A54: 10.3 | B54: =VLOOKUP('PLANILHA ORÇAMENTÁRIA'!B57,'Sinapi 05-24 Setop 01-2024'!A:C,2,) -> SERVENTE COM ENCARGOS COMPLEMENTARES | C54: =VLOOKUP('PLANILHA ORÇAMENTÁRIA'!B57,'Sinapi 05-24 Setop 01-2024'!A:C,3,) -> hora | D54: 8 | E54: 01 dia trabalho
A55: 11. | B55: PISO
A56: 11.1 | B56: =VLOOKUP('PLANILHA ORÇAMENTÁRIA'!B59,'Sinapi 05-24 Setop 01-2024'!A:C,2,) -> CONCRETO FCK = 15MPA, TRAÇO 1:3,4:3,4 (EM MASSA SECA DE CIMENTO/ AREIA MÉDIA/ SEIXO ROLADO) - PREPARO MECÂNICO COM BETONEIRA 400 L. AF_05/2021 | C56: =VLOOKUP('PLANILHA ORÇAMENTÁRIA'!B59,'Sinapi 05-24 Setop 01-2024'!A:C,3,) -> M3 | D56: =(2.3*3.8)*0.1+(1*16.2)*0.1 -> 2.494 | E56: (2,30 x 3,80) x 0,10 + (1,00 x 16,20) x 0,10
A57: 11.2 | B57: =VLOOKUP('PLANILHA ORÇAMENTÁRIA'!B60,'Sinapi 05-24 Setop 01-2024'!A:C,2,) -> CONTRAPISO DESEMPENADO COM ARGAMASSA, TRAÇO 1:3 (CIMENTO E AREIA), ESP. 50MM | C57: =VLOOKUP('PLANILHA ORÇAMENTÁRIA'!B60,'Sinapi 05-24 Setop 01-2024'!A:C,3,) -> m2 | D57: =(2.3*3.8) -> 8.74 | E57: (2,30 x 3,80)
A58: 11.3 | B58: =VLOOKUP('PLANILHA ORÇAMENTÁRIA'!B61,'Sinapi 05-24 Setop 01-2024'!A:C,2,) -> REVESTIMENTO COM CERÂMICA APLICADO EM PISO, ACABAMENTO ESMALTADO, AMBIENTE INTERNO, PADRÃO EXTRA, DIMENSÃO DA PEÇA ATÉ 2025 CM2, PEI V, ASSENTAMENTO COM ARGAMASSA INDUSTRIALIZADA, INCLUSIVE REJUNTAMENTO | C58: =VLOOKUP('PLANILHA ORÇAMENTÁRIA'!B61,'Sinapi 05-24 Setop 01-2024'!A:C,3,) -> m2 | D58: =(2.3*3.8) -> 8.74 | E58: (2,30 x 3,80)
A59: 12 | B59: PINTURA
A60: 12.1 | B60: =VLOOKUP('PLANILHA ORÇAMENTÁRIA'!B63,'Sinapi 05-24 Setop 01-2024'!A:C,2,) -> PREPARAÇÃO PARA EMASSAMENTO OU PINTURA (LÁTEX/ACRÍLICA) EM PAREDE, INCLUSIVE UMA (1) DEMÃO DE SELADOR ACRÍLICO | C60: =VLOOKUP('PLANILHA ORÇAMENTÁRIA'!B63,'Sinapi 05-24 Setop 01-2024'!A:C,3,) -> m2 | D60: =(16.8*4)+(0.7*18.8)+(16.85+19.19)*0.8+(2.3*3.8) -> 117.932 | E60: (16,80 x 4,00) +(0,70 x 18,80) + (16,85 + 19,19) x 0,80 + (12,87 x 1,20) + (2,30 x 3,80)
A61: 12.2 | B61: =VLOOKUP('PLANILHA ORÇAMENTÁRIA'!B64,'Sinapi 05-24 Setop 01-2024'!A:C,2,) -> PINTURA ACRÍLICA EM PAREDE, DUAS (2) DEMÃOS, EXCLUSIVE SELADOR ACRÍLICO E MASSA ACRÍLICA/CORRIDA (PVA) | C61: =VLOOKUP('PLANILHA ORÇAMENTÁRIA'!B64,'Sinapi 05-24 Setop 01-2024'!A:C,3,) -> m2 | D61: =(16.8*4)+(0.7*18.8)+(16.85+19.19)*0.8+(2.3*3.8) -> 117.932 | E61: (16,80 x 4,00) +(0,70 x 18,80) + (16,85 + 19,19) x 0,80 + (2,30 x 3,80)
A62: 12.3 | B62: =VLOOKUP('PLANILHA ORÇAMENTÁRIA'!B65,'Sinapi 05-24 Setop 01-2024'!A:C,2,) -> PINTURA ESMALTE EM ESQUADRIAS DE FERRO, DUAS (2) DEMÃOS, INCLUSIVE UMA (1) DEMÃO DE FUNDO ANTICORROSIVO | C62: =VLOOKUP('PLANILHA ORÇAMENTÁRIA'!B65,'Sinapi 05-24 Setop 01-2024'!A:C,3,) -> m2 | D62: =(0.72+4.62+2.94)*2+(4*0.2)*16+(6*0.2)*11 -> 42.56 | E62: (0,72 + 4,62 + 2,94) x 2,00 + (4,00 x 0,20) x 16,00 + (6,00 x 0,20) x 11,00 (pintura de janelas, portão, portas e postes do alambrado)
A63: 12.4 | B63: =VLOOKUP('PLANILHA ORÇAMENTÁRIA'!B66,'Sinapi 05-24 Setop 01-2024'!A:C,2,) -> PINTURA DE PISO COM TINTA EPÓXI, APLICAÇÃO MANUAL, 2 DEMÃOS, INCLUSO PRIMER EPÓXI. AF_05/2021 | C63: =VLOOKUP('PLANILHA ORÇAMENTÁRIA'!B66,'Sinapi 05-24 Setop 01-2024'!A:C,3,) -> M2 | D63: =(12.87*2.4)+(16.85+19.19)*0.8 -> 59.72 | E63: (12,87 x 2,40) + (16,85 + 19,19) x 0,80
A64: 12.5 | B64: =VLOOKUP('PLANILHA ORÇAMENTÁRIA'!B67,'Sinapi 05-24 Setop 01-2024'!A:C,2,) -> LIXAMENTO MANUAL EM SUPERFÍCIES METÁLICAS EM OBRA. AF_01/2020 | C64: =VLOOKUP('PLANILHA ORÇAMENTÁRIA'!B67,'Sinapi 05-24 Setop 01-2024'!A:C,3,) -> M2 | D64: =(0.72+4.62+2.94)*2+(4*0.2)*16+(6*0.2)*11 -> 42.56 | E64: (0,72 + 4,62 + 2,94) x 2,00 + (4,00 x 0,20) x 16,00 + (6,00 x 0,20) x 11,00 (pintura de janelas, portão, portas e postes do alambrado)
A65: 13 | B65: INSTALAÇÕES ELÉTRICAS
A66: 13.1 | B66: =VLOOKUP('PLANILHA ORÇAMENTÁRIA'!B69,'Sinapi 05-24 Setop 01-2024'!A:C,2,) -> ENTRADA DE ENERGIA AÉREA, TIPO C1, PADRÃO CEMIG, CARGA INSTALADA DE ATÉ 15KVA, TRIFÁSICO, COM SAÍDA SUBTERRÂNEA, INCLUSIVE POSTE, CAIXA PARA MEDIDOR, DISJUNTOR, BARRAMENTO, ATERRAMENTO E ACESSÓRIOS | C66: =VLOOKUP('PLANILHA ORÇAMENTÁRIA'!B69,'Sinapi 05-24 Setop 01-2024'!A:C,3,) -> un | D66: 1
A67: 13.2 | B67: =VLOOKUP('PLANILHA ORÇAMENTÁRIA'!B70,'Sinapi 05-24 Setop 01-2024'!A:C,2,) -> CABO DE COBRE FLEXÍVEL ISOLADO, 16 MM², ANTI-CHAMA 450/750 V, PARA DISTRIBUIÇÃO - FORNECIMENTO E INSTALAÇÃO. AF_10/2020 | C67: =VLOOKUP('PLANILHA ORÇAMENTÁRIA'!B70,'Sinapi 05-24 Setop 01-2024'!A:C,3,) -> M | D67: 40
A68: 13.3 | B68: =VLOOKUP('PLANILHA ORÇAMENTÁRIA'!B71,'Sinapi 05-24 Setop 01-2024'!A:C,2,) -> CAIXA OCTOGONAL 4" X 4", METÁLICA, INSTALADA EM LAJE - FORNECIMENTO E INSTALAÇÃO. AF_03/2023 | C68: =VLOOKUP('PLANILHA ORÇAMENTÁRIA'!B71,'Sinapi 05-24 Setop 01-2024'!A:C,3,) -> UN | D68: 3
A69: 13.4 | B69: =VLOOKUP('PLANILHA ORÇAMENTÁRIA'!B72,'Sinapi 05-24 Setop 01-2024'!A:C,2,) -> PONTO DE EMBUTIR PARA UM (1) INTERRUPTOR SIMPLES (10A-250V), COM PLACA 4"X2" DE UM (1) POSTO, COM ELETRODUTO FLEXÍVEL CORRUGADO, ANTI-CHAMA, DN 25MM (3/4"), EMBUTIDO NA ALVENARIA E CABO DE COBRE FLEXÍVEL, CLASSE 5, ISOLAMENTO TIPO LSHF/ATOX, NÃO HALOGENADO, SEÇÃO 1,5MM2 (70°C-450/750V), COM DISTÂNCIA DE ATÉ DEZ (10) METROS DO PONTO DE DERIVAÇÃO, INCLUSIVE CAIXA DE LIGAÇÃO, SUPORTE E FIXAÇÃO DO ELETRODUTO COM ENCHIMENTO DO RASGO NA ALVENARIA/CONCRETO COM ARGAMASSA | C69: =VLOOKUP('PLANILHA ORÇAMENTÁRIA'!B72,'Sinapi 05-24 Setop 01-2024'!A:C,3,) -> un | D69: 3
A70: 13.5 | B70: =VLOOKUP('PLANILHA ORÇAMENTÁRIA'!B73,'Sinapi 05-24 Setop 01-2024'!A:C,2,) -> DISJUNTOR MONOPOLAR TIPO DIN, CORRENTE NOMINAL DE 32A, FORNECIMENTO E INSTALAÇÃO, INCLUSIVE TERMINAL ILHÓS | C70: =VLOOKUP('PLANILHA ORÇAMENTÁRIA'!B73,'Sinapi 05-24 Setop 01-2024'!A:C,3,) -> un | D70: 2
A71: 13.6 | B71: =VLOOKUP('PLANILHA ORÇAMENTÁRIA'!B74,'Sinapi 05-24 Setop 01-2024'!A:C,2,) -> ELETRODUTO PVC FLEXIVEL CORRUGADO, REFORCADO, COR LARANJA, DE 25 MM, PARA LAJES E PISOS | C71: =VLOOKUP('PLANILHA ORÇAMENTÁRIA'!B74,'Sinapi 05-24 Setop 01-2024'!A:C,3,) -> M | D71: 20
A72: 13.7 | B72: =VLOOKUP('PLANILHA ORÇAMENTÁRIA'!B75,'Sinapi 05-24 Setop 01-2024'!A:C,2,) -> FIO DE COBRE, SOLIDO, CLASSE 1, ISOLACAO EM PVC/A, ANTICHAMA BWF-B, 450/750V, SECAO NOMINAL 2,5 MM2 | C72: =VLOOKUP('PLANILHA ORÇAMENTÁRIA'!B75,'Sinapi 05-24 Setop 01-2024'!A:C,3,) -> M | D72: 5
A73: 13.8 | B73: =VLOOKUP('PLANILHA ORÇAMENTÁRIA'!B76,'Sinapi 05-24 Setop 01-2024'!A:C,2,) -> LUMINÁRIA COMERCIAL CHANFRADA DE SOBREPOR COMPLETA, PARA UMA (1) LÂMPADA TUBULAR LED 1X18W-ØT8, TEMPERATURA DA COR 6500K, FORNECIMENTO E INSTALAÇÃO, INCLUSIVE BASE E LÂMPADA | C73: =VLOOKUP('PLANILHA ORÇAMENTÁRIA'!B76,'Sinapi 05-24 Setop 01-2024'!A:C,3,) -> un | D73: 3
A74: 13.9 | B74: =VLOOKUP('PLANILHA ORÇAMENTÁRIA'!B77,'Sinapi 05-24 Setop 01-2024'!A:C,2,) -> QUADRO DE DISTRIBUIÇÃO DE ENERGIA EM PVC, DE EMBUTIR, SEM BARRAMENTO, PARA 3 DISJUNTORES - FORNECIMENTO E INSTALAÇÃO. AF_10/2020 | C74: =VLOOKUP('PLANILHA ORÇAMENTÁRIA'!B77,'Sinapi 05-24 Setop 01-2024'!A:C,3,) -> UN | D74: 2 | E74: 1,00 (banheiros) + 1,00 (iluminação da campo)
A75: 13.10 | B75: =VLOOKUP('PLANILHA ORÇAMENTÁRIA'!B78,'Sinapi 05-24 Setop 01-2024'!A:C,2,) -> LUMINÁRIA REFLETORA PARA ILUMINAÇÃO PÚBLICA PARA LÂMPADA VAPOR DE MERCÚRIO, SÓDIO E METÁLICA, 2 PÉTALAS, POSTE DE AÇO GALVANIZADO COM 10 M DE ALTURA LIVRE (COMPLETA) | C75: =VLOOKUP('PLANILHA ORÇAMENTÁRIA'!B78,'Sinapi 05-24 Setop 01-2024'!A:C,3,) -> un | D75: 4 | E75: Iluminação do campo
A76: 13.11 | B76: =VLOOKUP('PLANILHA ORÇAMENTÁRIA'!B79,'Sinapi 05-24 Setop 01-2024'!A:C,2,) -> ELETRODUTO RÍGIDO ROSCÁVEL, PVC, DN 32 MM (1"), PARA CIRCUITOS TERMINAIS, INSTALADO EM PAREDE - FORNECIMENTO E INSTALAÇÃO. AF_03/2023 | C76: =VLOOKUP('PLANILHA ORÇAMENTÁRIA'!B79,'Sinapi 05-24 Setop 01-2024'!A:C,3,) -> M | D76: =(8*4)+(25*3) -> 107 | E76: (8,00 x 4,00) + (25,00 x 3)
A77: 13.12 | B77: =VLOOKUP('PLANILHA ORÇAMENTÁRIA'!B80,'Sinapi 05-24 Setop 01-2024'!A:C,2,) -> CURVA 180 GRAUS PARA ELETRODUTO, PVC, ROSCÁVEL, DN 32 MM (1"), PARA CIRCUITOS TERMINAIS, INSTALADA EM PAREDE - FORNECIMENTO E INSTALAÇÃO. AF_03/2023 | C77: =VLOOKUP('PLANILHA ORÇAMENTÁRIA'!B80,'Sinapi 05-24 Setop 01-2024'!A:C,3,) -> UN | D77: 12 | E77: 12
A78: 13.13 | B78: =VLOOKUP('PLANILHA ORÇAMENTÁRIA'!B81,'Sinapi 05-24 Setop 01-2024'!A:C,2,) -> CABO DE COBRE FLEXÍVEL ISOLADO, 2,5 MM², ANTI-CHAMA 450/750 V, PARA CIRCUITOS TERMINAIS - FORNECIMENTO E INSTALAÇÃO. AF_03/2023 | C78: =VLOOKUP('PLANILHA ORÇAMENTÁRIA'!B81,'Sinapi 05-24 Setop 01-2024'!A:C,3,) -> M | D78: 300 | E78: 300
A79: 14 | B79: INSTALAÇÕES HIDRÁULICAS
A80: 14.1 | B80: =VLOOKUP('PLANILHA ORÇAMENTÁRIA'!B83,'Sinapi 05-24 Setop 01-2024'!A:C,2,) -> CAIXA D´ÁGUA DE POLIETILENO, CAPACIDADE DE 500L, INCLUSIVE TAMPA, TORNEIRA DE BOIA, EXTRAVASOR, TUBO DE LIMPEZA E ACESSÓRIOS, EXCLUSIVE TUBULAÇÃO DE ENTRADA/SAÍDA DE ÁGUA | C80: =VLOOKUP('PLANILHA ORÇAMENTÁRIA'!B83,'Sinapi 05-24 Setop 01-2024'!A:C,3,) -> un | D80: 1 | E80: 1
A81: 14.2 | B81: =VLOOKUP('PLANILHA ORÇAMENTÁRIA'!B84,'Sinapi 05-24 Setop 01-2024'!A:C,2,) -> KIT CAVALETE PARA MEDIÇÃO DE ÁGUA - ENTRADA PRINCIPAL, EM PVC DN 20 MM (1/2") - FORNECIMENTO E INSTALAÇÃO (EXCLUSIVE HIDRÔMETRO). AF_03/2024 | C81: =VLOOKUP('PLANILHA ORÇAMENTÁRIA'!B84,'Sinapi 05-24 Setop 01-2024'!A:C,3,) -> UN | D81: 1 | E81: 1
A82: 14.3 | B82: =VLOOKUP('PLANILHA ORÇAMENTÁRIA'!B85,'Sinapi 05-24 Setop 01-2024'!A:C,2,) -> FORNECIMENTO E ASSENTAMENTO DE TUBO PVC RÍGIDO SOLDÁVEL, ÁGUA FRIA, DN 32 MM (1") , INCLUSIVE CONEXÕES | C82: =VLOOKUP('PLANILHA ORÇAMENTÁRIA'!B85,'Sinapi 05-24 Setop 01-2024'!A:C,3,) -> m | D82: 10 | E82: 10
A83: 14.4 | B83: =VLOOKUP('PLANILHA ORÇAMENTÁRIA'!B86,'Sinapi 05-24 Setop 01-2024'!A:C,2,) -> CONJUNTO DE PONTOS HIDRÁULICOS DE ÁGUA FRIA PARA BANHEIRO (RAMAL/SUB-RAMAL E DISTRIBUIÇÃO) EM PVC, COM TUBOS, CONEXÕES, REGISTROS, CORTES E FIXAÇÕES EM PRÉDIO (PRUMADA INDIVIDUAL), COM TUBULAÇÕES APARENTES OU EMBUTIDAS SEM RASGO. AF_05/2023_PA | C83: =VLOOKUP('PLANILHA ORÇAMENTÁRIA'!B86,'Sinapi 05-24 Setop 01-2024'!A:C,3,) -> UN | D83: 2 | E83: 2
A84: 14.5 | B84: =VLOOKUP('PLANILHA ORÇAMENTÁRIA'!B87,'Sinapi 05-24 Setop 01-2024'!A:C,2,) -> LAVATÓRIO LOUÇA BRANCA SUSPENSO, 29,5 X 39CM OU EQUIVALENTE, PADRÃO POPULAR, INCLUSO SIFÃO FLEXÍVEL EM PVC, VÁLVULA E ENGATE FLEXÍVEL 30CM EM PLÁSTICO E TORNEIRA CROMADA DE MESA, PADRÃO POPULAR - FORNECIMENTO E INSTALAÇÃO. AF_01/2020 | C84: =VLOOKUP('PLANILHA ORÇAMENTÁRIA'!B87,'Sinapi 05-24 Setop 01-2024'!A:C,3,) -> UN | D84: 2 | E84: 2
A85: 14.6 | B85: =VLOOKUP('PLANILHA ORÇAMENTÁRIA'!B88,'Sinapi 05-24 Setop 01-2024'!A:C,2,) -> BACIA SANITÁRIA (VASO) DE LOUÇA CONVENCIONAL, COR BRANCA, INCLUSIVE ACESSÓRIOS DE FIXAÇÃO/VEDAÇÃO, FORNECIMENTO, INSTALAÇÃO E REJUNTAMENTO, EXCLUSIVE VÁLVULA DE DESCARGA E TUBO DE LIGAÇÃO | C85: =VLOOKUP('PLANILHA ORÇAMENTÁRIA'!B88,'Sinapi 05-24 Setop 01-2024'!A:C,3,) -> un | D85: 2 | E85: 2
A86: 14.7 | B86: =VLOOKUP('PLANILHA ORÇAMENTÁRIA'!B89,'Sinapi 05-24 Setop 01-2024'!A:C,2,) -> CONJUNTO DE LIGACAO AJUSTAVEL, PARA VASO / BACIA SANITARIA, EM PLASTICO BRANCO, COM TUBO, CANOPLA E ESPUDE | C86: =VLOOKUP('PLANILHA ORÇAMENTÁRIA'!B89,'Sinapi 05-24 Setop 01-2024'!A:C,3,) -> UN | D86: 2 | E86: 2
A87: 14.8 | B87: =VLOOKUP('PLANILHA ORÇAMENTÁRIA'!B90,'Sinapi 05-24 Setop 01-2024'!A:C,2,) -> ASSENTO PARA VASO PNE (NBR 9050) | C87: =VLOOKUP('PLANILHA ORÇAMENTÁRIA'!B90,'Sinapi 05-24 Setop 01-2024'!A:C,3,) -> U | D87: 2 | E87: 2
A88: 14.9 | B88: =VLOOKUP('PLANILHA ORÇAMENTÁRIA'!B91,'Sinapi 05-24 Setop 01-2024'!A:C,2,) -> VALVULA DE DESCARGA METALICA, BASE 1 1/2" E ACABAMENTO METALICO CROMADO | C88: =VLOOKUP('PLANILHA ORÇAMENTÁRIA'!B91,'Sinapi 05-24 Setop 01-2024'!A:C,3,) -> UN | D88: 2 | E88: 2
A89: 14.10 | B89: =VLOOKUP('PLANILHA ORÇAMENTÁRIA'!B92,'Sinapi 05-24 Setop 01-2024'!A:C,2,) -> SABONETEIRA PLASTICA TIPO DISPENSER PARA SABONETE LIQUIDO COM RESERVATORIO 800 A 1500 ML | C89: =VLOOKUP('PLANILHA ORÇAMENTÁRIA'!B92,'Sinapi 05-24 Setop 01-2024'!A:C,3,) -> UN | D89: 2 | E89: 2
A90: 14.11 | B90: =VLOOKUP('PLANILHA ORÇAMENTÁRIA'!B93,'Sinapi 05-24 Setop 01-2024'!A:C,2,) -> PAPELEIRA PLASTICA TIPO DISPENSER PARA PAPEL HIGIENICO ROLAO | C90: =VLOOKUP('PLANILHA ORÇAMENTÁRIA'!B93,'Sinapi 05-24 Setop 01-2024'!A:C,3,) -> U | D90: 2 | E90: 2
A91: 14.12 | B91: =VLOOKUP('PLANILHA ORÇAMENTÁRIA'!B94,'Sinapi 05-24 Setop 01-2024'!A:C,2,) -> BEBEDOURO GEMINADO MG-F 80 INOX | C91: =VLOOKUP('PLANILHA ORÇAMENTÁRIA'!B94,'Sinapi 05-24 Setop 01-2024'!A:C,3,) -> U | D91: 1 | E91: 1
A92: 14.13 | B92: =VLOOKUP('PLANILHA ORÇAMENTÁRIA'!B95,'Sinapi 05-24 Setop 01-2024'!A:C,2,) -> CONJUNTO DE PONTOS HIDRÁULICOS DE ÁGUA FRIA PARA COZINHA (RAMAL/SUB-RAMAL E DISTRIBUIÇÃO) EM PVC, COM TUBOS, CONEXÕES, REGISTROS, CORTES E FIXAÇÕES EM PRÉDIO COM TUBULAÇÕES EMBUTIDAS COM RASGO. AF_05/2023 | C92: =VLOOKUP('PLANILHA ORÇAMENTÁRIA'!B95,'Sinapi 05-24 Setop 01-2024'!A:C,3,) -> UN | D92: 1 | E92: Instalação para o bebedouro.
A93: 14.14 | B93: =VLOOKUP('PLANILHA ORÇAMENTÁRIA'!B96,'Sinapi 05-24 Setop 01-2024'!A:C,2,) -> CAIXA ENTERRADA HIDRÁULICA RETANGULAR, EM ALVENARIA COM BLOCOS DE CONCRETO, DIMENSÕES INTERNAS: 0,6X0,6X0,6 M PARA REDE DE ESGOTO. AF_12/2020 | C93: =VLOOKUP('PLANILHA ORÇAMENTÁRIA'!B96,'Sinapi 05-24 Setop 01-2024'!A:C,3,) -> UN | D93: 2 | E93: 2
A94: 14.15 | B94: =VLOOKUP('PLANILHA ORÇAMENTÁRIA'!B97,'Sinapi 05-24 Setop 01-2024'!A:C,2,) -> CONJUNTO DE PONTOS DE COLETA DE ESGOTO PARA BANHEIRO (RAMAL DE ESGOTO SANITÁRIO), EM PVC SÉRIE NORMAL, COM TUBOS, CONEXÕES, RALOS, CAIXAS SIFONADAS, CORTES E FIXAÇÕES EM PRÉDIO COM PRUMADA DE DESCIDA DE ESGOTO FORA DO BANHEIRO. AF_05/2023_PA | C94: =VLOOKUP('PLANILHA ORÇAMENTÁRIA'!B97,'Sinapi 05-24 Setop 01-2024'!A:C,3,) -> UN | D94: 1 | E94: 1
A95: 14.16 | B95: =VLOOKUP('PLANILHA ORÇAMENTÁRIA'!B98,'Sinapi 05-24 Setop 01-2024'!A:C,2,) -> TUBO PVC, SERIE NORMAL, ESGOTO PREDIAL, DN 100 MM, FORNECIDO E INSTALADO EM RAMAL DE DESCARGA OU RAMAL DE ESGOTO SANITÁRIO. AF_08/2022 | C95: =VLOOKUP('PLANILHA ORÇAMENTÁRIA'!B98,'Sinapi 05-24 Setop 01-2024'!A:C,3,) -> M | D95: 10 | E95: 10
A96: 14.17 | B96: =VLOOKUP('PLANILHA ORÇAMENTÁRIA'!B99,'Sinapi 05-24 Setop 01-2024'!A:C,2,) -> TUBO PVC, SERIE R, DN 40 MM, PARA ESGOTO OU AGUAS PLUVIAIS PREDIAL (NBR 5688) | C96: =VLOOKUP('PLANILHA ORÇAMENTÁRIA'!B99,'Sinapi 05-24 Setop 01-2024'!A:C,3,) -> M | D96: 5 | E96: 5
A97: 14.18 | B97: =VLOOKUP('PLANILHA ORÇAMENTÁRIA'!B100,'Sinapi 05-24 Setop 01-2024'!A:C,2,) -> TUBO PVC, SERIE R, DN 50 MM, PARA ESGOTO OU AGUAS PLUVIAIS PREDIAL (NBR 5688) | C97: =VLOOKUP('PLANILHA ORÇAMENTÁRIA'!B100,'Sinapi 05-24 Setop 01-2024'!A:C,3,) -> M | D97: 5 | E97: 5
A98: 15 | B98: ESQUADRIAS
A99: 15.1 | B99: JANELA
A100: 15.1.1 | B100: =VLOOKUP('PLANILHA ORÇAMENTÁRIA'!B103,'Sinapi 05-24 Setop 01-2024'!A:C,2,) -> FORNECIMENTO DE JANELA BASCULANTE DE FERRO, INCLUSIVE ASSENTAMENTO, FERRAGENS E ACESSÓRIOS | C100: =VLOOKUP('PLANILHA ORÇAMENTÁRIA'!B103,'Sinapi 05-24 Setop 01-2024'!A:C,3,) -> m2 | D100: =0.6*0.6*2 -> 0.72 | E100: (0,60x 0,60)x2= 0,72 m²
A101: 15.2 | B101: PORTA
A102: 15.2.1 | B102: =VLOOKUP('PLANILHA ORÇAMENTÁRIA'!B105,'Sinapi 05-24 Setop 01-2024'!A:C,2,) -> PORTA METÁLICA, TIPO DE ABRIR, COM UMA (1) FOLHA, EM CHAPA GALVANIZADA LAMBRIL, MODELO QUADRADO, INCLUSIVE PINTURA ANTICORROSIVA A BASE DE ÓXIDO DE FERRO (ZARCÃO), UMA (1) DEMÃO, FORNECIMENTO E ASSENTAMENTO, EXCLUSIVE FECHADURA E DOBRADIÇA | C102: =VLOOKUP('PLANILHA ORÇAMENTÁRIA'!B105,'Sinapi 05-24 Setop 01-2024'!A:C,3,) -> m2 | D102: =(0.7*2.1)*2 -> 2.94 | E102: (0,70 x 2,10) x 2,00
...
